Workbook
Name CAPITALD: [1]POA!$J$2
Name CARGOSOLICITANTE: #REF!
Name DIRECCIONES: #REF!
Name FUNCIÓN: #REF!
Name irma: [2]DIRECCIONES!#REF!
Name PATRIMONIOD: [1]POA!$L$2
Name PRECIO: '[3]SUB APU'!$A$1:$D$65536
Name Print_Area: #N/A
Name prueba: #REF!
Name SUBA: '[4]SUB APU'!$A$1:$D$65536

Sheet EXP HABILITANTE
B1: Volver al Indice | D1: CONCURSO DE MÉRITOS No. 10827
D2: OBJETO: INTERVENTORÍA TÉCNICA, ADMINISTRATIVA, AMBIENTAL, FINANCIERA Y LEGAL PARA LA CONSERVACIÓN, MANTENIMIENTO Y REHABILITACIÓN DE LAS VÍAS A CARGO DEL DEPARTAMENTO DE ANTIOQUIA EN LAS SUBREGION ORIENTE
B3: NÚMERO DE CONTRATOS: 1 | G3: PESOS | H3: SMMLV-2020 | I3: REQUISITOS DE LA EXPERIENCIA QUE SE PRETENDE ACREDITAR PARA EL PROCESO
B4: PRESUPUESTO OFICIAL | G4: 784601462 | H4: =IFERROR(G4/H7,0) -> 893.82408
B5: PLAZO DEL CONTRATO EN MESES | G5: 6
B6: 2 | C6: (VALOR DEL PRESUPUESTO OFICIAL EN SMMLV / PLAZO DEL CONTRATO EN MESES) | G6: =IFERROR($B$6*($G$4/$G$5),"") -> 2.6153382e+08 | H6: =IFERROR($G$6/$H$7,0) -> 297.94136
B7: CODIGO UNSPSC | D7: 81101500 | G7: SMMLV-2020 | H7: 877803 | Q7: No. DE CONTRATOS A ACREDITAR EXPERIENCIA HABILITANTE (VER PLIEGO) | R7: 1 | S7: 1
B9: =1 -> 1 | C9: CONSORCIO HUPERNIKAO VIAL 827 | J9: =+IF(C9="","","INTEGRANTES") -> INTEGRANTES | K9: JET INGENIERIA SAS 75% - CTO INGENIERIA SAS 25% | N9: =+B9 -> 1 | O9: =+$O$9 -> OBSERVACIONES | Q9: =+$Q$9 -> ¿EL CONTRATO CUMPLE CON LOS REQUERIMIENTOS ADICIONALES DE EXPERIENCIA EN EL PLIEGO? (INSCRIPCIÓN EN RUP - CÓDIGO UNSPSC - VALOR EN RUP - % DE PARTICIPACIÓN) (SI / NO) | S9: =+$S$9 -> PROPONENTE HÁBIL/NO HÁBIL
B10: =+$B$10 -> ITEM | C10: =+$C$10 -> PROPONENTE / INTEGRANTE OFERENTE PLURAL | D10: =+$D$10 -> INFORMACIÓN DEL CONTRATO | H10: CONSECUTIVO RUP | I10: =+$I$10 -> ¿SE ENCUENTRA INSCRITO EN EL RUP Y CUMPLE CÓDIGOS UNSPSC? | J10: =+$J$10 -> VALOR EN RUP (SMMLV) | K10: =+$K$10 -> % PARTIC en el RUP | L10: =+$L$10 -> VALOR DEL CONTRATO TERMINADO (SMMLV) en el RUP | M10: =+$M$10 -> VALOR CERTIFICADO CONTRATO > VEH | N10: =+$N$10 -> VALIDACIÓN DE OBJETO Y/O ALCANCE (SI/NO) (INTERVENTORIA DE OBRA CIVIL) | S10: =+$S$10 -> 0
D11: =+$D$11 -> ENTIDAD | E11: =+$E$11 -> No. DE CONTRATO | F11: =+$F$11 -> OBJETO | G11: =+$G$11 -> CONTRATISTA
B12: 1 | C12: JET INGENIERIA SAS | D12: MUNICIPIO DE MONTERÍA | E12: 754 DE 2018 | F12: INTERVENTORÍA TÉCNICA, ADMINISTRATIVA, FINANCIERA, JURÍDICA Y AMBIENTAL A LA RECONSTRUCCIÓN DEL PAVIMENTO RÍGIDO, ANDENES Y ESPACIO PÚBLICO DE LA AVENIDA CIRCUNVALAR ENTRE LA CARRERA 5 Y CARRERA 14 DE LA CIUDAD DE MONTERÍA, CEPARTAMENTO DE CÓRDOBA | G12: CONSORCIO TRANSFORMAR VIAL 18-03 | H12: 42 | I12: SI | J12: 1290.77 | K12: 0.5 | L12: =IF(OR(H12="",I12<>"SI",I12="NO",J12="",J12=0,K12="",K12=0,Q12<>"SI",N12<>"SI"),0,J12*K12) -> 645.385 | M12: =+IF(C12<>"",IF(L12>=$H$6,"SI","NO"),"") -> SI | N12: SI | Q12: =+IF(C12="","",IF(AND(H12<>"",I12="SI",J12<>"",J12>0,K12<>"",K12>0),"SI","NO")) -> SI | S12: =+IF(C12<>"",IF(AND(M12="SI",N12="SI",Q12="SI"),"HÁBIL","NO HÁBIL"),"") -> HÁBIL
B13: 1 | C13: CTO INGENIERIA SAS | H13: 2 | I13: SI | J13: 1290.77 | K13: 0.5 | L13: =IF(OR(H13="",I13<>"SI",I13="NO",J13="",J13=0,K13="",K13=0,Q13<>"SI",N13<>"SI"),0,J13*K13) -> 645.385 | M13: =+IF(C13<>"",IF(L13>=$H$6,"SI","NO"),"") -> SI | N13: SI | Q13: =+IF(C13="","",IF(AND(H13<>"",I13="SI",J13<>"",J13>0,K13<>"",K13>0),"SI","NO")) -> SI | S13: =+IF(C13<>"",IF(AND(M13="SI",N13="SI",Q13="SI"),"HÁBIL","NO HÁBIL"),"") -> HÁBIL
L14: =IF(OR(H14="",I14<>"SI",I14="NO",J14="",J14=0,K14="",K14=0,Q14<>"SI",N14<>"SI"),0,J14*K14) -> 0 | M14: =+IF(C14<>"",IF(L14>=$H$6,"SI","NO"),"") | Q14: =+IF(C14="","",IF(AND(H14<>"",I14="SI",J14<>"",J14>0,K14<>"",K14>0),"SI","NO")) | S14: =+IF(C14<>"",IF(AND(M14="SI",N14="SI",Q14="SI"),"HÁBIL","NO HÁBIL"),"")
L15: =IF(OR(H15="",I15<>"SI",I15="NO",J15="",J15=0,K15="",K15=0,Q15<>"SI",N15<>"SI"),0,J15*K15) -> 0 | M15: =+IF(C15<>"",IF(L15>=$H$6,"SI","NO"),"") | Q15: =+IF(C15="","",IF(AND(H15<>"",I15="SI",J15<>"",J15>0,K15<>"",K15>0),"SI","NO")) | S15: =+IF(C15<>"",IF(AND(M15="SI",N15="SI",Q15="SI"),"HÁBIL","NO HÁBIL"),"")
A16: =+$B9 -> 1 | B16: ="A"&B9 -> A1 | C16: PROPONENTE HÁBIL / NO HÁBIL | I16: =IF(S12="","",IF(OR(S12="HÁBIL",S13="HÁBIL",S14="HÁBIL",S15="HÁBIL"),"HÁBIL","NO HÁBIL")) -> HÁBIL
B18: =1+B9 -> 2 | C18: CONSORCIO INTERANTIOQUIA | J18: =+IF(C18="","",$J$9) -> INTEGRANTES | K18: CPS INFRAESTRUCTURAS COLOMBIA SAS 50% - INGENIERIA DF SAS 50% | N18: =+B18 -> 2 | O18: =+$O$9 -> OBSERVACIONES | Q18: =+$Q$9 -> ¿EL CONTRATO CUMPLE CON LOS REQUERIMIENTOS ADICIONALES DE EXPERIENCIA EN EL PLIEGO? (INSCRIPCIÓN EN RUP - CÓDIGO UNSPSC - VALOR EN RUP - % DE PARTICIPACIÓN) (SI / NO) | S18: =+$S$9 -> PROPONENTE HÁBIL/NO HÁBIL
B19: =+$B$10 -> ITEM | C19: =+$C$10 -> PROPONENTE / INTEGRANTE OFERENTE PLURAL | D19: =+$D$10 -> INFORMACIÓN DEL CONTRATO | H19: =+H10 -> CONSECUTIVO RUP | I19: =+$I$10 -> ¿SE ENCUENTRA INSCRITO EN EL RUP Y CUMPLE CÓDIGOS UNSPSC? | J19: =+$J$10 -> VALOR EN RUP (SMMLV) | K19: =+$K$10 -> % PARTIC en el RUP | L19: =+$L$10 -> VALOR DEL CONTRATO TERMINADO (SMMLV) en el RUP | M19: =+$M$10 -> VALOR CERTIFICADO CONTRATO > VEH | N19: =+$N$10 -> VALIDACIÓN DE OBJETO Y/O ALCANCE (SI/NO) (INTERVENTORIA DE OBRA CIVIL) | S19: =+$S$10 -> 0
D20: =+$D$11 -> ENTIDAD | E20: =+$E$11 -> No. DE CONTRATO | F20: =+$F$11 -> OBJETO | G20: =+$G$11 -> CONTRATISTA
B21: 1 | C21: INGENIERIA DF SAS | D21: INSTITUTO DE DESARROLLO URBANO - IDU | E21: IDU-181 DE 2007 | F21: INTERVENTORIA TÉCNICA, ADMINISTRATIVA, FINANCIERA Y AMBIENTAL PARA LA CONSTRUCCIÓN DE ACCESOS A BARRIOS Y PAVIMENTOS LOCALES, PROGRAMA DE PAVIMENTOS LOCALES GRUPO 1: LOCALIDAD DE BOSA, CHAPINERO, KENNEDY Y SUBA DE BOGOTÁ DC | G21: DIEGO FONSECA CHAVEZ | H21: 20 | I21: SI | J21: 1582.07 | K21: 1 | L21: =IF(OR(H21="",I21<>"SI",I21="NO",J21="",J21=0,K21="",K21=0,Q21<>"SI",N21<>"SI"),0,J21*K21) -> 1582.07 | M21: =+IF(C21<>"",IF(L21>=$H$6,"SI","NO"),"") -> SI | N21: SI | Q21: =+IF(C21="","",IF(AND(H21<>"",I21="SI",J21<>"",J21>0,K21<>"",K21>0),"SI","NO")) -> SI | S21: =+IF(C21<>"",IF(AND(M21="SI",N21="SI",Q21="SI"),"HÁBIL","NO HÁBIL"),"") -> HÁBIL
L22: =IF(OR(H22="",I22<>"SI",I22="NO",J22="",J22=0,K22="",K22=0,Q22<>"SI",N22<>"SI"),0,J22*K22) -> 0 | M22: =+IF(C22<>"",IF(L22>=$H$6,"SI","NO"),"") | Q22: =+IF(C22="","",IF(AND(H22<>"",I22="SI",J22<>"",J22>0,K22<>"",K22>0),"SI","NO")) | S22: =+IF(C22<>"",IF(AND(M22="SI",N22="SI",Q22="SI"),"HÁBIL","NO HÁBIL"),"")
L23: =IF(OR(H23="",I23<>"SI",I23="NO",J23="",J23=0,K23="",K23=0,Q23<>"SI",N23<>"SI"),0,J23*K23) -> 0 | M23: =+IF(C23<>"",IF(L23>=$H$6,"SI","NO"),"") | Q23: =+IF(C23="","",IF(AND(H23<>"",I23="SI",J23<>"",J23>0,K23<>"",K23>0),"SI","NO")) | S23: =+IF(C23<>"",IF(AND(M23="SI",N23="SI",Q23="SI"),"HÁBIL","NO HÁBIL"),"")
L24: =IF(OR(H24="",I24<>"SI",I24="NO",J24="",J24=0,K24="",K24=0,Q24<>"SI",N24<>"SI"),0,J24*K24) -> 0 | M24: =+IF(C24<>"",IF(L24>=$H$6,"SI","NO"),"") | Q24: =+IF(C24="","",IF(AND(H24<>"",I24="SI",J24<>"",J24>0,K24<>"",K24>0),"SI","NO")) | S24: =+IF(C24<>"",IF(AND(M24="SI",N24="SI",Q24="SI"),"HÁBIL","NO HÁBIL"),"")
A25: =+$B18 -> 2 | B25: ="A"&B18 -> A2 | C25: =+$C$16 -> PROPONENTE HÁBIL / NO HÁBIL | I25: =IF(S21="","",IF(OR(S21="HÁBIL",S22="HÁBIL",S23="HÁBIL",S24="HÁBIL"),"HÁBIL","NO HÁBIL")) -> HÁBIL
B27: =1+B18 -> 3 | C27: CONSORCIO JE ORIENTE | J27: =+IF(C27="","",$J$9) -> INTEGRANTES | K27: ELSA MARIA RUEDA LANDINEZ INGENIERIA SAS 50% - AEROVIAS INGENIERIA SAS 50% | N27: =+B27 -> 3 | O27: =+$O$9 -> OBSERVACIONES | Q27: =+$Q$9 -> ¿EL CONTRATO CUMPLE CON LOS REQUERIMIENTOS ADICIONALES DE EXPERIENCIA EN EL PLIEGO? (INSCRIPCIÓN EN RUP - CÓDIGO UNSPSC - VALOR EN RUP - % DE PARTICIPACIÓN) (SI / NO) | S27: =+$S$9 -> PROPONENTE HÁBIL/NO HÁBIL
B28: =+$B$10 -> ITEM | C28: =+$C$10 -> PROPONENTE / INTEGRANTE OFERENTE PLURAL | D28: =+$D$10 -> INFORMACIÓN DEL CONTRATO | H28: =+H19 -> CONSECUTIVO RUP | I28: =+$I$10 -> ¿SE ENCUENTRA INSCRITO EN EL RUP Y CUMPLE CÓDIGOS UNSPSC? | J28: =+$J$10 -> VALOR EN RUP (SMMLV) | K28: =+$K$10 -> % PARTIC en el RUP | L28: =+$L$10 -> VALOR DEL CONTRATO TERMINADO (SMMLV) en el RUP | M28: =+$M$10 -> VALOR CERTIFICADO CONTRATO > VEH | N28: =+$N$10 -> VALIDACIÓN DE OBJETO Y/O ALCANCE (SI/NO) (INTERVENTORIA DE OBRA CIVIL) | S28: =+$S$10 -> 0
D29: =+$D$11 -> ENTIDAD | E29: =+$E$11 -> No. DE CONTRATO | F29: =+$F$11 -> OBJETO | G29: =+$G$11 -> CONTRATISTA
B30: 1 | C30: AEROVIAS INGENIERIA SAS | D30: GOBERNACION DE CASANARE | E30: 1067 de 2005 | F30: INTERVENTORIA AL MEJORAMIENTO Y PAVIMENTACION DE LA VIA QUE CONDUCE DE PAZ DE ARIPORO EN EL K16+900 HASTA EL K48+900, SECTOR LA CHAPA DEL MUNICIPIO DE PAZ DE ARIPORO. | G30: CONSORCIO MALLA VIAL | H30: 11 | I30: SI | J30: 2707.75 | K30: 0.8 | L30: =IF(OR(H30="",I30<>"SI",I30="NO",J30="",J30=0,K30="",K30=0,Q30<>"SI",N30<>"SI"),0,J30*K30) -> 2166.2 | M30: =+IF(C30<>"",IF(L30>=$H$6,"SI","NO"),"") -> SI | N30: SI | Q30: =+IF(C30="","",IF(AND(H30<>"",I30="SI",J30<>"",J30>0,K30<>"",K30>0),"SI","NO")) -> SI | S30: =+IF(C30<>"",IF(AND(M30="SI",N30="SI",Q30="SI"),"HÁBIL","NO HÁBIL"),"") -> HÁBIL
L31: =IF(OR(H31="",I31<>"SI",I31="NO",J31="",J31=0,K31="",K31=0,Q31<>"SI",N31<>"SI"),0,J31*K31) -> 0 | M31: =+IF(C31<>"",IF(L31>=$H$6,"SI","NO"),"") | Q31: =+IF(C31="","",IF(AND(H31<>"",I31="SI",J31<>"",J31>0,K31<>"",K31>0),"SI","NO")) | S31: =+IF(C31<>"",IF(AND(M31="SI",N31="SI",Q31="SI"),"HÁBIL","NO HÁBIL"),"")
L32: =IF(OR(H32="",I32<>"SI",I32="NO",J32="",J32=0,K32="",K32=0,Q32<>"SI",N32<>"SI"),0,J32*K32) -> 0 | M32: =+IF(C32<>"",IF(L32>=$H$6,"SI","NO"),"") | Q32: =+IF(C32="","",IF(AND(H32<>"",I32="SI",J32<>"",J32>0,K32<>"",K32>0),"SI","NO")) | S32: =+IF(C32<>"",IF(AND(M32="SI",N32="SI",Q32="SI"),"HÁBIL","NO HÁBIL"),"")
L33: =IF(OR(H33="",I33<>"SI",I33="NO",J33="",J33=0,K33="",K33=0,Q33<>"SI",N33<>"SI"),0,J33*K33) -> 0 | M33: =+IF(C33<>"",IF(L33>=$H$6,"SI","NO"),"") | Q33: =+IF(C33="","",IF(AND(H33<>"",I33="SI",J33<>"",J33>0,K33<>"",K33>0),"SI","NO")) | S33: =+IF(C33<>"",IF(AND(M33="SI",N33="SI",Q33="SI"),"HÁBIL","NO HÁBIL"),"")
A34: =+$B27 -> 3 | B34: ="A"&B27 -> A3 | C34: =+$C$16 -> PROPONENTE HÁBIL / NO HÁBIL | I34: =IF(S30="","",IF(OR(S30="HÁBIL",S31="HÁBIL",S32="HÁBIL",S33="HÁBIL"),"HÁBIL","NO HÁBIL")) -> HÁBIL
B36: =1+B27 -> 4 | C36: VELNEC SA | J36: =+IF(C36="","",$J$9) -> INTEGRANTES | K36: NA | N36: =+B36 -> 4 | O36: =+$O$9 -> OBSERVACIONES | Q36: =+$Q$9 -> ¿EL CONTRATO CUMPLE CON LOS REQUERIMIENTOS ADICIONALES DE EXPERIENCIA EN EL PLIEGO? (INSCRIPCIÓN EN RUP - CÓDIGO UNSPSC - VALOR EN RUP - % DE PARTICIPACIÓN) (SI / NO) | S36: =+$S$9 -> PROPONENTE HÁBIL/NO HÁBIL
B37: =+$B$10 -> ITEM | C37: =+$C$10 -> PROPONENTE / INTEGRANTE OFERENTE PLURAL | D37: =+$D$10 -> INFORMACIÓN DEL CONTRATO | H37: =+H28 -> CONSECUTIVO RUP | I37: =+$I$10 -> ¿SE ENCUENTRA INSCRITO EN EL RUP Y CUMPLE CÓDIGOS UNSPSC? | J37: =+$J$10 -> VALOR EN RUP (SMMLV) | K37: =+$K$10 -> % PARTIC en el RUP | L37: =+$L$10 -> VALOR DEL CONTRATO TERMINADO (SMMLV) en el RUP | M37: =+$M$10 -> VALOR CERTIFICADO CONTRATO > VEH | N37: =+$N$10 -> VALIDACIÓN DE OBJETO Y/O ALCANCE (SI/NO) (INTERVENTORIA DE OBRA CIVIL) | S37: =+$S$10 -> 0
D38: =+$D$11 -> ENTIDAD | E38: =+$E$11 -> No. DE CONTRATO | F38: =+$F$11 -> OBJETO | G38: =+$G$11 -> CONTRATISTA
B39: 1 | C39: VELNEC SA | D39: INSTITUTO DE DESARROLLO URBANO IDU | E39: IDU-BM-250-2004 | F39: INTERVENTORÍA TÉCNICA, ADMINISTRATIVA, FINANCIERA, SOCIAL Y AMBIENTAL PARA LA CONSTRUCCIÓN, REHABILITACIÓN Y CONSERVACIÓN DE VÍAS PARA RUTAS ALIMENTADORAS DEL SISTEMA TRANSMILENIO ZONA 4, GRUPO 1 EN BOGOTÁ D.C. | G39: VELNEC SA | H39: 1 | I39: SI | J39: 4657.56 | K39: 1 | L39: =IF(OR(H39="",I39<>"SI",I39="NO",J39="",J39=0,K39="",K39=0,Q39<>"SI",N39<>"SI"),0,J39*K39) -> 4657.56 | M39: =+IF(C39<>"",IF(L39>=$H$6,"SI","NO"),"") -> SI | N39: SI | Q39: =+IF(C39="","",IF(AND(H39<>"",I39="SI",J39<>"",J39>0,K39<>"",K39>0),"SI","NO")) -> SI | S39: =+IF(C39<>"",IF(AND(M39="SI",N39="SI",Q39="SI"),"HÁBIL","NO HÁBIL"),"") -> HÁBIL
L40: =IF(OR(H40="",I40<>"SI",I40="NO",J40="",J40=0,K40="",K40=0,Q40<>"SI",N40<>"SI"),0,J40*K40) -> 0 | M40: =+IF(C40<>"",IF(L40>=$H$6,"SI","NO"),"") | Q40: =+IF(C40="","",IF(AND(H40<>"",I40="SI",J40<>"",J40>0,K40<>"",K40>0),"SI","NO")) | S40: =+IF(C40<>"",IF(AND(M40="SI",N40="SI",Q40="SI"),"HÁBIL","NO HÁBIL"),"")
L41: =IF(OR(H41="",I41<>"SI",I41="NO",J41="",J41=0,K41="",K41=0,Q41<>"SI",N41<>"SI"),0,J41*K41) -> 0 | M41: =+IF(C41<>"",IF(L41>=$H$6,"SI","NO"),"") | Q41: =+IF(C41="","",IF(AND(H41<>"",I41="SI",J41<>"",J41>0,K41<>"",K41>0),"SI","NO")) | S41: =+IF(C41<>"",IF(AND(M41="SI",N41="SI",Q41="SI"),"HÁBIL","NO HÁBIL"),"")
L42: =IF(OR(H42="",I42<>"SI",I42="NO",J42="",J42=0,K42="",K42=0,Q42<>"SI",N42<>"SI"),0,J42*K42) -> 0 | M42: =+IF(C42<>"",IF(L42>=$H$6,"SI","NO"),"") | Q42: =+IF(C42="","",IF(AND(H42<>"",I42="SI",J42<>"",J42>0,K42<>"",K42>0),"SI","NO")) | S42: =+IF(C42<>"",IF(AND(M42="SI",N42="SI",Q42="SI"),"HÁBIL","NO HÁBIL"),"")
A43: =+$B36 -> 4 | B43: ="A"&B36 -> A4 | C43: =+$C$16 -> PROPONENTE HÁBIL / NO HÁBIL | I43: =IF(S39="","",IF(OR(S39="HÁBIL",S40="HÁBIL",S41="HÁBIL",S42="HÁBIL"),"HÁBIL","NO HÁBIL")) -> HÁBIL
B45: =1+B36 -> 5 | C45: CONSORCIO INTERDESARROLLO 010 | J45: =+IF(C45="","",$J$9) -> INTEGRANTES | K45: JORGE ALVARO SANCHEZ BLANCO 50% - ARM CONSULTING LTDA 50% | N45: =+B45 -> 5 | O45: =+$O$9 -> OBSERVACIONES | Q45: =+$Q$9 -> ¿EL CONTRATO CUMPLE CON LOS REQUERIMIENTOS ADICIONALES DE EXPERIENCIA EN EL PLIEGO? (INSCRIPCIÓN EN RUP - CÓDIGO UNSPSC - VALOR EN RUP - % DE PARTICIPACIÓN) (SI / NO) | S45: =+$S$9 -> PROPONENTE HÁBIL/NO HÁBIL
B46: =+$B$10 -> ITEM | C46: =+$C$10 -> PROPONENTE / INTEGRANTE OFERENTE PLURAL | D46: =+$D$10 -> INFORMACIÓN DEL CONTRATO | H46: =+H37 -> CONSECUTIVO RUP | I46: =+$I$10 -> ¿SE ENCUENTRA INSCRITO EN EL RUP Y CUMPLE CÓDIGOS UNSPSC? | J46: =+$J$10 -> VALOR EN RUP (SMMLV) | K46: =+$K$10 -> % PARTIC en el RUP | L46: =+$L$10 -> VALOR DEL CONTRATO TERMINADO (SMMLV) en el RUP | M46: =+$M$10 -> VALOR CERTIFICADO CONTRATO > VEH | N46: =+$N$10 -> VALIDACIÓN DE OBJETO Y/O ALCANCE (SI/NO) (INTERVENTORIA DE OBRA CIVIL) | S46: =+$S$10 -> 0
D47: =+$D$11 -> ENTIDAD | E47: =+$E$11 -> No. DE CONTRATO | F47: =+$F$11 -> OBJETO | G47: =+$G$11 -> CONTRATISTA
B48: 1 | C48: JORGE ALVARO SANCHEZ BLANCO | D48: AGENCIA LOGISTICA DE LAS FUERZAS MILITARES | E48: 001-237-2013 | F48: INTERVENTORÍA TÉCNICA, FINANCIERA Y ADMINISTRATIVA PARA LA CONSTRUCCIÓN DEL BATALLÓN ESPECIAL ENERGÉTICO Y VIAL No. 19 UBICADO EN PUERTO RICO CAQUETÁ. | G48: CONSORCIO SAMAN 2013 | H48: 75 | I48: SI | J48: 1885.36 | K48: 0.5 | L48: =IF(OR(H48="",I48<>"SI",I48="NO",J48="",J48=0,K48="",K48=0,Q48<>"SI",N48<>"SI"),0,J48*K48) -> 942.68 | M48: =+IF(C48<>"",IF(L48>=$H$6,"SI","NO"),"") -> SI | N48: SI | Q48: =+IF(C48="","",IF(AND(H48<>"",I48="SI",J48<>"",J48>0,K48<>"",K48>0),"SI","NO")) -> SI | S48: =+IF(C48<>"",IF(AND(M48="SI",N48="SI",Q48="SI"),"HÁBIL","NO HÁBIL"),"") -> HÁBIL
L49: =IF(OR(H49="",I49<>"SI",I49="NO",J49="",J49=0,K49="",K49=0,Q49<>"SI",N49<>"SI"),0,J49*K49) -> 0 | M49: =+IF(C49<>"",IF(L49>=$H$6,"SI","NO"),"") | Q49: =+IF(C49="","",IF(AND(H49<>"",I49="SI",J49<>"",J49>0,K49<>"",K49>0),"SI","NO")) | S49: =+IF(C49<>"",IF(AND(M49="SI",N49="SI",Q49="SI"),"HÁBIL","NO HÁBIL"),"")
L50: =IF(OR(H50="",I50<>"SI",I50="NO",J50="",J50=0,K50="",K50=0,Q50<>"SI",N50<>"SI"),0,J50*K50) -> 0 | M50: =+IF(C50<>"",IF(L50>=$H$6,"SI","NO"),"") | Q50: =+IF(C50="","",IF(AND(H50<>"",I50="SI",J50<>"",J50>0,K50<>"",K50>0),"SI","NO")) | S50: =+IF(C50<>"",IF(AND(M50="SI",N50="SI",Q50="SI"),"HÁBIL","NO HÁBIL"),"")
L51: =IF(OR(H51="",I51<>"SI",I51="NO",J51="",J51=0,K51="",K51=0,Q51<>"SI",N51<>"SI"),0,J51*K51) -> 0 | M51: =+IF(C51<>"",IF(L51>=$H$6,"SI","NO"),"") | Q51: =+IF(C51="","",IF(AND(H51<>"",I51="SI",J51<>"",J51>0,K51<>"",K51>0),"SI","NO")) | S51: =+IF(C51<>"",IF(AND(M51="SI",N51="SI",Q51="SI"),"HÁBIL","NO HÁBIL"),"")
A52: =+$B45 -> 5 | B52: ="A"&B45 -> A5 | C52: =+$C$16 -> PROPONENTE HÁBIL / NO HÁBIL | I52: =IF(S48="","",IF(OR(S48="HÁBIL",S49="HÁBIL",S50="HÁBIL",S51="HÁBIL"),"HÁBIL","NO HÁBIL")) -> HÁBIL
B54: =1+B45 -> 6 | C54: CONSULTORIA INTERVENTORIA TECNICAS CIVILES CONINTEC SAS | J54: =+IF(C54="","",$J$9) -> INTEGRANTES | K54: NA | N54: =+B54 -> 6 | O54: =+$O$9 -> OBSERVACIONES | Q54: =+$Q$9 -> ¿EL CONTRATO CUMPLE CON LOS REQUERIMIENTOS ADICIONALES DE EXPERIENCIA EN EL PLIEGO? (INSCRIPCIÓN EN RUP - CÓDIGO UNSPSC - VALOR EN RUP - % DE PARTICIPACIÓN) (SI / NO) | S54: =+$S$9 -> PROPONENTE HÁBIL/NO HÁBIL
B55: =+$B$10 -> ITEM | C55: =+$C$10 -> PROPONENTE / INTEGRANTE OFERENTE PLURAL | D55: =+$D$10 -> INFORMACIÓN DEL CONTRATO | H55: =+H46 -> CONSECUTIVO RUP | I55: =+$I$10 -> ¿SE ENCUENTRA INSCRITO EN EL RUP Y CUMPLE CÓDIGOS UNSPSC? | J55: =+$J$10 -> VALOR EN RUP (SMMLV) | K55: =+$K$10 -> % PARTIC en el RUP | L55: =+$L$10 -> VALOR DEL CONTRATO TERMINADO (SMMLV) en el RUP | M55: =+$M$10 -> VALOR CERTIFICADO CONTRATO > VEH | N55: =+$N$10 -> VALIDACIÓN DE OBJETO Y/O ALCANCE (SI/NO) (INTERVENTORIA DE OBRA CIVIL) | S55: =+$S$10 -> 0
D56: =+$D$11 -> ENTIDAD | E56: =+$E$11 -> No. DE CONTRATO | F56: =+$F$11 -> OBJETO | G56: =+$G$11 -> CONTRATISTA
B57: 1 | C57: CONSULTORIA INTERVENTORIA TECNICAS CIVILES CONINTEC SAS | D57: MUNICIPIO DE ENVIGADO | E57: 09-00-31-07-025-16 | F57: INTERVENTORIA PARA LA AMPLIACIÓN DE LA DIAGONAL 29, ENTRE LA TV 34 DD SUR Y LA CRA 28, Y LA CRA 42A Y 28D, MUNICIPIO DE ENVIGADO, DEPARTAMENTO DE ANTIOQUIA | G57: CONSULTORIA INTERVENTORIA TECNICAS CIVILES CONINTEC SAS | H57: 124 | I57: SI | J57: 2617.7 | K57: 1 | L57: =IF(OR(H57="",I57<>"SI",I57="NO",J57="",J57=0,K57="",K57=0,Q57<>"SI",N57<>"SI"),0,J57*K57) -> 2617.7 | M57: =+IF(C57<>"",IF(L57>=$H$6,"SI","NO"),"") -> SI | N57: SI | Q57: =+IF(C57="","",IF(AND(H57<>"",I57="SI",J57<>"",J57>0,K57<>"",K57>0),"SI","NO")) -> SI | S57: =+IF(C57<>"",IF(AND(M57="SI",N57="SI",Q57="SI"),"HÁBIL","NO HÁBIL"),"") -> HÁBIL
L58: =IF(OR(H58="",I58<>"SI",I58="NO",J58="",J58=0,K58="",K58=0,Q58<>"SI",N58<>"SI"),0,J58*K58) -> 0 | M58: =+IF(C58<>"",IF(L58>=$H$6,"SI","NO"),"") | Q58: =+IF(C58="","",IF(AND(H58<>"",I58="SI",J58<>"",J58>0,K58<>"",K58>0),"SI","NO")) | S58: =+IF(C58<>"",IF(AND(M58="SI",N58="SI",Q58="SI"),"HÁBIL","NO HÁBIL"),"")
L59: =IF(OR(H59="",I59<>"SI",I59="NO",J59="",J59=0,K59="",K59=0,Q59<>"SI",N59<>"SI"),0,J59*K59) -> 0 | M59: =+IF(C59<>"",IF(L59>=$H$6,"SI","NO"),"") | Q59: =+IF(C59="","",IF(AND(H59<>"",I59="SI",J59<>"",J59>0,K59<>"",K59>0),"SI","NO")) | S59: =+IF(C59<>"",IF(AND(M59="SI",N59="SI",Q59="SI"),"HÁBIL","NO HÁBIL"),"")
L60: =IF(OR(H60="",I60<>"SI",I60="NO",J60="",J60=0,K60="",K60=0,Q60<>"SI",N60<>"SI"),0,J60*K60) -> 0 | M60: =+IF(C60<>"",IF(L60>=$H$6,"SI","NO"),"") | Q60: =+IF(C60="","",IF(AND(H60<>"",I60="SI",J60<>"",J60>0,K60<>"",K60>0),"SI","NO")) | S60: =+IF(C60<>"",IF(AND(M60="SI",N60="SI",Q60="SI"),"HÁBIL","NO HÁBIL"),"")
A61: =+$B54 -> 6 | B61: ="A"&B54 -> A6 | C61: =+$C$16 -> PROPONENTE HÁBIL / NO HÁBIL | I61: =IF(S57="","",IF(OR(S57="HÁBIL",S58="HÁBIL",S59="HÁBIL",S60="HÁBIL"),"HÁBIL","NO HÁBIL")) -> HÁBIL
B63: =1+B54 -> 7 | C63: CB INGENIEROS SAS | J63: =+IF(C63="","",$J$9) -> INTEGRANTES | K63: NA | N63: =+B63 -> 7 | O63: =+$O$9 -> OBSERVACIONES | Q63: =+$Q$9 -> ¿EL CONTRATO CUMPLE CON LOS REQUERIMIENTOS ADICIONALES DE EXPERIENCIA EN EL PLIEGO? (INSCRIPCIÓN EN RUP - CÓDIGO UNSPSC - VALOR EN RUP - % DE PARTICIPACIÓN) (SI / NO) | S63: =+$S$9 -> PROPONENTE HÁBIL/NO HÁBIL
B64: =+$B$10 -> ITEM | C64: =+$C$10 -> PROPONENTE / INTEGRANTE OFERENTE PLURAL | D64: =+$D$10 -> INFORMACIÓN DEL CONTRATO | H64: =+H55 -> CONSECUTIVO RUP | I64: =+$I$10 -> ¿SE ENCUENTRA INSCRITO EN EL RUP Y CUMPLE CÓDIGOS UNSPSC? | J64: =+$J$10 -> VALOR EN RUP (SMMLV) | K64: =+$K$10 -> % PARTIC en el RUP | L64: =+$L$10 -> VALOR DEL CONTRATO TERMINADO (SMMLV) en el RUP | M64: =+$M$10 -> VALOR CERTIFICADO CONTRATO > VEH | N64: =+$N$10 -> VALIDACIÓN DE OBJETO Y/O ALCANCE (SI/NO) (INTERVENTORIA DE OBRA CIVIL) | S64: =+$S$10 -> 0
D65: =+$D$11 -> ENTIDAD | E65: =+$E$11 -> No. DE CONTRATO | F65: =+$F$11 -> OBJETO | G65: =+$G$11 -> CONTRATISTA
B66: 1 | C66: CB INGENIEROS SAS | D66: INVIAS | E66: 2215 de 2012 | F66: INTERVENTORÍA PARA EL MANTENIMIENTO Y REHABILITACIÓN DE LA CARRETERA SINCELEJO – CALAMAR – BARRANQUILLA, SECTOR CARRETO – CALAMAR – PR54+0000, RUTA 25 TRAMOS 2515 Y 2516. DEPARTAMENTOS DE BOLÍVAR Y ATLÁNTICO | G66: CONSORCIO INTEVIAL 015 | H66: 75 | I66: SI | J66: 2417.29 | K66: 0.3 | L66: =IF(OR(H66="",I66<>"SI",I66="NO",J66="",J66=0,K66="",K66=0,Q66<>"SI",N66<>"SI"),0,J66*K66) -> 725.187 | M66: =+IF(C66<>"",IF(L66>=$H$6,"SI","NO"),"") -> SI | N66: SI | Q66: =+IF(C66="","",IF(AND(H66<>"",I66="SI",J66<>"",J66>0,K66<>"",K66>0),"SI","NO")) -> SI | S66: =+IF(C66<>"",IF(AND(M66="SI",N66="SI",Q66="SI"),"HÁBIL","NO HÁBIL"),"") -> HÁBIL
L67: =IF(OR(H67="",I67<>"SI",I67="NO",J67="",J67=0,K67="",K67=0,Q67<>"SI",N67<>"SI"),0,J67*K67) -> 0 | M67: =+IF(C67<>"",IF(L67>=$H$6,"SI","NO"),"") | Q67: =+IF(C67="","",IF(AND(H67<>"",I67="SI",J67<>"",J67>0,K67<>"",K67>0),"SI","NO")) | S67: =+IF(C67<>"",IF(AND(M67="SI",N67="SI",Q67="SI"),"HÁBIL","NO HÁBIL"),"")
L68: =IF(OR(H68="",I68<>"SI",I68="NO",J68="",J68=0,K68="",K68=0,Q68<>"SI",N68<>"SI"),0,J68*K68) -> 0 | M68: =+IF(C68<>"",IF(L68>=$H$6,"SI","NO"),"") | Q68: =+IF(C68="","",IF(AND(H68<>"",I68="SI",J68<>"",J68>0,K68<>"",K68>0),"SI","NO")) | S68: =+IF(C68<>"",IF(AND(M68="SI",N68="SI",Q68="SI"),"HÁBIL","NO HÁBIL"),"")
L69: =IF(OR(H69="",I69<>"SI",I69="NO",J69="",J69=0,K69="",K69=0,Q69<>"SI",N69<>"SI"),0,J69*K69) -> 0 | M69: =+IF(C69<>"",IF(L69>=$H$6,"SI","NO"),"") | Q69: =+IF(C69="","",IF(AND(H69<>"",I69="SI",J69<>"",J69>0,K69<>"",K69>0),"SI","NO")) | S69: =+IF(C69<>"",IF(AND(M69="SI",N69="SI",Q69="SI"),"HÁBIL","NO HÁBIL"),"")
A70: =+$B63 -> 7 | B70: ="A"&B63 -> A7 | C70: =+$C$16 -> PROPONENTE HÁBIL / NO HÁBIL | I70: =IF(S66="","",IF(OR(S66="HÁBIL",S67="HÁBIL",S68="HÁBIL",S69="HÁBIL"),"HÁBIL","NO HÁBIL")) -> HÁBIL
B72: =1+B63 -> 8 | C72: CONSORCIO CABO ESPERANZA | J72: =+IF(C72="","",$J$9) -> INTEGRANTES | K72: GRUPO POSSO SAS 50% - COMPAÑIA DE PROYECTOS TECNICOS CPT SA 50% | N72: =+B72 -> 8 | O72: =+$O$9 -> OBSERVACIONES | Q72: =+$Q$9 -> ¿EL CONTRATO CUMPLE CON LOS REQUERIMIENTOS ADICIONALES DE EXPERIENCIA EN EL PLIEGO? (INSCRIPCIÓN EN RUP - CÓDIGO UNSPSC - VALOR EN RUP - % DE PARTICIPACIÓN) (SI / NO) | S72: =+$S$9 -> PROPONENTE HÁBIL/NO HÁBIL
B73: =+$B$10 -> ITEM | C73: =+$C$10 -> PROPONENTE / INTEGRANTE OFERENTE PLURAL | D73: =+$D$10 -> INFORMACIÓN DEL CONTRATO | H73: =+H64 -> CONSECUTIVO RUP | I73: =+$I$10 -> ¿SE ENCUENTRA INSCRITO EN EL RUP Y CUMPLE CÓDIGOS UNSPSC? | J73: =+$J$10 -> VALOR EN RUP (SMMLV) | K73: =+$K$10 -> % PARTIC en el RUP | L73: =+$L$10 -> VALOR DEL CONTRATO TERMINADO (SMMLV) en el RUP | M73: =+$M$10 -> VALOR CERTIFICADO CONTRATO > VEH | N73: =+$N$10 -> VALIDACIÓN DE OBJETO Y/O ALCANCE (SI/NO) (INTERVENTORIA DE OBRA CIVIL) | S73: =+$S$10 -> 0
D74: =+$D$11 -> ENTIDAD | E74: =+$E$11 -> No. DE CONTRATO | F74: =+$F$11 -> OBJETO | G74: =+$G$11 -> CONTRATISTA
B75: 1 | C75: GRUPO POSSO SAS | D75: INSTITUTO NACIONAL DE VÍAS - INVIAS | E75: 1766-2015 | F75: INTERVENTORÍA A LA GESTIÓN PREDIAL, SOCIAL, AMBIENTAL, CONSTRUCCIÓN Y MANTENIMIENTO DEL INTERCAMBIADOR VERSALLES - PROYECTO CRUCE DE LA CORDILLERA CENTRAL | G75: CONSORCIO VERSALLES 124 | H75: 73 | I75: SI | J75: 9182.38 | K75: 0.4 | L75: =IF(OR(H75="",I75<>"SI",I75="NO",J75="",J75=0,K75="",K75=0,Q75<>"SI",N75<>"SI"),0,J75*K75) -> 3672.952 | M75: =+IF(C75<>"",IF(L75>=$H$6,"SI","NO"),"") -> SI | N75: SI | Q75: =+IF(C75="","",IF(AND(H75<>"",I75="SI",J75<>"",J75>0,K75<>"",K75>0),"SI","NO")) -> SI | S75: =+IF(C75<>"",IF(AND(M75="SI",N75="SI",Q75="SI"),"HÁBIL","NO HÁBIL"),"") -> HÁBIL
L76: =IF(OR(H76="",I76<>"SI",I76="NO",J76="",J76=0,K76="",K76=0,Q76<>"SI",N76<>"SI"),0,J76*K76) -> 0 | M76: =+IF(C76<>"",IF(L76>=$H$6,"SI","NO"),"") | Q76: =+IF(C76="","",IF(AND(H76<>"",I76="SI",J76<>"",J76>0,K76<>"",K76>0),"SI","NO")) | S76: =+IF(C76<>"",IF(AND(M76="SI",N76="SI",Q76="SI"),"HÁBIL","NO HÁBIL"),"")
L77: =IF(OR(H77="",I77<>"SI",I77="NO",J77="",J77=0,K77="",K77=0,Q77<>"SI",N77<>"SI"),0,J77*K77) -> 0 | M77: =+IF(C77<>"",IF(L77>=$H$6,"SI","NO"),"") | Q77: =+IF(C77="","",IF(AND(H77<>"",I77="SI",J77<>"",J77>0,K77<>"",K77>0),"SI","NO")) | S77: =+IF(C77<>"",IF(AND(M77="SI",N77="SI",Q77="SI"),"HÁBIL","NO HÁBIL"),"")
L78: =IF(OR(H78="",I78<>"SI",I78="NO",J78="",J78=0,K78="",K78=0,Q78<>"SI",N78<>"SI"),0,J78*K78) -> 0 | M78: =+IF(C78<>"",IF(L78>=$H$6,"SI","NO"),"") | Q78: =+IF(C78="","",IF(AND(H78<>"",I78="SI",J78<>"",J78>0,K78<>"",K78>0),"SI","NO")) | S78: =+IF(C78<>"",IF(AND(M78="SI",N78="SI",Q78="SI"),"HÁBIL","NO HÁBIL"),"")
A79: =+$B72 -> 8 | B79: ="A"&B72 -> A8 | C79: =+$C$16 -> PROPONENTE HÁBIL / NO HÁBIL | I79: =IF(S75="","",IF(OR(S75="HÁBIL",S76="HÁBIL",S77="HÁBIL",S78="HÁBIL"),"HÁBIL","NO HÁBIL")) -> HÁBIL
B81: =1+B72 -> 9 | C81: CONSORCIO PI ANTIOQUIA | J81: =+IF(C81="","",$J$9) -> INTEGRANTES | K81: PROYECTOS E INTERVENTORÍAS LIMITADA 49% - INGENIERÍA DE ESTUDIOS Y ASESORIAS S.A.S. INESAS 51% | N81: =+B81 -> 9 | O81: =+$O$9 -> OBSERVACIONES | Q81: =+$Q$9 -> ¿EL CONTRATO CUMPLE CON LOS REQUERIMIENTOS ADICIONALES DE EXPERIENCIA EN EL PLIEGO? (INSCRIPCIÓN EN RUP - CÓDIGO UNSPSC - VALOR EN RUP - % DE PARTICIPACIÓN) (SI / NO) | S81: =+$S$9 -> PROPONENTE HÁBIL/NO HÁBIL
B82: =+$B$10 -> ITEM | C82: =+$C$10 -> PROPONENTE / INTEGRANTE OFERENTE PLURAL | D82: =+$D$10 -> INFORMACIÓN DEL CONTRATO | H82: =+H73 -> CONSECUTIVO RUP | I82: =+$I$10 -> ¿SE ENCUENTRA INSCRITO EN EL RUP Y CUMPLE CÓDIGOS UNSPSC? | J82: =+$J$10 -> VALOR EN RUP (SMMLV) | K82: =+$K$10 -> % PARTIC en el RUP | L82: =+$L$10 -> VALOR DEL CONTRATO TERMINADO (SMMLV) en el RUP | M82: =+$M$10 -> VALOR CERTIFICADO CONTRATO > VEH | N82: =+$N$10 -> VALIDACIÓN DE OBJETO Y/O ALCANCE (SI/NO) (INTERVENTORIA DE OBRA CIVIL) | S82: =+$S$10 -> 0
D83: =+$D$11 -> ENTIDAD | E83: =+$E$11 -> No. DE CONTRATO | F83: =+$F$11 -> OBJETO | G83: =+$G$11 -> CONTRATISTA
B84: 1 | C84: PROYECTOS E INTERVENTORÍAS LIMITADA | D84: INVIAS | E84: 2319 DE 2004 | F84: INTERVENTORIA MEJORAMIENTO Y MANTENIMIENTO CARRETERA OCAÑA - SARDINATA - CUCUTA. SECTOR ALTO DEL POZO - SARDINATA PR69+000 AL PR 128+000, RUTA 70, TRAMO 7008. | G84: CONSORCIO TORCOROMA | H84: 16 | I84: SI | J84: 2417.39 | K84: 0.15 | L84: =IF(OR(H84="",I84<>"SI",I84="NO",J84="",J84=0,K84="",K84=0,Q84<>"SI",N84<>"SI"),0,J84*K84) -> 362.6085 | M84: =+IF(C84<>"",IF(L84>=$H$6,"SI","NO"),"") -> SI | N84: SI | Q84: =+IF(C84="","",IF(AND(H84<>"",I84="SI",J84<>"",J84>0,K84<>"",K84>0),"SI","NO")) -> SI | S84: =+IF(C84<>"",IF(AND(M84="SI",N84="SI",Q84="SI"),"HÁBIL","NO HÁBIL"),"") -> HÁBIL
B85: 1 | C85: INGENIERÍA DE ESTUDIOS Y ASESORIAS S.A.S. INESAS | H85: 10 | I85: SI | J85: 2417.39 | K85: 0.75 | L85: =IF(OR(H85="",I85<>"SI",I85="NO",J85="",J85=0,K85="",K85=0,Q85<>"SI",N85<>"SI"),0,J85*K85) -> 1813.0425 | M85: =+IF(C85<>"",IF(L85>=$H$6,"SI","NO"),"") -> SI | N85: SI | Q85: =+IF(C85="","",IF(AND(H85<>"",I85="SI",J85<>"",J85>0,K85<>"",K85>0),"SI","NO")) -> SI | S85: =+IF(C85<>"",IF(AND(M85="SI",N85="SI",Q85="SI"),"HÁBIL","NO HÁBIL"),"") -> HÁBIL
L86: =IF(OR(H86="",I86<>"SI",I86="NO",J86="",J86=0,K86="",K86=0,Q86<>"SI",N86<>"SI"),0,J86*K86) -> 0 | M86: =+IF(C86<>"",IF(L86>=$H$6,"SI","NO"),"") | Q86: =+IF(C86="","",IF(AND(H86<>"",I86="SI",J86<>"",J86>0,K86<>"",K86>0),"SI","NO")) | S86: =+IF(C86<>"",IF(AND(M86="SI",N86="SI",Q86="SI"),"HÁBIL","NO HÁBIL"),"")
L87: =IF(OR(H87="",I87<>"SI",I87="NO",J87="",J87=0,K87="",K87=0,Q87<>"SI",N87<>"SI"),0,J87*K87) -> 0 | M87: =+IF(C87<>"",IF(L87>=$H$6,"SI","NO"),"") | Q87: =+IF(C87="","",IF(AND(H87<>"",I87="SI",J87<>"",J87>0,K87<>"",K87>0),"SI","NO")) | S87: =+IF(C87<>"",IF(AND(M87="SI",N87="SI",Q87="SI"),"HÁBIL","NO HÁBIL"),"")
A88: =+$B81 -> 9 | B88: ="A"&B81 -> A9 | C88: =+$C$16 -> PROPONENTE HÁBIL / NO HÁBIL | I88: =IF(S84="","",IF(OR(S84="HÁBIL",S85="HÁBIL",S86="HÁBIL",S87="HÁBIL"),"HÁBIL","NO HÁBIL")) -> HÁBIL
B90: =1+B81 -> 10 | C90: CONSORCIO V&P 10827 | J90: =+IF(C90="","",$J$9) -> INTEGRANTES | K90: VIASTOP SAS 50% - PEB CONSULTORES SAS 50% | N90: =+B90 -> 10 | O90: =+$O$9 -> OBSERVACIONES | Q90: =+$Q$9 -> ¿EL CONTRATO CUMPLE CON LOS REQUERIMIENTOS ADICIONALES DE EXPERIENCIA EN EL PLIEGO? (INSCRIPCIÓN EN RUP - CÓDIGO UNSPSC - VALOR EN RUP - % DE PARTICIPACIÓN) (SI / NO) | S90: =+$S$9 -> PROPONENTE HÁBIL/NO HÁBIL
B91: =+$B$10 -> ITEM | C91: =+$C$10 -> PROPONENTE / INTEGRANTE OFERENTE PLURAL | D91: =+$D$10 -> INFORMACIÓN DEL CONTRATO | H91: =+H82 -> CONSECUTIVO RUP | I91: =+$I$10 -> ¿SE ENCUENTRA INSCRITO EN EL RUP Y CUMPLE CÓDIGOS UNSPSC? | J91: =+$J$10 -> VALOR EN RUP (SMMLV) | K91: =+$K$10 -> % PARTIC en el RUP | L91: =+$L$10 -> VALOR DEL CONTRATO TERMINADO (SMMLV) en el RUP | M91: =+$M$10 -> VALOR CERTIFICADO CONTRATO > VEH | N91: =+$N$10 -> VALIDACIÓN DE OBJETO Y/O ALCANCE (SI/NO) (INTERVENTORIA DE OBRA CIVIL) | S91: =+$S$10 -> 0
D92: =+$D$11 -> ENTIDAD | E92: =+$E$11 -> No. DE CONTRATO | F92: =+$F$11 -> OBJETO | G92: =+$G$11 -> CONTRATISTA
B93: 1 | C93: VIASTOP SAS | D93: GOBERNACIÓN DE ANTIOQUIA | E93: DE ANTIOQUIA 2006-CC- 20-176 | F93: INTERVENTORÍA TÉCNICA, ADMINISTRATIVA, FINANCIERA Y AMBIENTAL DEL PROYECTO PARA LA EJECUCIÓN DEL MEJORAMIENTO Y PAVIMENTACIÓN DE LA CARRETERA LA PIÑUELA -SAN FRANCISCO | G93: VIASTOP SAS | H93: 52 | I93: SI | J93: 1259.86 | K93: 1 | L93: =IF(OR(H93="",I93<>"SI",I93="NO",J93="",J93=0,K93="",K93=0,Q93<>"SI",N93<>"SI"),0,J93*K93) -> 1259.86 | M93: =+IF(C93<>"",IF(L93>=$H$6,"SI","NO"),"") -> SI | N93: SI | Q93: =+IF(C93="","",IF(AND(H93<>"",I93="SI",J93<>"",J93>0,K93<>"",K93>0),"SI","NO")) -> SI | S93: =+IF(C93<>"",IF(AND(M93="SI",N93="SI",Q93="SI"),"HÁBIL","NO HÁBIL"),"") -> HÁBIL
L94: =IF(OR(H94="",I94<>"SI",I94="NO",J94="",J94=0,K94="",K94=0,Q94<>"SI",N94<>"SI"),0,J94*K94) -> 0 | M94: =+IF(C94<>"",IF(L94>=$H$6,"SI","NO"),"") | Q94: =+IF(C94="","",IF(AND(H94<>"",I94="SI",J94<>"",J94>0,K94<>"",K94>0),"SI","NO")) | S94: =+IF(C94<>"",IF(AND(M94="SI",N94="SI",Q94="SI"),"HÁBIL","NO HÁBIL"),"")
L95: =IF(OR(H95="",I95<>"SI",I95="NO",J95="",J95=0,K95="",K95=0,Q95<>"SI",N95<>"SI"),0,J95*K95) -> 0 | M95: =+IF(C95<>"",IF(L95>=$H$6,"SI","NO"),"") | Q95: =+IF(C95="","",IF(AND(H95<>"",I95="SI",J95<>"",J95>0,K95<>"",K95>0),"SI","NO")) | S95: =+IF(C95<>"",IF(AND(M95="SI",N95="SI",Q95="SI"),"HÁBIL","NO HÁBIL"),"")
L96: =IF(OR(H96="",I96<>"SI",I96="NO",J96="",J96=0,K96="",K96=0,Q96<>"SI",N96<>"SI"),0,J96*K96) -> 0 | M96: =+IF(C96<>"",IF(L96>=$H$6,"SI","NO"),"") | Q96: =+IF(C96="","",IF(AND(H96<>"",I96="SI",J96<>"",J96>0,K96<>"",K96>0),"SI","NO")) | S96: =+IF(C96<>"",IF(AND(M96="SI",N96="SI",Q96="SI"),"HÁBIL","NO HÁBIL"),"")
A97: =+$B90 -> 10 | B97: ="A"&B90 -> A10 | C97: =+$C$16 -> PROPONENTE HÁBIL / NO HÁBIL | I97: =IF(S93="","",IF(OR(S93="HÁBIL",S94="HÁBIL",S95="HÁBIL",S96="HÁBIL"),"HÁBIL","NO HÁBIL")) -> HÁBIL
B99: =1+B90 -> 11 | C99: INGEVAL SAS | J99: =+IF(C99="","",$J$9) -> INTEGRANTES | K99: NA | N99: =+B99 -> 11 | O99: =+$O$9 -> OBSERVACIONES | Q99: =+$Q$9 -> ¿EL CONTRATO CUMPLE CON LOS REQUERIMIENTOS ADICIONALES DE EXPERIENCIA EN EL PLIEGO? (INSCRIPCIÓN EN RUP - CÓDIGO UNSPSC - VALOR EN RUP - % DE PARTICIPACIÓN) (SI / NO) | S99: =+$S$9 -> PROPONENTE HÁBIL/NO HÁBIL
B100: =+$B$10 -> ITEM | C100: =+$C$10 -> PROPONENTE / INTEGRANTE OFERENTE PLURAL | D100: =+$D$10 -> INFORMACIÓN DEL CONTRATO | H100: =+H91 -> CONSECUTIVO RUP | I100: =+$I$10 -> ¿SE ENCUENTRA INSCRITO EN EL RUP Y CUMPLE CÓDIGOS UNSPSC? | J100: =+$J$10 -> VALOR EN RUP (SMMLV) | K100: =+$K$10 -> % PARTIC en el RUP | L100: =+$L$10 -> VALOR DEL CONTRATO TERMINADO (SMMLV) en el RUP | M100: =+$M$10 -> VALOR CERTIFICADO CONTRATO > VEH | N100: =+$N$10 -> VALIDACIÓN DE OBJETO Y/O ALCANCE (SI/NO) (INTERVENTORIA DE OBRA CIVIL) | S100: =+$S$10 -> 0
D101: =+$D$11 -> ENTIDAD | E101: =+$E$11 -> No. DE CONTRATO | F101: =+$F$11 -> OBJETO | G101: =+$G$11 -> CONTRATISTA
B102: 1 | C102: INGEVAL SAS | D102: EDESA | E102: 197-2014 | F102: INTERVENTORIA TECNICA, ADMINISTRATIVA Y FINANCIERA PARA LOS PROYECTOS CONSTRUCCIÓN SISTEMA DE ALCANTARILLADO PLUVIAL CALLE 5 ENTRE CARRERA 7 - 8, CARRERA 7 ENTRE CALLE 5 - 3, CARRERA 8 ENTRE CALLE 3 - 3a Y CALLE 3 ENTRE CARRERA 7 Y DESCOLE EN EL MUNICIPIO DE VISTA HERMOSA, META, CONSTRUCCIÓN SISTEMA DE ALCANTARILLADO PLUVIAL SOBRE LA CARRERA 10 ENTRE CALLES 20 Y 15, CALLES 20, 19a, 19, 18, 16, 15 ENTRE CARRERAS 10 Y 11, CALLE 15 ENTRE CARRERAS 10 Y 3, EN EL MUNICIPIO DE VISTAHERMOSA, META, MEJORAMIENTO DESCARGA ALCANTARILLADO PLUVIAL SECTOR CASA DE LA CULTURA EN EL MUNICIPIO DE VISTA HERMOSA, META, MEJORAMIENTO REDES DE ALCANTARILLADO SANITARIO ZONA 1: CALLES 19A - 25A ENTRE CARRERA 1 - 6A Y ZONA 2: CALLES 9 -14 ENTRE CARRERAS 8 - 12 EN EL MUNICIPIO DE GRANADA, META, MEJORAMIENTO ALCANTARILLADO SANITARIO CR 1 ENTRE CL 14¬10, CR 1A ENTRE CL 10-8, CL 16 ENTRE CR 6-8, CR 7-8A ENTRE CL 16-17, CR 13 ENTRE CL 13-14, CL 13 ENTRE CR 12-13, CL 10A -11A ENTRE CR 10-33, CR 10 ENTRE CL 11-12, CR 7-8 ENTRE CL 10-11, CR 9 EN EL MUNICIPIO DE PUERTO RICO - META, CONSTRUCCIÓN ACUEDUCTO, ALCANTARILLADO SANITARIO Y PLUVIAL URBANIZACIÓN SAN JORGE Y ALCANTARILLADO SANITARIO BARRIO LOS MOLINOS EN EL MUNICIPIO DE SAN MARTIN, META Y MEJORAMIENTO ALCANTARILLADO SANITARIO EN LA CRA 4 ENTRE CLL 14-15, CRA 4 ENTRE CLL 8-9, CR 8 Y 7 ENTRE CLL 9-10, CLL 12A ENTRE CRA 6 Y 8, CRA 6 ENTRE CLL 9-13 EN EL MUNICIPIO DE PUERTO CONCORDIA, META. | G102: INGEVAL SAS | H102: 67 | I102: SI | J102: 1825.87 | K102: 1 | L102: =IF(OR(H102="",I102<>"SI",I102="NO",J102="",J102=0,K102="",K102=0,Q102<>"SI",N102<>"SI"),0,J102*K102) -> 1825.87 | M102: =+IF(C102<>"",IF(L102>=$H$6,"SI","NO"),"") -> SI | N102: SI | Q102: =+IF(C102="","",IF(AND(H102<>"",I102="SI",J102<>"",J102>0,K102<>"",K102>0),"SI","NO")) -> SI | S102: =+IF(C102<>"",IF(AND(M102="SI",N102="SI",Q102="SI"),"HÁBIL","NO HÁBIL"),"") -> HÁBIL
L103: =IF(OR(H103="",I103<>"SI",I103="NO",J103="",J103=0,K103="",K103=0,Q103<>"SI",N103<>"SI"),0,J103*K103) -> 0 | M103: =+IF(C103<>"",IF(L103>=$H$6,"SI","NO"),"") | Q103: =+IF(C103="","",IF(AND(H103<>"",I103="SI",J103<>"",J103>0,K103<>"",K103>0),"SI","NO")) | S103: =+IF(C103<>"",IF(AND(M103="SI",N103="SI",Q103="SI"),"HÁBIL","NO HÁBIL"),"")
L104: =IF(OR(H104="",I104<>"SI",I104="NO",J104="",J104=0,K104="",K104=0,Q104<>"SI",N104<>"SI"),0,J104*K104) -> 0 | M104: =+IF(C104<>"",IF(L104>=$H$6,"SI","NO"),"") | Q104: =+IF(C104="","",IF(AND(H104<>"",I104="SI",J104<>"",J104>0,K104<>"",K104>0),"SI","NO")) | S104: =+IF(C104<>"",IF(AND(M104="SI",N104="SI",Q104="SI"),"HÁBIL","NO HÁBIL"),"")
L105: =IF(OR(H105="",I105<>"SI",I105="NO",J105="",J105=0,K105="",K105=0,Q105<>"SI",N105<>"SI"),0,J105*K105) -> 0 | M105: =+IF(C105<>"",IF(L105>=$H$6,"SI","NO"),"") | Q105: =+IF(C105="","",IF(AND(H105<>"",I105="SI",J105<>"",J105>0,K105<>"",K105>0),"SI","NO")) | S105: =+IF(C105<>"",IF(AND(M105="SI",N105="SI",Q105="SI"),"HÁBIL","NO HÁBIL"),"")
A106: =+$B99 -> 11 | B106: ="A"&B99 -> A11 | C106: =+$C$16 -> PROPONENTE HÁBIL / NO HÁBIL | I106: =IF(S102="","",IF(OR(S102="HÁBIL",S103="HÁBIL",S104="HÁBIL",S105="HÁBIL"),"HÁBIL","NO HÁBIL")) -> HÁBIL
B108: =1+B99 -> 12 | C108: COMPAÑÍA COLOMBIANA DE CONSULTORES SAS -CCC | J108: =+IF(C108="","",$J$9) -> INTEGRANTES | K108: NA | N108: =+B108 -> 12 | O108: =+$O$9 -> OBSERVACIONES | Q108: =+$Q$9 -> ¿EL CONTRATO CUMPLE CON LOS REQUERIMIENTOS ADICIONALES DE EXPERIENCIA EN EL PLIEGO? (INSCRIPCIÓN EN RUP - CÓDIGO UNSPSC - VALOR EN RUP - % DE PARTICIPACIÓN) (SI / NO) | S108: =+$S$9 -> PROPONENTE HÁBIL/NO HÁBIL
B109: =+$B$10 -> ITEM | C109: =+$C$10 -> PROPONENTE / INTEGRANTE OFERENTE PLURAL | D109: =+$D$10 -> INFORMACIÓN DEL CONTRATO | H109: =+H100 -> CONSECUTIVO RUP | I109: =+$I$10 -> ¿SE ENCUENTRA INSCRITO EN EL RUP Y CUMPLE CÓDIGOS UNSPSC? | J109: =+$J$10 -> VALOR EN RUP (SMMLV) | K109: =+$K$10 -> % PARTIC en el RUP | L109: =+$L$10 -> VALOR DEL CONTRATO TERMINADO (SMMLV) en el RUP | M109: =+$M$10 -> VALOR CERTIFICADO CONTRATO > VEH | N109: =+$N$10 -> VALIDACIÓN DE OBJETO Y/O ALCANCE (SI/NO) (INTERVENTORIA DE OBRA CIVIL) | S109: =+$S$10 -> 0
D110: =+$D$11 -> ENTIDAD | E110: =+$E$11 -> No. DE CONTRATO | F110: =+$F$11 -> OBJETO | G110: =+$G$11 -> CONTRATISTA
B111: 1 | C111: COMPAÑÍA COLOMBIANA DE CONSULTORES SAS -CCC | D111: GOBERNACIÓN DE ANTIOQUIA | E111: 95-CO-21-058 | F111: INTERVENTORÍA DE LA AMPLIACIÓN, RECTIFICACIÓN Y PAVIMENTACIÓN DE LA CARRETERA GUATAPÉ-SAN RAFAEL-SAN CARLOS. (68KM) | G111: COMPAÑÍA COLOMBIANA DE CONSULTORES SAS -CCC | H111: 2 | I111: SI | J111: 13669.29 | K111: 1 | L111: =IF(OR(H111="",I111<>"SI",I111="NO",J111="",J111=0,K111="",K111=0,Q111<>"SI",N111<>"SI"),0,J111*K111) -> 13669.29 | M111: =+IF(C111<>"",IF(L111>=$H$6,"SI","NO"),"") -> SI | N111: SI | Q111: =+IF(C111="","",IF(AND(H111<>"",I111="SI",J111<>"",J111>0,K111<>"",K111>0),"SI","NO")) -> SI | S111: =+IF(C111<>"",IF(AND(M111="SI",N111="SI",Q111="SI"),"HÁBIL","NO HÁBIL"),"") -> HÁBIL
L112: =IF(OR(H112="",I112<>"SI",I112="NO",J112="",J112=0,K112="",K112=0,Q112<>"SI",N112<>"SI"),0,J112*K112) -> 0 | M112: =+IF(C112<>"",IF(L112>=$H$6,"SI","NO"),"") | Q112: =+IF(C112="","",IF(AND(H112<>"",I112="SI",J112<>"",J112>0,K112<>"",K112>0),"SI","NO")) | S112: =+IF(C112<>"",IF(AND(M112="SI",N112="SI",Q112="SI"),"HÁBIL","NO HÁBIL"),"")
...

Sheet EXP ESPECIFICA PROPONENTE
B1: Volver al Indice | D1: CONCURSO DE MÉRITOS No. 10827
D2: OBJETO: INTERVENTORÍA TÉCNICA, ADMINISTRATIVA, AMBIENTAL, FINANCIERA Y LEGAL PARA LA CONSERVACIÓN, MANTENIMIENTO Y REHABILITACIÓN DE LAS VÍAS A CARGO DEL DEPARTAMENTO DE ANTIOQUIA EN LAS SUBREGION ORIENTE
B3: NÚMERO DE CONTRATOS: MINIMO 1, MÁXIMO 3 | G3: PESOS | H3: SMMLV-2020 | I3: REQUISITOS DE LA EXPERIENCIA QUE SE PRETENDE ACREDITAR PARA EL PROCESO
B4: PRESUPUESTO OFICIAL | G4: 784601462 | H4: =IFERROR(G4/H8,0) -> 893.82408
B5: PLAZO DEL CONTRATO EN MESES | G5: 6
B6: 0.3 | C6: DEL PRESUPUESTO OFICIAL | G6: =$G$4*$B$6 -> 2.3538044e+08 | H6: =IFERROR(G6/$H$8,0) -> 268.14723
B7: FACTURACION MENSUAL OFICIAL (FMO) EN SMMLV | G7: =IFERROR(IF(G5="","",G4/G5),"") -> 1.3076691e+08 | H7: =IFERROR(IF($G$5="","",ROUND($H$4/$G$5,3)),"") -> 148.971
B8: CODIGO UNSPSC | D8: 81101500 | G8: SMMLV-2020 | H8: 877803 | X8: No. DE CONTRATOS A ACREDITAR EXPERIENCIA ESPECÍFICA (VER PLIEGO) | Y8: 1 | Z8: 1
B10: 1 | C10: CONSORCIO HUPERNIKAO VIAL 827 | J10: =+IF(C10="","","INTEGRANTES") -> INTEGRANTES | K10: JET INGENIERIA SAS 75% - CTO INGENIERIA SAS 25% | R10: PROPONENTE No. | T10: =+B10 -> 1 | U10: PFMP | V10: =IF(T24="",0,T24) -> 63.312 | X10: ¿EL CONTRATO CUMPLE CON LOS REQUERIMIENTOS ADICIONALES DE EXPERIENCIA EN EL PLIEGO? (SI EL CONTRATO NO ES VÁLIDO, INDICAR NO) (SI / NO) | Z10: EXP. ESPECÍFICA A: | AB10: EXP. ESPECÍFICA B: | AG10: 2
B11: ITEM | C11: PROPONENTE / INTEGRANTE OFERENTE PLURAL | D11: INFORMACIÓN DEL CONTRATO | H11: CONSECUTIVO RUP | I11: ¿SE ENCUENTRA INSCRITO EN EL RUP Y CUMPLE CÓDIGOS UNSPSC? | J11: VALOR EN RUP (SMMLV) | K11: % PARTIC en el RUP | L11: VALOR DEL CONTRATO TERMINADO (SMMLV) en el RUP | M11: FECHA DE INICIO | N11: FECHA DE TERMINACION | O11: PLAZO CONTRA-TO (Meses) | P11: Tsusp i | S11: PLAZO i REAL | T11: FACTURA-CION MENSUAL PROPO-NENTE | U11: VALIDACIÓN DE LA EXPERIENCIA GENERAL (SI/NO) | V11: OBSERVACIONES | Z11: Interventoria a la ejecución de obras relacionadas con Colocación de capas granulares (tales como bases y/o sub-bases granulares). | AB11: Interventoria a la Ejecución de obras de subdrenaje y/o drenaje, en carreteras.
D12: ENTIDAD | E12: No. DE CONTRATO | F12: OBJETO | G12: CONTRATISTA | P12: Finicsuspi | Q12: Ftermsuspi | R12: Tsusp i (meses)
A13: =+IF(T13="","",B13) -> 1 | B13: 1 | C13: JET INGENIERIA SAS | D13: GOBERNACIÓN DEL ATLÁNTICO | E13: 0108*2018*000079 | F13: INTERVENTORÍA TÉCNICA, ADMINISTRATIVA, FINANCIERA Y AMBIENTAL DE LAS VÍAS DEL GRUPO VIII DE LA LICITACIÓN PÚBLICA No. LP-DG-007-2017 CUYO OBJETO ES: "MEJORAMIENTO DE LA VÍA SANTO TOMÁS - EL UVITO, CONSTRUCCIÓN PUENTE EL UVITO, CONSTRUCCIÓN PUENTE EL UVITO, REVISIÓN ESTUDIOS Y DISEÑOS" | G13: CONSORCIO TRANSFORMAR VIAL 18-02 | H13: 46 | I13: SI | J13: 2279.23 | K13: 0.5 | L13: =IF(OR(H13="",I13<>"SI",I13="NO",J13="",J13=0,K13="",K13=0,X13<>"SI"),0,J13*K13) -> 1139.615 | M13: 43280 | N13: 43819 | O13: =IF(OR(H13="",I13<>"SI",I13="NO",J13="",J13=0,K13="",K13=0,,M13="",N13=""),"",ROUND((((N13-M13)+1)/30),3)) -> 18 | R13: =IF(OR((Q13-P13)=0,P13="",Q13=""),0,(ROUND((((Q13-P13)+1)/30),3))) -> 0 | S13: =IF(O13="","",ROUND(SUM(O13)-SUM(R13),3)) -> 18 | T13: =+IF(C13="","",IF(OR(S13="",S13<=0,I13="",I13="NO",U13="",U13="NO",X13="NO"),"",ROUND(SUM(L13)/S13,3))) -> 63.312 | U13: SI | X13: =+IF(C13="","",IF(AND(H13<>"",I13="SI",J13<>"",J13>0,K13<>"",K13>0,S13<>"",S13>0,U13="SI"),"SI","NO")) -> SI | Z13: SI | AB13: SI | AD13: =+IF($C$10="","",IF(C13="","",IF(L13>=$H$6,"SI","NO"))) -> SI | AE13: =+IF(OR($T$13="",X13="",X13="NO"),"",L13) -> 1139.615 | AF13: =+IF(AE13="","",L13/$S$13) -> 63.311944 | AG13: =0.1+B10 -> 1.1 | AH13: JET INGENIERIA SAS
A14: =+IF(T14="","",B14) -> 2 | B14: 2 | C14: CTO INGENIERIA SAS | H14: 1 | I14: SI | J14: 2279.23 | K14: 0.5 | L14: =IF(OR(H14="",I14<>"SI",I14="NO",J14="",J14=0,K14="",K14=0,X14<>"SI"),0,J14*K14) -> 1139.615 | M14: 43280 | N14: 43819 | O14: =IF(OR(H14="",I14<>"SI",I14="NO",J14="",J14=0,K14="",K14=0,,M14="",N14=""),"",ROUND((((N14-M14)+1)/30),3)) -> 18 | R14: =IF(OR((Q14-P14)=0,P14="",Q14=""),0,(ROUND((((Q14-P14)+1)/30),3))) -> 0 | S14: =IF(O14="","",ROUND(SUM(O14)-SUM(R14),3)) -> 18 | T14: =+IF(C14="","",IF(OR(S14="",S14<=0,I14="",I14="NO",U14="",U14="NO",X14="NO"),"",ROUND(SUM(L14)/S14,3))) -> 63.312 | U14: SI | X14: =+IF(C14="","",IF(AND(H14<>"",I14="SI",J14<>"",J14>0,K14<>"",K14>0,S14<>"",S14>0,U14="SI"),"SI","NO")) -> SI | Z14: SI | AB14: SI | AD14: =+IF($C$10="","",IF(C14="","",IF(L14>=$H$6,"SI","NO"))) -> SI | AE14: =+IF(OR($T$14="",X14="",X14="NO"),"",L14) -> 1139.615 | AF14: =+IF(AE14="","",L14/$S$14) -> 63.311944 | AG14: =0.2+B10 -> 1.2 | AH14: CTO INGENIERIA SAS
A15: =+IF(T15="","",B15) | L15: =IF(OR(H15="",I15<>"SI",I15="NO",J15="",J15=0,K15="",K15=0,X15<>"SI"),0,J15*K15) -> 0 | O15: =IF(OR(H15="",I15<>"SI",I15="NO",J15="",J15=0,K15="",K15=0,,M15="",N15=""),"",ROUND((((N15-M15)+1)/30),3)) | R15: =IF(OR((Q15-P15)=0,P15="",Q15=""),0,(ROUND((((Q15-P15)+1)/30),3))) -> 0 | S15: =IF(O15="","",ROUND(SUM(O15)-SUM(R15),3)) | T15: =+IF(C15="","",IF(OR(S15="",S15<=0,I15="",I15="NO",U15="",U15="NO",X15="NO"),"",ROUND(SUM(L15)/S15,3))) | X15: =+IF(C15="","",IF(AND(H15<>"",I15="SI",J15<>"",J15>0,K15<>"",K15>0,S15<>"",S15>0,U15="SI"),"SI","NO")) | AD15: =+IF($C$10="","",IF(C15="","",IF(L15>=$H$6,"SI","NO"))) | AE15: =+IF(OR($T$15="",X15="",X15="NO"),"",L15) | AF15: =+IF(AE15="","",L15/$S$15) | AG15: =0.3+B10 -> 1.3
A16: =+IF(T16="","",B16) | L16: =IF(OR(H16="",I16<>"SI",I16="NO",J16="",J16=0,K16="",K16=0,X16<>"SI"),0,J16*K16) -> 0 | O16: =IF(OR(H16="",I16<>"SI",I16="NO",J16="",J16=0,K16="",K16=0,,M16="",N16=""),"",ROUND((((N16-M16)+1)/30),3)) | R16: =IF(OR((Q16-P16)=0,P16="",Q16=""),0,(ROUND((((Q16-P16)+1)/30),3))) -> 0 | S16: =IF(O16="","",ROUND(SUM(O16)-SUM(R16),3)) | T16: =+IF(C16="","",IF(OR(S16="",S16<=0,I16="",I16="NO",U16="",U16="NO",X16="NO"),"",ROUND(SUM(L16)/S16,3))) | X16: =+IF(C16="","",IF(AND(H16<>"",I16="SI",J16<>"",J16>0,K16<>"",K16>0,S16<>"",S16>0,U16="SI"),"SI","NO")) | AD16: =+IF($C$10="","",IF(C16="","",IF(L16>=$H$6,"SI","NO"))) | AE16: =+IF(OR($T$16="",X16="",X16="NO"),"",L16) | AF16: =+IF(AE16="","",L16/$S$16)
A17: =+IF(T17="","",B17) | L17: =IF(OR(H17="",I17<>"SI",I17="NO",J17="",J17=0,K17="",K17=0,X17<>"SI"),0,J17*K17) -> 0 | O17: =IF(OR(H17="",I17<>"SI",I17="NO",J17="",J17=0,K17="",K17=0,,M17="",N17=""),"",ROUND((((N17-M17)+1)/30),3)) | R17: =IF(OR((Q17-P17)=0,P17="",Q17=""),0,(ROUND((((Q17-P17)+1)/30),3))) -> 0 | S17: =IF(O17="","",ROUND(SUM(O17)-SUM(R17),3)) | T17: =+IF(C17="","",IF(OR(S17="",S17<=0,I17="",I17="NO",U17="",U17="NO",X17="NO"),"",ROUND(SUM(L17)/S17,3))) | X17: =+IF(C17="","",IF(AND(H17<>"",I17="SI",J17<>"",J17>0,K17<>"",K17>0,S17<>"",S17>0,U17="SI"),"SI","NO")) | AD17: =+IF($C$10="","",IF(C17="","",IF(L17>=$H$6,"SI","NO"))) | AE17: =+IF(OR($T$17="",X17="",X17="NO"),"",L17) | AF17: =+IF(AE17="","",L17/$S$17)
A18: =+IF(T18="","",B18) | L18: =IF(OR(H18="",I18<>"SI",I18="NO",J18="",J18=0,K18="",K18=0,X18<>"SI"),0,J18*K18) -> 0 | O18: =IF(OR(H18="",I18<>"SI",I18="NO",J18="",J18=0,K18="",K18=0,,M18="",N18=""),"",ROUND((((N18-M18)+1)/30),3)) | R18: =IF(OR((Q18-P18)=0,P18="",Q18=""),0,(ROUND((((Q18-P18)+1)/30),3))) -> 0 | S18: =IF(O18="","",ROUND(SUM(O18)-SUM(R18),3)) | T18: =+IF(C18="","",IF(OR(S18="",S18<=0,I18="",I18="NO",U18="",U18="NO",X18="NO"),"",ROUND(SUM(L18)/S18,3))) | X18: =+IF(C18="","",IF(AND(H18<>"",I18="SI",J18<>"",J18>0,K18<>"",K18>0,S18<>"",S18>0,U18="SI"),"SI","NO")) | AD18: =+IF($C$10="","",IF(C18="","",IF(L18>=$H$6,"SI","NO"))) | AE18: =+IF(OR($T$18="",X18="",X18="NO"),"",L18) | AF18: =+IF(AE18="","",L18/$S$18)
A19: =+IF(T19="","",B19) | L19: =IF(OR(H19="",I19<>"SI",I19="NO",J19="",J19=0,K19="",K19=0,X19<>"SI"),0,J19*K19) -> 0 | O19: =IF(OR(H19="",I19<>"SI",I19="NO",J19="",J19=0,K19="",K19=0,,M19="",N19=""),"",ROUND((((N19-M19)+1)/30),3)) | R19: =IF(OR((Q19-P19)=0,P19="",Q19=""),0,(ROUND((((Q19-P19)+1)/30),3))) -> 0 | S19: =IF(O19="","",ROUND(SUM(O19)-SUM(R19),3)) | T19: =+IF(C19="","",IF(OR(S19="",S19<=0,I19="",I19="NO",U19="",U19="NO",X19="NO"),"",ROUND(SUM(L19)/S19,3))) | X19: =+IF(C19="","",IF(AND(H19<>"",I19="SI",J19<>"",J19>0,K19<>"",K19>0,S19<>"",S19>0,U19="SI"),"SI","NO")) | AD19: =+IF($C$10="","",IF(C19="","",IF(L19>=$H$6,"SI","NO"))) | AE19: =+IF(OR($T$19="",X19="",X19="NO"),"",L19) | AF19: =+IF(AE19="","",L19/$S$19)
A20: =+IF(T20="","",B20) | L20: =IF(OR(H20="",I20<>"SI",I20="NO",J20="",J20=0,K20="",K20=0,X20<>"SI"),0,J20*K20) -> 0 | O20: =IF(OR(H20="",I20<>"SI",I20="NO",J20="",J20=0,K20="",K20=0,,M20="",N20=""),"",ROUND((((N20-M20)+1)/30),3)) | R20: =IF(OR((Q20-P20)=0,P20="",Q20=""),0,(ROUND((((Q20-P20)+1)/30),3))) -> 0 | S20: =IF(O20="","",ROUND(SUM(O20)-SUM(R20),3)) | T20: =+IF(C20="","",IF(OR(S20="",S20<=0,I20="",I20="NO",U20="",U20="NO",X20="NO"),"",ROUND(SUM(L20)/S20,3))) | X20: =+IF(C20="","",IF(AND(H20<>"",I20="SI",J20<>"",J20>0,K20<>"",K20>0,S20<>"",S20>0,U20="SI"),"SI","NO")) | AD20: =+IF($C$10="","",IF(C20="","",IF(L20>=$H$6,"SI","NO"))) | AE20: =+IF(OR($T$20="",X20="",X20="NO"),"",L20) | AF20: =+IF(AE20="","",L20/$S$20)
A21: =+IF(T21="","",B21) | L21: =IF(OR(H21="",I21<>"SI",I21="NO",J21="",J21=0,K21="",K21=0,X21<>"SI"),0,J21*K21) -> 0 | O21: =IF(OR(H21="",I21<>"SI",I21="NO",J21="",J21=0,K21="",K21=0,,M21="",N21=""),"",ROUND((((N21-M21)+1)/30),3)) | R21: =IF(OR((Q21-P21)=0,P21="",Q21=""),0,(ROUND((((Q21-P21)+1)/30),3))) -> 0 | S21: =IF(O21="","",ROUND(SUM(O21)-SUM(R21),3)) | T21: =+IF(C21="","",IF(OR(S21="",S21<=0,I21="",I21="NO",U21="",U21="NO",X21="NO"),"",ROUND(SUM(L21)/S21,3))) | X21: =+IF(C21="","",IF(AND(H21<>"",I21="SI",J21<>"",J21>0,K21<>"",K21>0,S21<>"",S21>0,U21="SI"),"SI","NO")) | AD21: =+IF($C$10="","",IF(C21="","",IF(L21>=$H$6,"SI","NO"))) | AE21: =+IF(OR($T$21="",X21="",X21="NO"),"",L21) | AF21: =+IF(AE21="","",L21/$S$21)
A22: =+IF(T22="","",B22) | L22: =IF(OR(H22="",I22<>"SI",I22="NO",J22="",J22=0,K22="",K22=0,X22<>"SI"),0,J22*K22) -> 0 | O22: =IF(OR(H22="",I22<>"SI",I22="NO",J22="",J22=0,K22="",K22=0,,M22="",N22=""),"",ROUND((((N22-M22)+1)/30),3)) | R22: =IF(OR((Q22-P22)=0,P22="",Q22=""),0,(ROUND((((Q22-P22)+1)/30),3))) -> 0 | S22: =IF(O22="","",ROUND(SUM(O22)-SUM(R22),3)) | T22: =+IF(C22="","",IF(OR(S22="",S22<=0,I22="",I22="NO",U22="",U22="NO",X22="NO"),"",ROUND(SUM(L22)/S22,3))) | X22: =+IF(C22="","",IF(AND(H22<>"",I22="SI",J22<>"",J22>0,K22<>"",K22>0,S22<>"",S22>0,U22="SI"),"SI","NO")) | AD22: =+IF($C$10="","",IF(C22="","",IF(L22>=$H$6,"SI","NO"))) | AE22: =+IF(OR($T$22="",X22="",X22="NO"),"",L22) | AF22: =+IF(AE22="","",L22/$S$22)
B23: ="A"&B10 -> A1 | C23: ¿CADA INTEGRANTE DE PROPONENTE PLURAL APORTAN CONTRATO? (SI; NO; NA) | I23: =+IF(AG10="","",IF(AG10=1,"NA",IF(AND(AG10=3,(IF(COUNTIFS(C13:C22,AH13,AE13:AE22,">0")>=1,1,0)+IF(COUNTIFS(C13:C22,AH14,AE13:AE22,">0")>=1,1,0)+IF(COUNTIFS(C13:C22,AH15,AE13:AE22,">0")>=1,1,0))>=AG10),"SI",IF(AND(AG10=2,(IF(COUNTIFS(C13:C22,AH13,AE13:AE22,">0")>=1,1,0)+IF(COUNTIFS(C13:C22,AH14,AE13:AE22,">0")>=1,1,0))>=AG10),"SI","NO")))) -> SI | P23: FACTURACION MENSUAL TOTAL | T23: =ROUND(SUM(T13:T22),3) -> 126.624
B24: ="B"&B10 -> B1 | C24: =+CONCATENATE("En caso de proponente plural: ¿De la totalidad de los contratos aportados por el proponente plural, el valor ejecutado de uno de ellos deberá ser igual o superior al ",(B6*100),"%"," del P.O.? (SI; NO; NA)") -> En caso de proponente plural: ¿De la totalidad de los contratos aportados por el proponente plural, el valor ejecutado de uno de ellos deberá ser igual o superior al 30% del P.O.? (SI; NO; NA) | H24: =+$H$6 -> 268.14723 | I24: =+IF(AG10="","",IF(AG10=1,"NA",IF(AND(AG10>1,(COUNTIFS(AD13:AD22,"SI",AE13:AE22,">0"))>=1),"SI","NO"))) -> SI | P24: PROMEDIO FACTURACIÓN MENSUAL DEL PROPONENTE (PFMP) | T24: {=IF(T23=0,0,ROUND(T23/(SUM(IF(FREQUENCY(A13:A22,A13:A22)>0,1))),3))} -> 63.312
B25: ="C"&B10 -> C1 | C25: PROPONENTE CUMPLE CON LAS ACTIVIDADES a) y b)? (SI; NO) | I25: =IF(C10="","",(IF(AND(COUNTIFS(X13:X22,"SI",Z13:Z22,"SI")>=$Z$8,COUNTIFS(X13:X22,"SI",AB13:AB22,"SI")>=$Z$8),"SI","NO"))) -> SI | P25: VALOR PUNTAJE POR EXPERIENCIA DEL PROPONENTE | T25: =IF(OR(C10="",'ASIGNACION DE PUNTAJES'!$C$5=""),"",VLOOKUP(B10,'ASIGNACION DE PUNTAJES'!$A$15:$G$69,7,FALSE)) -> 325.997
B27: =1+B10 -> 2 | C27: CONSORCIO INTERANTIOQUIA | J27: =+IF(C27="","","INTEGRANTES") -> INTEGRANTES | K27: CPS INFRAESTRUCTURAS COLOMBIA SAS 50% - INGENIERIA DF SAS 50% | R27: =+$R$10 -> PROPONENTE No. | T27: =+B27 -> 2 | U27: =+$U$10 -> PFMP | V27: =IF(T41="",0,T41) -> 119.177 | X27: ¿EL CONTRATO CUMPLE CON LOS REQUERIMIENTOS ADICIONALES DE EXPERIENCIA EN EL PLIEGO? (SI EL CONTRATO NO ES VÁLIDO, INDICAR NO) (SI / NO) | Z27: =+$Z$10 -> EXP. ESPECÍFICA A: | AB27: =+$AB$10 -> EXP. ESPECÍFICA B: | AG27: 2
B28: =+$B$11 -> ITEM | C28: =+$C$11 -> PROPONENTE / INTEGRANTE OFERENTE PLURAL | D28: =+$D$11 -> INFORMACIÓN DEL CONTRATO | H28: =+H11 -> CONSECUTIVO RUP | I28: =+$I$11 -> ¿SE ENCUENTRA INSCRITO EN EL RUP Y CUMPLE CÓDIGOS UNSPSC? | J28: =+$J$11 -> VALOR EN RUP (SMMLV) | K28: =+$K$11 -> % PARTIC en el RUP | L28: =+$L$11 -> VALOR DEL CONTRATO TERMINADO (SMMLV) en el RUP | M28: =+$M$11 -> FECHA DE INICIO | N28: =+$N$11 -> FECHA DE TERMINACION | O28: =+$O$11 -> PLAZO CONTRA-TO (Meses) | P28: =+$P$11 -> Tsusp i | S28: =+$S$11 -> PLAZO i REAL | T28: =+$T$11 -> FACTURA-CION MENSUAL PROPO-NENTE | U28: =+$U$11 -> VALIDACIÓN DE LA EXPERIENCIA GENERAL (SI/NO) | V28: =+$V$11 -> OBSERVACIONES | Z28: =+$Z$11 -> Interventoria a la ejecución de obras relacionadas con Colocación de capas granulares (tales como bases y/o sub-bases granulares). | AB28: =+$AB$11 -> Interventoria a la Ejecución de obras de subdrenaje y/o drenaje, en carreteras.
D29: =+$D$12 -> ENTIDAD | E29: =+$E$12 -> No. DE CONTRATO | F29: =+$F$12 -> OBJETO | G29: =+$G$12 -> CONTRATISTA | P29: =+P12 -> Finicsuspi | Q29: =+Q12 -> Ftermsuspi | R29: =+R12 -> Tsusp i (meses)
A30: =+IF(T30="","",B30) -> 1 | B30: 1 | C30: CPS INFRAESTRUCTURAS COLOMBIA SAS | D30: GENERALITAT VALENCIANA | E30: n/s | F30: ASISTENCIA TÉCNICA PARA LA EJECUCIÓN DEL PROYECTO DE CONSTRUCCIÓN DEL TERCER CARRIL DE LA AUTOVÍA DE LLIRIA, TRAMO TVV‐BYPASS. PATERNA (VALENCIA) | G30: CPS INGENIEROS OBRA CIVIL Y MEDIO AMBIENTE SL | H30: 13 | I30: SI | J30: 3324.8 | K30: 1 | L30: =IF(OR(H30="",I30<>"SI",I30="NO",J30="",J30=0,K30="",K30=0,X30<>"SI"),0,J30*K30) -> 3324.8 | M30: 37120 | N30: 37946 | O30: =IF(OR(H30="",I30<>"SI",I30="NO",J30="",J30=0,K30="",K30=0,,M30="",N30=""),"",ROUND((((N30-M30)+1)/30),3)) -> 27.567 | R30: =IF(OR((Q30-P30)=0,P30="",Q30=""),0,(ROUND((((Q30-P30)+1)/30),3))) -> 0 | S30: =IF(O30="","",ROUND(SUM(O30)-SUM(R30),3)) -> 27.567 | T30: =+IF(C30="","",IF(OR(S30="",S30<=0,I30="",I30="NO",U30="",U30="NO",X30="NO"),"",ROUND(SUM(L30)/S30,3))) -> 120.608 | U30: SI | X30: =+IF(C30="","",IF(AND(H30<>"",I30="SI",J30<>"",J30>0,K30<>"",K30>0,S30<>"",S30>0,U30="SI"),"SI","NO")) -> SI | Z30: SI | AB30: SI | AD30: =+IF($C$27="","",IF(C30="","",IF(L30>=$H$6,"SI","NO"))) -> SI | AE30: =+IF(OR($T$30="",X30="",X30="NO"),"",L30) -> 3324.8 | AF30: =+IF(AE30="","",L30/$S$30) -> 120.60797 | AG30: =0.1+B27 -> 2.1 | AH30: CPS INFRAESTRUCTURAS COLOMBIA SAS
A31: =+IF(T31="","",B31) -> 2 | B31: 2 | C31: CPS INFRAESTRUCTURAS COLOMBIA SAS | D31: GENERALITAT VALENCIANA ‐ AYUNTAMIENTO DE VALENCIA | E31: n/s | F31: DIRECCIÓN DE OBRA Y COORDINACIÓN DE SEGURIDAD Y SALUD DE LAS OBRAS DE RENOVACIÓN DE INFRAESTRUCTURAS VIARIAS Y MEJORAS MEDIOAMBIENTALES Y DE ACCESIBILIDAD CON PAVIMENTO FONOABSORBENTE EN LA AVENIDA PRIMADO REIG | G31: CPS INGENIEROS OBRA CIVIL Y MEDIO AMBIENTE SL | H31: 26 | I31: SI | J31: 203.45 | K31: 1 | L31: =IF(OR(H31="",I31<>"SI",I31="NO",J31="",J31=0,K31="",K31=0,X31<>"SI"),0,J31*K31) -> 203.45 | M31: 40833 | N31: 40901 | O31: =IF(OR(H31="",I31<>"SI",I31="NO",J31="",J31=0,K31="",K31=0,,M31="",N31=""),"",ROUND((((N31-M31)+1)/30),3)) -> 2.3 | R31: =IF(OR((Q31-P31)=0,P31="",Q31=""),0,(ROUND((((Q31-P31)+1)/30),3))) -> 0 | S31: =IF(O31="","",ROUND(SUM(O31)-SUM(R31),3)) -> 2.3 | T31: =+IF(C31="","",IF(OR(S31="",S31<=0,I31="",I31="NO",U31="",U31="NO",X31="NO"),"",ROUND(SUM(L31)/S31,3))) -> 88.457 | U31: SI | X31: =+IF(C31="","",IF(AND(H31<>"",I31="SI",J31<>"",J31>0,K31<>"",K31>0,S31<>"",S31>0,U31="SI"),"SI","NO")) -> SI | Z31: NO | AB31: NO | AD31: =+IF($C$27="","",IF(C31="","",IF(L31>=$H$6,"SI","NO"))) -> NO | AE31: =+IF(OR($T$31="",X31="",X31="NO"),"",L31) -> 203.45 | AF31: =+IF(AE31="","",L31/$S$31) -> 88.456522 | AG31: =0.2+B27 -> 2.2 | AH31: INGENIERIA DF SAS
A32: =+IF(T32="","",B32) -> 3 | B32: 3 | C32: INGENIERIA DF SAS | D32: INSTITUTO DE DESARROLLO URBANO - IDU | E32: IDU-1836-2013 | F32: INTERVENTORÍA TÉCNICA, ADMINISTRATIVA, FINANCIERA, LEGAL, SOCIAL Y SEGURIDAD INDUSTRIAL, SALUD OCUPACIONAL Y MEDIO AMBIENTE PARA LAS OBRAS Y ACTIVIDADES PARA LA CONSERVACIÓN DE LA MALLA VIALARTERIAL NO TRONCAL, EN EL GRUPO 2, FASE 1 — 2013, A PRECIO GLOBAL CON AJUSTE, EN LA CIUDAD DE BOGOTÁ D.C. | G32: DIEGO FERNANDO FONSECA CHAVEZ | H32: 13 | I32: SI | J32: 2805.99 | K32: 1 | L32: =IF(OR(H32="",I32<>"SI",I32="NO",J32="",J32=0,K32="",K32=0,X32<>"SI"),0,J32*K32) -> 2805.99 | M32: 41683 | N32: 42249 | O32: =IF(OR(H32="",I32<>"SI",I32="NO",J32="",J32=0,K32="",K32=0,,M32="",N32=""),"",ROUND((((N32-M32)+1)/30),3)) -> 18.9 | R32: =IF(OR((Q32-P32)=0,P32="",Q32=""),0,(ROUND((((Q32-P32)+1)/30),3))) -> 0 | S32: =IF(O32="","",ROUND(SUM(O32)-SUM(R32),3)) -> 18.9 | T32: =+IF(C32="","",IF(OR(S32="",S32<=0,I32="",I32="NO",U32="",U32="NO",X32="NO"),"",ROUND(SUM(L32)/S32,3))) -> 148.465 | U32: SI | X32: =+IF(C32="","",IF(AND(H32<>"",I32="SI",J32<>"",J32>0,K32<>"",K32>0,S32<>"",S32>0,U32="SI"),"SI","NO")) -> SI | Z32: SI | AB32: SI | AD32: =+IF($C$27="","",IF(C32="","",IF(L32>=$H$6,"SI","NO"))) -> SI | AE32: =+IF(OR($T$31="",X32="",X32="NO"),"",L32) -> 2805.99 | AF32: =+IF(AE32="","",L32/$S$31) -> 1219.9957 | AG32: =0.3+B27 -> 2.3
A33: =+IF(T33="","",B33) | L33: =IF(OR(H33="",I33<>"SI",I33="NO",J33="",J33=0,K33="",K33=0,X33<>"SI"),0,J33*K33) -> 0 | O33: =IF(OR(H33="",I33<>"SI",I33="NO",J33="",J33=0,K33="",K33=0,,M33="",N33=""),"",ROUND((((N33-M33)+1)/30),3)) | R33: =IF(OR((Q33-P33)=0,P33="",Q33=""),0,(ROUND((((Q33-P33)+1)/30),3))) -> 0 | S33: =IF(O33="","",ROUND(SUM(O33)-SUM(R33),3)) | T33: =+IF(C33="","",IF(OR(S33="",S33<=0,I33="",I33="NO",U33="",U33="NO",X33="NO"),"",ROUND(SUM(L33)/S33,3))) | X33: =+IF(C33="","",IF(AND(H33<>"",I33="SI",J33<>"",J33>0,K33<>"",K33>0,S33<>"",S33>0,U33="SI"),"SI","NO")) | AD33: =+IF($C$27="","",IF(C33="","",IF(L33>=$H$6,"SI","NO"))) | AE33: =+IF(OR($T$33="",X33="",X33="NO"),"",L33) | AF33: =+IF(AE33="","",L33/$S$33)
A34: =+IF(T34="","",B34) | L34: =IF(OR(H34="",I34<>"SI",I34="NO",J34="",J34=0,K34="",K34=0,X34<>"SI"),0,J34*K34) -> 0 | O34: =IF(OR(H34="",I34<>"SI",I34="NO",J34="",J34=0,K34="",K34=0,,M34="",N34=""),"",ROUND((((N34-M34)+1)/30),3)) | R34: =IF(OR((Q34-P34)=0,P34="",Q34=""),0,(ROUND((((Q34-P34)+1)/30),3))) -> 0 | S34: =IF(O34="","",ROUND(SUM(O34)-SUM(R34),3)) | T34: =+IF(C34="","",IF(OR(S34="",S34<=0,I34="",I34="NO",U34="",U34="NO",X34="NO"),"",ROUND(SUM(L34)/S34,3))) | X34: =+IF(C34="","",IF(AND(H34<>"",I34="SI",J34<>"",J34>0,K34<>"",K34>0,S34<>"",S34>0,U34="SI"),"SI","NO")) | AD34: =+IF($C$27="","",IF(C34="","",IF(L34>=$H$6,"SI","NO"))) | AE34: =+IF(OR($T$34="",X34="",X34="NO"),"",L34) | AF34: =+IF(AE34="","",L34/$S$34)
A35: =+IF(T35="","",B35) | L35: =IF(OR(H35="",I35<>"SI",I35="NO",J35="",J35=0,K35="",K35=0,X35<>"SI"),0,J35*K35) -> 0 | O35: =IF(OR(H35="",I35<>"SI",I35="NO",J35="",J35=0,K35="",K35=0,,M35="",N35=""),"",ROUND((((N35-M35)+1)/30),3)) | R35: =IF(OR((Q35-P35)=0,P35="",Q35=""),0,(ROUND((((Q35-P35)+1)/30),3))) -> 0 | S35: =IF(O35="","",ROUND(SUM(O35)-SUM(R35),3)) | T35: =+IF(C35="","",IF(OR(S35="",S35<=0,I35="",I35="NO",U35="",U35="NO",X35="NO"),"",ROUND(SUM(L35)/S35,3))) | X35: =+IF(C35="","",IF(AND(H35<>"",I35="SI",J35<>"",J35>0,K35<>"",K35>0,S35<>"",S35>0,U35="SI"),"SI","NO")) | AD35: =+IF($C$27="","",IF(C35="","",IF(L35>=$H$6,"SI","NO"))) | AE35: =+IF(OR($T$35="",X35="",X35="NO"),"",L35) | AF35: =+IF(AE35="","",L35/$S$35)
A36: =+IF(T36="","",B36) | L36: =IF(OR(H36="",I36<>"SI",I36="NO",J36="",J36=0,K36="",K36=0,X36<>"SI"),0,J36*K36) -> 0 | O36: =IF(OR(H36="",I36<>"SI",I36="NO",J36="",J36=0,K36="",K36=0,,M36="",N36=""),"",ROUND((((N36-M36)+1)/30),3)) | R36: =IF(OR((Q36-P36)=0,P36="",Q36=""),0,(ROUND((((Q36-P36)+1)/30),3))) -> 0 | S36: =IF(O36="","",ROUND(SUM(O36)-SUM(R36),3)) | T36: =+IF(C36="","",IF(OR(S36="",S36<=0,I36="",I36="NO",U36="",U36="NO",X36="NO"),"",ROUND(SUM(L36)/S36,3))) | X36: =+IF(C36="","",IF(AND(H36<>"",I36="SI",J36<>"",J36>0,K36<>"",K36>0,S36<>"",S36>0,U36="SI"),"SI","NO")) | AD36: =+IF($C$27="","",IF(C36="","",IF(L36>=$H$6,"SI","NO"))) | AE36: =+IF(OR($T$36="",X36="",X36="NO"),"",L36) | AF36: =+IF(AE36="","",L36/$S$36)
A37: =+IF(T37="","",B37) | L37: =IF(OR(H37="",I37<>"SI",I37="NO",J37="",J37=0,K37="",K37=0,X37<>"SI"),0,J37*K37) -> 0 | O37: =IF(OR(H37="",I37<>"SI",I37="NO",J37="",J37=0,K37="",K37=0,,M37="",N37=""),"",ROUND((((N37-M37)+1)/30),3)) | R37: =IF(OR((Q37-P37)=0,P37="",Q37=""),0,(ROUND((((Q37-P37)+1)/30),3))) -> 0 | S37: =IF(O37="","",ROUND(SUM(O37)-SUM(R37),3)) | T37: =+IF(C37="","",IF(OR(S37="",S37<=0,I37="",I37="NO",U37="",U37="NO",X37="NO"),"",ROUND(SUM(L37)/S37,3))) | X37: =+IF(C37="","",IF(AND(H37<>"",I37="SI",J37<>"",J37>0,K37<>"",K37>0,S37<>"",S37>0,U37="SI"),"SI","NO")) | AD37: =+IF($C$27="","",IF(C37="","",IF(L37>=$H$6,"SI","NO"))) | AE37: =+IF(OR($T$37="",X37="",X37="NO"),"",L37) | AF37: =+IF(AE37="","",L37/$S$37)
A38: =+IF(T38="","",B38) | L38: =IF(OR(H38="",I38<>"SI",I38="NO",J38="",J38=0,K38="",K38=0,X38<>"SI"),0,J38*K38) -> 0 | O38: =IF(OR(H38="",I38<>"SI",I38="NO",J38="",J38=0,K38="",K38=0,,M38="",N38=""),"",ROUND((((N38-M38)+1)/30),3)) | R38: =IF(OR((Q38-P38)=0,P38="",Q38=""),0,(ROUND((((Q38-P38)+1)/30),3))) -> 0 | S38: =IF(O38="","",ROUND(SUM(O38)-SUM(R38),3)) | T38: =+IF(C38="","",IF(OR(S38="",S38<=0,I38="",I38="NO",U38="",U38="NO",X38="NO"),"",ROUND(SUM(L38)/S38,3))) | X38: =+IF(C38="","",IF(AND(H38<>"",I38="SI",J38<>"",J38>0,K38<>"",K38>0,S38<>"",S38>0,U38="SI"),"SI","NO")) | AD38: =+IF($C$27="","",IF(C38="","",IF(L38>=$H$6,"SI","NO"))) | AE38: =+IF(OR($T$38="",X38="",X38="NO"),"",L38) | AF38: =+IF(AE38="","",L38/$S$38)
A39: =+IF(T39="","",B39) | L39: =IF(OR(H39="",I39<>"SI",I39="NO",J39="",J39=0,K39="",K39=0,X39<>"SI"),0,J39*K39) -> 0 | O39: =IF(OR(H39="",I39<>"SI",I39="NO",J39="",J39=0,K39="",K39=0,,M39="",N39=""),"",ROUND((((N39-M39)+1)/30),3)) | R39: =IF(OR((Q39-P39)=0,P39="",Q39=""),0,(ROUND((((Q39-P39)+1)/30),3))) -> 0 | S39: =IF(O39="","",ROUND(SUM(O39)-SUM(R39),3)) | T39: =+IF(C39="","",IF(OR(S39="",S39<=0,I39="",I39="NO",U39="",U39="NO",X39="NO"),"",ROUND(SUM(L39)/S39,3))) | X39: =+IF(C39="","",IF(AND(H39<>"",I39="SI",J39<>"",J39>0,K39<>"",K39>0,S39<>"",S39>0,U39="SI"),"SI","NO")) | AD39: =+IF($C$27="","",IF(C39="","",IF(L39>=$H$6,"SI","NO"))) | AE39: =+IF(OR($T$39="",X39="",X39="NO"),"",L39) | AF39: =+IF(AE39="","",L39/$S$39)
B40: ="A"&B27 -> A2 | C40: =+$C$23 -> ¿CADA INTEGRANTE DE PROPONENTE PLURAL APORTAN CONTRATO? (SI; NO; NA) | I40: =+IF(AG27="","",IF(AG27=1,"NA",IF(AND(AG27=3,(IF(COUNTIFS(C30:C39,AH30,AE30:AE39,">0")>=1,1,0)+IF(COUNTIFS(C30:C39,AH31,AE30:AE39,">0")>=1,1,0)+IF(COUNTIFS(C30:C39,AH33,AE30:AE39,">0")>=1,1,0))>=AG27),"SI",IF(AND(AG27=2,(IF(COUNTIFS(C30:C39,AH30,AE30:AE39,">0")>=1,1,0)+IF(COUNTIFS(C30:C39,AH31,AE30:AE39,">0")>=1,1,0))>=AG27),"SI","NO")))) -> SI | P40: =+$P$23 -> FACTURACION MENSUAL TOTAL | T40: =ROUND(SUM(T30:T39),3) -> 357.53
B41: ="B"&B27 -> B2 | C41: =+C24 -> En caso de proponente plural: ¿De la totalidad de los contratos aportados por el proponente plural, el valor ejecutado de uno de ellos deberá ser igual o superior al 30% del P.O.? (SI; NO; NA) | H41: =+$H$6 -> 268.14723 | I41: =+IF(AG27="","",IF(AG27=1,"NA",IF(AND(AG27>1,(COUNTIFS(AD30:AD39,"SI",AE30:AE39,">0"))>=1),"SI","NO"))) -> SI | P41: =+$P$24 -> PROMEDIO FACTURACIÓN MENSUAL DEL PROPONENTE (PFMP) | T41: {=IF(T40=0,0,ROUND(T40/(SUM(IF(FREQUENCY(A30:A39,A30:A39)>0,1))),3))} -> 119.177
B42: ="C"&B27 -> C2 | C42: =+$C$25 -> PROPONENTE CUMPLE CON LAS ACTIVIDADES a) y b)? (SI; NO) | I42: =IF(C27="","",(IF(AND(COUNTIFS(X30:X39,"SI",Z30:Z39,"SI")>=$Z$8,COUNTIFS(X30:X39,"SI",AB30:AB39,"SI")>=$Z$8),"SI","NO"))) -> SI | P42: =+$P$25 -> VALOR PUNTAJE POR EXPERIENCIA DEL PROPONENTE | T42: =IF(OR(C27="",'ASIGNACION DE PUNTAJES'!$C$5=""),"",VLOOKUP(B27,'ASIGNACION DE PUNTAJES'!$A$15:$G$69,7,FALSE))
B44: =1+B27 -> 3 | C44: CONSORCIO JE ORIENTE | J44: =+IF(C44="","","INTEGRANTES") -> INTEGRANTES | K44: ELSA MARIA RUEDA LANDINEZ INGENIERIA SAS 50% - AEROVIAS INGENIERIA SAS 50% | R44: =+$R$10 -> PROPONENTE No. | T44: =+B44 -> 3 | U44: =+$U$10 -> PFMP | V44: =IF(T58="",0,T58) -> 119.366 | X44: ¿EL CONTRATO CUMPLE CON LOS REQUERIMIENTOS ADICIONALES DE EXPERIENCIA EN EL PLIEGO? (SI EL CONTRATO NO ES VÁLIDO, INDICAR NO) (SI / NO) | Z44: =+$Z$10 -> EXP. ESPECÍFICA A: | AB44: =+$AB$10 -> EXP. ESPECÍFICA B: | AG44: 2
B45: =+$B$11 -> ITEM | C45: =+$C$11 -> PROPONENTE / INTEGRANTE OFERENTE PLURAL | D45: =+$D$11 -> INFORMACIÓN DEL CONTRATO | H45: =+H28 -> CONSECUTIVO RUP | I45: =+$I$11 -> ¿SE ENCUENTRA INSCRITO EN EL RUP Y CUMPLE CÓDIGOS UNSPSC? | J45: =+$J$11 -> VALOR EN RUP (SMMLV) | K45: =+$K$11 -> % PARTIC en el RUP | L45: =+$L$11 -> VALOR DEL CONTRATO TERMINADO (SMMLV) en el RUP | M45: =+$M$11 -> FECHA DE INICIO | N45: =+$N$11 -> FECHA DE TERMINACION | O45: =+$O$11 -> PLAZO CONTRA-TO (Meses) | P45: =+$P$11 -> Tsusp i | S45: =+$S$11 -> PLAZO i REAL | T45: =+$T$11 -> FACTURA-CION MENSUAL PROPO-NENTE | U45: =+$U$11 -> VALIDACIÓN DE LA EXPERIENCIA GENERAL (SI/NO) | V45: =+$V$11 -> OBSERVACIONES | Z45: =+$Z$11 -> Interventoria a la ejecución de obras relacionadas con Colocación de capas granulares (tales como bases y/o sub-bases granulares). | AB45: =+$AB$11 -> Interventoria a la Ejecución de obras de subdrenaje y/o drenaje, en carreteras.
D46: =+$D$12 -> ENTIDAD | E46: =+$E$12 -> No. DE CONTRATO | F46: =+$F$12 -> OBJETO | G46: =+$G$12 -> CONTRATISTA | P46: =+P29 -> Finicsuspi | Q46: =+Q29 -> Ftermsuspi | R46: =+R29 -> Tsusp i (meses)
A47: =+IF(T47="","",B47) -> 1 | B47: 1 | C47: ELSA MARIA RUEDA LANDINEZ INGENIERIA SAS | D47: INSTITUTO DE INFRAESTRUCTURA Y CONCESIONES DE CUNDINAMARCA- ICCU | E47: ICCU-023-2014 | F47: EJECUTAR LA INTERVENTORÍA TÉCNICA, ADMINISTRATIVA Y FINANCIERA AL CONTRATO DE OBRA ICCU-843-13. CUYO OBJETO ES "EL MEJORAMIENTO Y REHABILITACIÓN DE LA VÍA SUPATA - SAN FRANCISCO, (SECTOR BUENOS AIRES K0+000 HASTA EL K3+500) K0+000 UBICADO EN EL SECTOR LA TRINIDAD DEL MUNICIPIO DE SUPATA CUNDINAMARCA | G47: ELSA MARIA RUEDA LANDINEZ | H47: 55 | I47: SI | J47: 422.01 | K47: 1 | L47: =IF(OR(H47="",I47<>"SI",I47="NO",J47="",J47=0,K47="",K47=0,X47<>"SI"),0,J47*K47) -> 422.01 | M47: 41723 | N47: 42004 | O47: =IF(OR(H47="",I47<>"SI",I47="NO",J47="",J47=0,K47="",K47=0,,M47="",N47=""),"",ROUND((((N47-M47)+1)/30),3)) -> 9.4 | P47: 41750 | Q47: 41777 | R47: =IF(OR((Q47-P47)=0,P47="",Q47=""),0,(ROUND((((Q47-P47)+1)/30),3))) -> 0.933 | S47: =IF(O47="","",ROUND(SUM(O47)-SUM(R47:R48),3)) -> 7.134 | T47: =+IF(C47="","",IF(OR(S47="",S47<=0,I47="",I47="NO",U47="",U47="NO",X47="NO"),"",ROUND(SUM(L47)/S47,3))) -> 59.155 | U47: SI | X47: =+IF(C47="","",IF(AND(H47<>"",I47="SI",J47<>"",J47>0,K47<>"",K47>0,S47<>"",S47>0,U47="SI"),"SI","NO")) -> SI | Z47: SI | AB47: SI | AD47: =+IF($C$44="","",IF(C47="","",IF(L47>=$H$6,"SI","NO"))) -> SI | AE47: =+IF(OR($T$47="",X47="",X47="NO"),"",L47) -> 422.01 | AF47: =+IF(AE47="","",L47/$S$47) -> 59.154752 | AG47: =0.1+B44 -> 3.1 | AH47: ELSA MARIA RUEDA LANDINEZ INGENIERIA SAS
A48: =+IF(T48="","",B48) | L48: =IF(OR(H48="",I48<>"SI",I48="NO",J48="",J48=0,K48="",K48=0,X48<>"SI"),0,J48*K48) -> 0 | O48: =IF(OR(H48="",I48<>"SI",I48="NO",J48="",J48=0,K48="",K48=0,,M48="",N48=""),"",ROUND((((N48-M48)+1)/30),3)) | P48: 41911 | Q48: 41950 | R48: =IF(OR((Q48-P48)=0,P48="",Q48=""),0,(ROUND((((Q48-P48)+1)/30),3))) -> 1.333 | S48: =IF(O48="","",ROUND(SUM(O48)-SUM(R48),3)) | T48: =+IF(C48="","",IF(OR(S48="",S48<=0,I48="",I48="NO",U48="",U48="NO",X48="NO"),"",ROUND(SUM(L48)/S48,3))) | X48: =+IF(C48="","",IF(AND(H48<>"",I48="SI",J48<>"",J48>0,K48<>"",K48>0,S48<>"",S48>0,U48="SI"),"SI","NO")) | AD48: =+IF($C$44="","",IF(C48="","",IF(L48>=$H$6,"SI","NO"))) | AE48: =+IF(OR($T$48="",X48="",X48="NO"),"",L48) | AF48: =+IF(AE48="","",L48/$S$48) | AG48: =0.2+B44 -> 3.2 | AH48: AEROVIAS INGENIERIA SAS
A49: =+IF(T49="","",B49) -> 2 | B49: 2 | C49: AEROVIAS INGENIERIA SAS | D49: GOBERNACION DE CASANARE | E49: 751 de 2005 | F49: INTERVENTORÍA TÉCNICA Y ADMINISTRATIVA PARA LA PAVIMENTACION VIÍA HATO COROZAL SAN SALVADOR (K0+000 AL K17+670) MUNICIPIO DE HATOCOROZAL - | G49: CONSORCIO RED VIAL | H49: 10 | I49: SI | J49: 3126.26 | K49: 0.95 | L49: =IF(OR(H49="",I49<>"SI",I49="NO",J49="",J49=0,K49="",K49=0,X49<>"SI"),0,J49*K49) -> 2969.947 | M49: 38701 | N49: 39856 | O49: =IF(OR(H49="",I49<>"SI",I49="NO",J49="",J49=0,K49="",K49=0,,M49="",N49=""),"",ROUND((((N49-M49)+1)/30),3)) -> 38.533 | P49: 39357 | Q49: 39385 | R49: =IF(OR((Q49-P49)=0,P49="",Q49=""),0,(ROUND((((Q49-P49)+1)/30),3))) -> 0.967 | S49: =IF(O49="","",ROUND(SUM(O49)-SUM(R49:R50),3)) -> 35.533 | T49: =+IF(C49="","",IF(OR(S49="",S49<=0,I49="",I49="NO",U49="",U49="NO",X49="NO"),"",ROUND(SUM(L49)/S49,3))) -> 83.583 | U49: SI | X49: =+IF(C49="","",IF(AND(H49<>"",I49="SI",J49<>"",J49>0,K49<>"",K49>0,S49<>"",S49>0,U49="SI"),"SI","NO")) -> SI | Z49: SI | AB49: SI | AD49: =+IF($C$44="","",IF(C49="","",IF(L49>=$H$6,"SI","NO"))) -> SI | AE49: =+IF(OR($T$49="",X49="",X49="NO"),"",L49) -> 2969.947 | AF49: =+IF(AE49="","",L49/$S$49) -> 83.582782 | AG49: =0.3+B44 -> 3.3
A50: =+IF(T50="","",B50) | L50: =IF(OR(H50="",I50<>"SI",I50="NO",J50="",J50=0,K50="",K50=0,X50<>"SI"),0,J50*K50) -> 0 | O50: =IF(OR(H50="",I50<>"SI",I50="NO",J50="",J50=0,K50="",K50=0,,M50="",N50=""),"",ROUND((((N50-M50)+1)/30),3)) | P50: 39772 | Q50: 39832 | R50: =IF(OR((Q50-P50)=0,P50="",Q50=""),0,(ROUND((((Q50-P50)+1)/30),3))) -> 2.033 | S50: =IF(O50="","",ROUND(SUM(O50)-SUM(R50),3)) | T50: =+IF(C50="","",IF(OR(S50="",S50<=0,I50="",I50="NO",U50="",U50="NO",X50="NO"),"",ROUND(SUM(L50)/S50,3))) | X50: =+IF(C50="","",IF(AND(H50<>"",I50="SI",J50<>"",J50>0,K50<>"",K50>0,S50<>"",S50>0,U50="SI"),"SI","NO")) | AD50: =+IF($C$44="","",IF(C50="","",IF(L50>=$H$6,"SI","NO"))) | AE50: =+IF(OR($T$50="",X50="",X50="NO"),"",L50) | AF50: =+IF(AE50="","",L50/$S$50)
A51: =+IF(T51="","",B51) -> 3 | B51: 3 | C51: AEROVIAS INGENIERIA SAS | D51: AEROCIVIL | E51: 13000279-OJ-2013 | F51: INTERVENTORIA PARA EL MEJORAMIENTO DE LAS ZONAS DE SEGURIDAD Y PISTA EN LA CABECERA 17 Y SU CONEXIÓN MEDIANTE LA PROLONGACION DE LA CALLE DE RODAJE CHARLIE DEL AEROPUERTO PALONEGRO DE LA CIUDAD DE BUCARAMANGA SANTANDER. | G51: UNIÓN TEMPORAL ARCA | H51: 16 | I51: SI | J51: 3958.6 | K51: 0.7 | L51: =IF(OR(H51="",I51<>"SI",I51="NO",J51="",J51=0,K51="",K51=0,X51<>"SI"),0,J51*K51) -> 2771.02 | M51: 41646 | N51: 42161 | O51: =IF(OR(H51="",I51<>"SI",I51="NO",J51="",J51=0,K51="",K51=0,,M51="",N51=""),"",ROUND((((N51-M51)+1)/30),3)) -> 17.2 | P51: 41883 | Q51: 41901 | R51: =IF(OR((Q51-P51)=0,P51="",Q51=""),0,(ROUND((((Q51-P51)+1)/30),3))) -> 0.633 | S51: =IF(O51="","",ROUND(SUM(O51)-SUM(R51:R52),3)) -> 12.867 | T51: =+IF(C51="","",IF(OR(S51="",S51<=0,I51="",I51="NO",U51="",U51="NO",X51="NO"),"",ROUND(SUM(L51)/S51,3))) -> 215.359 | U51: SI | X51: =+IF(C51="","",IF(AND(H51<>"",I51="SI",J51<>"",J51>0,K51<>"",K51>0,S51<>"",S51>0,U51="SI"),"SI","NO")) -> SI | Z51: SI | AB51: SI | AD51: =+IF($C$44="","",IF(C51="","",IF(L51>=$H$6,"SI","NO"))) -> SI | AE51: =+IF(OR($T$51="",X51="",X51="NO"),"",L51) -> 2771.02 | AF51: =+IF(AE51="","",L51/$S$51) -> 215.35867
A52: =+IF(T52="","",B52) | L52: =IF(OR(H52="",I52<>"SI",I52="NO",J52="",J52=0,K52="",K52=0,X52<>"SI"),0,J52*K52) -> 0 | O52: =IF(OR(H52="",I52<>"SI",I52="NO",J52="",J52=0,K52="",K52=0,,M52="",N52=""),"",ROUND((((N52-M52)+1)/30),3)) | P52: 41992 | Q52: 42102 | R52: =IF(OR((Q52-P52)=0,P52="",Q52=""),0,(ROUND((((Q52-P52)+1)/30),3))) -> 3.7 | S52: =IF(O52="","",ROUND(SUM(O52)-SUM(R52),3)) | T52: =+IF(C52="","",IF(OR(S52="",S52<=0,I52="",I52="NO",U52="",U52="NO",X52="NO"),"",ROUND(SUM(L52)/S52,3))) | X52: =+IF(C52="","",IF(AND(H52<>"",I52="SI",J52<>"",J52>0,K52<>"",K52>0,S52<>"",S52>0,U52="SI"),"SI","NO")) | AD52: =+IF($C$44="","",IF(C52="","",IF(L52>=$H$6,"SI","NO"))) | AE52: =+IF(OR($T$52="",X52="",X52="NO"),"",L52) | AF52: =+IF(AE52="","",L52/$S$52)
A53: =+IF(T53="","",B53) | L53: =IF(OR(H53="",I53<>"SI",I53="NO",J53="",J53=0,K53="",K53=0,X53<>"SI"),0,J53*K53) -> 0 | O53: =IF(OR(H53="",I53<>"SI",I53="NO",J53="",J53=0,K53="",K53=0,,M53="",N53=""),"",ROUND((((N53-M53)+1)/30),3)) | R53: =IF(OR((Q53-P53)=0,P53="",Q53=""),0,(ROUND((((Q53-P53)+1)/30),3))) -> 0 | S53: =IF(O53="","",ROUND(SUM(O53)-SUM(R53),3)) | T53: =+IF(C53="","",IF(OR(S53="",S53<=0,I53="",I53="NO",U53="",U53="NO",X53="NO"),"",ROUND(SUM(L53)/S53,3))) | X53: =+IF(C53="","",IF(AND(H53<>"",I53="SI",J53<>"",J53>0,K53<>"",K53>0,S53<>"",S53>0,U53="SI"),"SI","NO")) | AD53: =+IF($C$44="","",IF(C53="","",IF(L53>=$H$6,"SI","NO"))) | AE53: =+IF(OR($T$53="",X53="",X53="NO"),"",L53) | AF53: =+IF(AE53="","",L53/$S$53)
A54: =+IF(T54="","",B54) | L54: =IF(OR(H54="",I54<>"SI",I54="NO",J54="",J54=0,K54="",K54=0,X54<>"SI"),0,J54*K54) -> 0 | O54: =IF(OR(H54="",I54<>"SI",I54="NO",J54="",J54=0,K54="",K54=0,,M54="",N54=""),"",ROUND((((N54-M54)+1)/30),3)) | R54: =IF(OR((Q54-P54)=0,P54="",Q54=""),0,(ROUND((((Q54-P54)+1)/30),3))) -> 0 | S54: =IF(O54="","",ROUND(SUM(O54)-SUM(R54),3)) | T54: =+IF(C54="","",IF(OR(S54="",S54<=0,I54="",I54="NO",U54="",U54="NO",X54="NO"),"",ROUND(SUM(L54)/S54,3))) | X54: =+IF(C54="","",IF(AND(H54<>"",I54="SI",J54<>"",J54>0,K54<>"",K54>0,S54<>"",S54>0,U54="SI"),"SI","NO")) | AD54: =+IF($C$44="","",IF(C54="","",IF(L54>=$H$6,"SI","NO"))) | AE54: =+IF(OR($T$54="",X54="",X54="NO"),"",L54) | AF54: =+IF(AE54="","",L54/$S$54)
A55: =+IF(T55="","",B55) | L55: =IF(OR(H55="",I55<>"SI",I55="NO",J55="",J55=0,K55="",K55=0,X55<>"SI"),0,J55*K55) -> 0 | O55: =IF(OR(H55="",I55<>"SI",I55="NO",J55="",J55=0,K55="",K55=0,,M55="",N55=""),"",ROUND((((N55-M55)+1)/30),3)) | R55: =IF(OR((Q55-P55)=0,P55="",Q55=""),0,(ROUND((((Q55-P55)+1)/30),3))) -> 0 | S55: =IF(O55="","",ROUND(SUM(O55)-SUM(R55),3)) | T55: =+IF(C55="","",IF(OR(S55="",S55<=0,I55="",I55="NO",U55="",U55="NO",X55="NO"),"",ROUND(SUM(L55)/S55,3))) | X55: =+IF(C55="","",IF(AND(H55<>"",I55="SI",J55<>"",J55>0,K55<>"",K55>0,S55<>"",S55>0,U55="SI"),"SI","NO")) | AD55: =+IF($C$44="","",IF(C55="","",IF(L55>=$H$6,"SI","NO"))) | AE55: =+IF(OR($T$55="",X55="",X55="NO"),"",L55) | AF55: =+IF(AE55="","",L55/$S$55)
A56: =+IF(T56="","",B56) | L56: =IF(OR(H56="",I56<>"SI",I56="NO",J56="",J56=0,K56="",K56=0,X56<>"SI"),0,J56*K56) -> 0 | O56: =IF(OR(H56="",I56<>"SI",I56="NO",J56="",J56=0,K56="",K56=0,,M56="",N56=""),"",ROUND((((N56-M56)+1)/30),3)) | R56: =IF(OR((Q56-P56)=0,P56="",Q56=""),0,(ROUND((((Q56-P56)+1)/30),3))) -> 0 | S56: =IF(O56="","",ROUND(SUM(O56)-SUM(R56),3)) | T56: =+IF(C56="","",IF(OR(S56="",S56<=0,I56="",I56="NO",U56="",U56="NO",X56="NO"),"",ROUND(SUM(L56)/S56,3))) | X56: =+IF(C56="","",IF(AND(H56<>"",I56="SI",J56<>"",J56>0,K56<>"",K56>0,S56<>"",S56>0,U56="SI"),"SI","NO")) | AD56: =+IF($C$44="","",IF(C56="","",IF(L56>=$H$6,"SI","NO"))) | AE56: =+IF(OR($T$56="",X56="",X56="NO"),"",L56) | AF56: =+IF(AE56="","",L56/$S$56)
B57: ="A"&B44 -> A3 | C57: =+$C$23 -> ¿CADA INTEGRANTE DE PROPONENTE PLURAL APORTAN CONTRATO? (SI; NO; NA) | I57: =+IF(AG44="","",IF(AG44=1,"NA",IF(AND(AG44=3,(IF(COUNTIFS(C47:C56,AH47,AE47:AE56,">0")>=1,1,0)+IF(COUNTIFS(C47:C56,AH48,AE47:AE56,">0")>=1,1,0)+IF(COUNTIFS(C47:C56,AH49,AE47:AE56,">0")>=1,1,0))>=AG44),"SI",IF(AND(AG44=2,(IF(COUNTIFS(C47:C56,AH47,AE47:AE56,">0")>=1,1,0)+IF(COUNTIFS(C47:C56,AH48,AE47:AE56,">0")>=1,1,0))>=AG44),"SI","NO")))) -> SI | P57: =+$P$23 -> FACTURACION MENSUAL TOTAL | T57: =ROUND(SUM(T47:T56),3) -> 358.097
B58: ="B"&B44 -> B3 | C58: =+C41 -> En caso de proponente plural: ¿De la totalidad de los contratos aportados por el proponente plural, el valor ejecutado de uno de ellos deberá ser igual o superior al 30% del P.O.? (SI; NO; NA) | H58: =+$H$6 -> 268.14723 | I58: =+IF(AG44="","",IF(AG44=1,"NA",IF(AND(AG44>1,(COUNTIFS(AD47:AD56,"SI",AE47:AE56,">0"))>=1),"SI","NO"))) -> SI | P58: =+$P$24 -> PROMEDIO FACTURACIÓN MENSUAL DEL PROPONENTE (PFMP) | T58: {=IF(T57=0,0,ROUND(T57/(SUM(IF(FREQUENCY(A47:A56,A47:A56)>0,1))),3))} -> 119.366
B59: ="C"&B44 -> C3 | C59: =+$C$25 -> PROPONENTE CUMPLE CON LAS ACTIVIDADES a) y b)? (SI; NO) | I59: =IF(C44="","",(IF(AND(COUNTIFS(X47:X56,"SI",Z47:Z56,"SI")>=$Z$8,COUNTIFS(X47:X56,"SI",AB47:AB56,"SI")>=$Z$8),"SI","NO"))) -> SI | P59: =+$P$25 -> VALOR PUNTAJE POR EXPERIENCIA DEL PROPONENTE | T59: =IF(OR(C44="",'ASIGNACION DE PUNTAJES'!$C$5=""),"",VLOOKUP(B44,'ASIGNACION DE PUNTAJES'!$A$15:$G$69,7,FALSE)) -> 614.623
B61: =1+B44 -> 4 | C61: VELNEC SA | J61: =+IF(C61="","","INTEGRANTES") -> INTEGRANTES | K61: NA | R61: =+$R$10 -> PROPONENTE No. | T61: =+B61 -> 4 | U61: =+$U$10 -> PFMP | V61: =IF(T75="",0,T75) -> 104.703 | X61: ¿EL CONTRATO CUMPLE CON LOS REQUERIMIENTOS ADICIONALES DE EXPERIENCIA EN EL PLIEGO? (SI EL CONTRATO NO ES VÁLIDO, INDICAR NO) (SI / NO) | Z61: =+$Z$10 -> EXP. ESPECÍFICA A: | AB61: =+$AB$10 -> EXP. ESPECÍFICA B: | AG61: 1
B62: =+$B$11 -> ITEM | C62: =+$C$11 -> PROPONENTE / INTEGRANTE OFERENTE PLURAL | D62: =+$D$11 -> INFORMACIÓN DEL CONTRATO | H62: =+H45 -> CONSECUTIVO RUP | I62: =+$I$11 -> ¿SE ENCUENTRA INSCRITO EN EL RUP Y CUMPLE CÓDIGOS UNSPSC? | J62: =+$J$11 -> VALOR EN RUP (SMMLV) | K62: =+$K$11 -> % PARTIC en el RUP | L62: =+$L$11 -> VALOR DEL CONTRATO TERMINADO (SMMLV) en el RUP | M62: =+$M$11 -> FECHA DE INICIO | N62: =+$N$11 -> FECHA DE TERMINACION | O62: =+$O$11 -> PLAZO CONTRA-TO (Meses) | P62: =+$P$11 -> Tsusp i | S62: =+$S$11 -> PLAZO i REAL | T62: =+$T$11 -> FACTURA-CION MENSUAL PROPO-NENTE | U62: =+$U$11 -> VALIDACIÓN DE LA EXPERIENCIA GENERAL (SI/NO) | V62: =+$V$11 -> OBSERVACIONES | Z62: =+$Z$11 -> Interventoria a la ejecución de obras relacionadas con Colocación de capas granulares (tales como bases y/o sub-bases granulares). | AB62: =+$AB$11 -> Interventoria a la Ejecución de obras de subdrenaje y/o drenaje, en carreteras.
D63: =+$D$12 -> ENTIDAD | E63: =+$E$12 -> No. DE CONTRATO | F63: =+$F$12 -> OBJETO | G63: =+$G$12 -> CONTRATISTA | P63: =+P46 -> Finicsuspi | Q63: =+Q46 -> Ftermsuspi | R63: =+R46 -> Tsusp i (meses)
A64: =+IF(T64="","",B64) -> 1 | B64: 1 | C64: VELNEC SA | D64: INSTITUTO DE DESARROLLO URBANO IDU | E64: IDU-BM-236-2004 | F64: INTERVENTORÍA TÉCNICA, ADMINISTRATIVA, FINANCIERA, SOCIAL Y AMBIENTAL PARA LA CONSTRUCCIÓN, REHABILITACIÓN Y CONSERVACIÓN DE VÍAS PARA RUTAS ALIMENTADORAS DEL SISTEMA TRANSMILENIO ZONA 4, GRUPO 2 EN BOGOTÁ, D.C. | G64: VELNEC SA | H64: 6 | I64: SI | J64: 1683.65 | K64: 1 | L64: =IF(OR(H64="",I64<>"SI",I64="NO",J64="",J64=0,K64="",K64=0,X64<>"SI"),0,J64*K64) -> 1683.65 | M64: 38457 | N64: 39675 | O64: =IF(OR(H64="",I64<>"SI",I64="NO",J64="",J64=0,K64="",K64=0,,M64="",N64=""),"",ROUND((((N64-M64)+1)/30),3)) -> 40.633 | R64: =IF(OR((Q64-P64)=0,P64="",Q64=""),0,(ROUND((((Q64-P64)+1)/30),3))) -> 0 | S64: =IF(O64="","",ROUND(SUM(O64)-SUM(R64),3)) -> 40.633 | T64: =+IF(C64="","",IF(OR(S64="",S64<=0,I64="",I64="NO",U64="",U64="NO",X64="NO"),"",ROUND(SUM(L64)/S64,3))) -> 41.436 | U64: SI | X64: =+IF(C64="","",IF(AND(H64<>"",I64="SI",J64<>"",J64>0,K64<>"",K64>0,S64<>"",S64>0,U64="SI"),"SI","NO")) -> SI | Z64: SI | AB64: SI | AD64: =+IF($C$61="","",IF(C64="","",IF(L64>=$H$6,"SI","NO"))) -> SI | AE64: =+IF(OR($T$64="",X64="",X64="NO"),"",L64) -> 1683.65 | AF64: =+IF(AE64="","",L64/$S$64) -> 41.435533 | AG64: =0.1+B61 -> 4.1
A65: =+IF(T65="","",B65) -> 2 | B65: 2 | C65: VELNEC SA | D65: INSTITUTO DE DESARROLLO URBANO IDU | E65: IDU 42 de 2007 | F65: INTERVENTORÍA TÉCNICA, ADMINISTRATIVA, FINANCIERA Y AMBIENTAL AL DIAGNÓSTICO Y MANTENIMIENTO DE VÍAS, ZONA SUR A TRAVÉS DEL PROGRAMA BRIGADA DE REACCIÓN VIAL, EN BOGOTÁ D.C. | G65: VELNEC SA | H65: 7 | I65: SI | J65: 1589.69 | K65: 1 | L65: =IF(OR(H65="",I65<>"SI",I65="NO",J65="",J65=0,K65="",K65=0,X65<>"SI"),0,J65*K65) -> 1589.69 | M65: 39407 | N65: 39854 | O65: =IF(OR(H65="",I65<>"SI",I65="NO",J65="",J65=0,K65="",K65=0,,M65="",N65=""),"",ROUND((((N65-M65)+1)/30),3)) -> 14.933 | P65: 39818 | Q65: 39839 | R65: =IF(OR((Q65-P65)=0,P65="",Q65=""),0,(ROUND((((Q65-P65)+1)/30),3))) -> 0.733 | S65: =IF(O65="","",ROUND(SUM(O65)-SUM(R65),3)) -> 14.2 | T65: =+IF(C65="","",IF(OR(S65="",S65<=0,I65="",I65="NO",U65="",U65="NO",X65="NO"),"",ROUND(SUM(L65)/S65,3))) -> 111.95 | U65: SI | X65: =+IF(C65="","",IF(AND(H65<>"",I65="SI",J65<>"",J65>0,K65<>"",K65>0,S65<>"",S65>0,U65="SI"),"SI","NO")) -> SI | Z65: SI | AB65: SI | AD65: =+IF($C$61="","",IF(C65="","",IF(L65>=$H$6,"SI","NO"))) -> SI | AE65: =+IF(OR($T$65="",X65="",X65="NO"),"",L65) -> 1589.69 | AF65: =+IF(AE65="","",L65/$S$65) -> 111.95 | AG65: =0.2+B61 -> 4.2
A66: =+IF(T66="","",B66) -> 3 | B66: 3 | C66: VELNEC SA | D66: FONDO DE PROGRAMAS ESPECIALES PARA LA PAZ | E66: 069 DE 2014 | F66: INTERVENTORÍA TÉCNICA, ADMINISTRATIVA, FINANCIERA Y AMBIENTAL PARA LAS OBRAS DE MEJORAMIENTO, REHABILITACIÓN Y RECUPERACIÓN DE LA VÍA QUE DEL MUNICIPIO DE ATACO CONDUCE ALMUNICIPIO DE PLANADAS EN EL SECTOR EL K13+000 AL K13+800, EN EL SUR DEL DEPARTAMENTO DEL TOLIMA. | G66: VELNEC SA | H66: 106 | I66: SI | J66: 1119.75 | K66: 1 | L66: =IF(OR(H66="",I66<>"SI",I66="NO",J66="",J66=0,K66="",K66=0,X66<>"SI"),0,J66*K66) -> 1119.75 | M66: 41901 | N66: 42109 | O66: =IF(OR(H66="",I66<>"SI",I66="NO",J66="",J66=0,K66="",K66=0,,M66="",N66=""),"",ROUND((((N66-M66)+1)/30),3)) -> 6.967 | R66: =IF(OR((Q66-P66)=0,P66="",Q66=""),0,(ROUND((((Q66-P66)+1)/30),3))) -> 0 | S66: =IF(O66="","",ROUND(SUM(O66)-SUM(R66),3)) -> 6.967 | T66: =+IF(C66="","",IF(OR(S66="",S66<=0,I66="",I66="NO",U66="",U66="NO",X66="NO"),"",ROUND(SUM(L66)/S66,3))) -> 160.722 | U66: SI | V66: A raiz de la observación realizada por el proponente No. 17, se evidencia que se registró la fecha de terminación del contrato de manera errónea al no considerar que el contrato ejecutó la interventoría a varios sectores, siendo el periodo de ejecución del contrato No. 069 de 2014, el registrado en la última página del documento denominado "Acta de entrega y recibo final del contrato 069 de 2014", es decir, desde el 19 de septiembre de 2014 al 15 de abril de 2015. Lo anterior conforme con el literal D del numeral 4.1.1.1 del pliego de condiciones | X66: =+IF(C66="","",IF(AND(H66<>"",I66="SI",J66<>"",J66>0,K66<>"",K66>0,S66<>"",S66>0,U66="SI"),"SI","NO")) -> SI | Z66: SI | AB66: SI | AD66: =+IF($C$61="","",IF(C66="","",IF(L66>=$H$6,"SI","NO"))) -> SI | AE66: =+IF(OR($T$66="",X66="",X66="NO"),"",L66) -> 1119.75 | AF66: =+IF(AE66="","",L66/$S$66) -> 160.72198 | AG66: =0.3+B61 -> 4.3
A67: =+IF(T67="","",B67) | L67: =IF(OR(H67="",I67<>"SI",I67="NO",J67="",J67=0,K67="",K67=0,X67<>"SI"),0,J67*K67) -> 0 | O67: =IF(OR(H67="",I67<>"SI",I67="NO",J67="",J67=0,K67="",K67=0,,M67="",N67=""),"",ROUND((((N67-M67)+1)/30),3)) | R67: =IF(OR((Q67-P67)=0,P67="",Q67=""),0,(ROUND((((Q67-P67)+1)/30),3))) -> 0 | S67: =IF(O67="","",ROUND(SUM(O67)-SUM(R67),3)) | T67: =+IF(C67="","",IF(OR(S67="",S67<=0,I67="",I67="NO",U67="",U67="NO",X67="NO"),"",ROUND(SUM(L67)/S67,3))) | X67: =+IF(C67="","",IF(AND(H67<>"",I67="SI",J67<>"",J67>0,K67<>"",K67>0,S67<>"",S67>0,U67="SI"),"SI","NO")) | AD67: =+IF($C$61="","",IF(C67="","",IF(L67>=$H$6,"SI","NO"))) | AE67: =+IF(OR($T$67="",X67="",X67="NO"),"",L67) | AF67: =+IF(AE67="","",L67/$S$67)
A68: =+IF(T68="","",B68) | L68: =IF(OR(H68="",I68<>"SI",I68="NO",J68="",J68=0,K68="",K68=0,X68<>"SI"),0,J68*K68) -> 0 | O68: =IF(OR(H68="",I68<>"SI",I68="NO",J68="",J68=0,K68="",K68=0,,M68="",N68=""),"",ROUND((((N68-M68)+1)/30),3)) | R68: =IF(OR((Q68-P68)=0,P68="",Q68=""),0,(ROUND((((Q68-P68)+1)/30),3))) -> 0 | S68: =IF(O68="","",ROUND(SUM(O68)-SUM(R68),3)) | T68: =+IF(C68="","",IF(OR(S68="",S68<=0,I68="",I68="NO",U68="",U68="NO",X68="NO"),"",ROUND(SUM(L68)/S68,3))) | X68: =+IF(C68="","",IF(AND(H68<>"",I68="SI",J68<>"",J68>0,K68<>"",K68>0,S68<>"",S68>0,U68="SI"),"SI","NO")) | AD68: =+IF($C$61="","",IF(C68="","",IF(L68>=$H$6,"SI","NO"))) | AE68: =+IF(OR($T$68="",X68="",X68="NO"),"",L68) | AF68: =+IF(AE68="","",L68/$S$68)
A69: =+IF(T69="","",B69) | L69: =IF(OR(H69="",I69<>"SI",I69="NO",J69="",J69=0,K69="",K69=0,X69<>"SI"),0,J69*K69) -> 0 | O69: =IF(OR(H69="",I69<>"SI",I69="NO",J69="",J69=0,K69="",K69=0,,M69="",N69=""),"",ROUND((((N69-M69)+1)/30),3)) | R69: =IF(OR((Q69-P69)=0,P69="",Q69=""),0,(ROUND((((Q69-P69)+1)/30),3))) -> 0 | S69: =IF(O69="","",ROUND(SUM(O69)-SUM(R69),3)) | T69: =+IF(C69="","",IF(OR(S69="",S69<=0,I69="",I69="NO",U69="",U69="NO",X69="NO"),"",ROUND(SUM(L69)/S69,3))) | X69: =+IF(C69="","",IF(AND(H69<>"",I69="SI",J69<>"",J69>0,K69<>"",K69>0,S69<>"",S69>0,U69="SI"),"SI","NO")) | AD69: =+IF($C$61="","",IF(C69="","",IF(L69>=$H$6,"SI","NO"))) | AE69: =+IF(OR($T$69="",X69="",X69="NO"),"",L69) | AF69: =+IF(AE69="","",L69/$S$69)
A70: =+IF(T70="","",B70) | L70: =IF(OR(H70="",I70<>"SI",I70="NO",J70="",J70=0,K70="",K70=0,X70<>"SI"),0,J70*K70) -> 0 | O70: =IF(OR(H70="",I70<>"SI",I70="NO",J70="",J70=0,K70="",K70=0,,M70="",N70=""),"",ROUND((((N70-M70)+1)/30),3)) | R70: =IF(OR((Q70-P70)=0,P70="",Q70=""),0,(ROUND((((Q70-P70)+1)/30),3))) -> 0 | S70: =IF(O70="","",ROUND(SUM(O70)-SUM(R70),3)) | T70: =+IF(C70="","",IF(OR(S70="",S70<=0,I70="",I70="NO",U70="",U70="NO",X70="NO"),"",ROUND(SUM(L70)/S70,3))) | X70: =+IF(C70="","",IF(AND(H70<>"",I70="SI",J70<>"",J70>0,K70<>"",K70>0,S70<>"",S70>0,U70="SI"),"SI","NO")) | AD70: =+IF($C$61="","",IF(C70="","",IF(L70>=$H$6,"SI","NO"))) | AE70: =+IF(OR($T$70="",X70="",X70="NO"),"",L70) | AF70: =+IF(AE70="","",L70/$S$70)
A71: =+IF(T71="","",B71) | L71: =IF(OR(H71="",I71<>"SI",I71="NO",J71="",J71=0,K71="",K71=0,X71<>"SI"),0,J71*K71) -> 0 | O71: =IF(OR(H71="",I71<>"SI",I71="NO",J71="",J71=0,K71="",K71=0,,M71="",N71=""),"",ROUND((((N71-M71)+1)/30),3)) | R71: =IF(OR((Q71-P71)=0,P71="",Q71=""),0,(ROUND((((Q71-P71)+1)/30),3))) -> 0 | S71: =IF(O71="","",ROUND(SUM(O71)-SUM(R71),3)) | T71: =+IF(C71="","",IF(OR(S71="",S71<=0,I71="",I71="NO",U71="",U71="NO",X71="NO"),"",ROUND(SUM(L71)/S71,3))) | X71: =+IF(C71="","",IF(AND(H71<>"",I71="SI",J71<>"",J71>0,K71<>"",K71>0,S71<>"",S71>0,U71="SI"),"SI","NO")) | AD71: =+IF($C$61="","",IF(C71="","",IF(L71>=$H$6,"SI","NO"))) | AE71: =+IF(OR($T$71="",X71="",X71="NO"),"",L71) | AF71: =+IF(AE71="","",L71/$S$71)
A72: =+IF(T72="","",B72) | L72: =IF(OR(H72="",I72<>"SI",I72="NO",J72="",J72=0,K72="",K72=0,X72<>"SI"),0,J72*K72) -> 0 | O72: =IF(OR(H72="",I72<>"SI",I72="NO",J72="",J72=0,K72="",K72=0,,M72="",N72=""),"",ROUND((((N72-M72)+1)/30),3)) | R72: =IF(OR((Q72-P72)=0,P72="",Q72=""),0,(ROUND((((Q72-P72)+1)/30),3))) -> 0 | S72: =IF(O72="","",ROUND(SUM(O72)-SUM(R72),3)) | T72: =+IF(C72="","",IF(OR(S72="",S72<=0,I72="",I72="NO",U72="",U72="NO",X72="NO"),"",ROUND(SUM(L72)/S72,3))) | X72: =+IF(C72="","",IF(AND(H72<>"",I72="SI",J72<>"",J72>0,K72<>"",K72>0,S72<>"",S72>0,U72="SI"),"SI","NO")) | AD72: =+IF($C$61="","",IF(C72="","",IF(L72>=$H$6,"SI","NO"))) | AE72: =+IF(OR($T$72="",X72="",X72="NO"),"",L72) | AF72: =+IF(AE72="","",L72/$S$72)
A73: =+IF(T73="","",B73) | L73: =IF(OR(H73="",I73<>"SI",I73="NO",J73="",J73=0,K73="",K73=0,X73<>"SI"),0,J73*K73) -> 0 | O73: =IF(OR(H73="",I73<>"SI",I73="NO",J73="",J73=0,K73="",K73=0,,M73="",N73=""),"",ROUND((((N73-M73)+1)/30),3)) | R73: =IF(OR((Q73-P73)=0,P73="",Q73=""),0,(ROUND((((Q73-P73)+1)/30),3))) -> 0 | S73: =IF(O73="","",ROUND(SUM(O73)-SUM(R73),3)) | T73: =+IF(C73="","",IF(OR(S73="",S73<=0,I73="",I73="NO",U73="",U73="NO",X73="NO"),"",ROUND(SUM(L73)/S73,3))) | X73: =+IF(C73="","",IF(AND(H73<>"",I73="SI",J73<>"",J73>0,K73<>"",K73>0,S73<>"",S73>0,U73="SI"),"SI","NO")) | AD73: =+IF($C$61="","",IF(C73="","",IF(L73>=$H$6,"SI","NO"))) | AE73: =+IF(OR($T$73="",X73="",X73="NO"),"",L73) | AF73: =+IF(AE73="","",L73/$S$73)
B74: ="A"&B61 -> A4 | C74: =+$C$23 -> ¿CADA INTEGRANTE DE PROPONENTE PLURAL APORTAN CONTRATO? (SI; NO; NA) | I74: =+IF(AG61="","",IF(AG61=1,"NA",IF(AND(AG61=3,(IF(COUNTIFS(C64:C73,AH64,AE64:AE73,">0")>=1,1,0)+IF(COUNTIFS(C64:C73,AH65,AE64:AE73,">0")>=1,1,0)+IF(COUNTIFS(C64:C73,AH66,AE64:AE73,">0")>=1,1,0))>=AG61),"SI",IF(AND(AG61=2,(IF(COUNTIFS(C64:C73,AH64,AE64:AE73,">0")>=1,1,0)+IF(COUNTIFS(C64:C73,AH65,AE64:AE73,">0")>=1,1,0))>=AG61),"SI","NO")))) -> NA | P74: =+$P$23 -> FACTURACION MENSUAL TOTAL | T74: =ROUND(SUM(T64:T73),3) -> 314.108
B75: ="B"&B61 -> B4 | C75: =+C58 -> En caso de proponente plural: ¿De la totalidad de los contratos aportados por el proponente plural, el valor ejecutado de uno de ellos deberá ser igual o superior al 30% del P.O.? (SI; NO; NA) | H75: =+$H$6 -> 268.14723 | I75: =+IF(AG61="","",IF(AG61=1,"NA",IF(AND(AG61>1,(COUNTIFS(AD64:AD73,"SI",AE64:AE73,">0"))>=1),"SI","NO"))) -> NA | P75: =+$P$24 -> PROMEDIO FACTURACIÓN MENSUAL DEL PROPONENTE (PFMP) | T75: {=IF(T74=0,0,ROUND(T74/(SUM(IF(FREQUENCY(A64:A73,A64:A73)>0,1))),3))} -> 104.703
B76: ="C"&B61 -> C4 | C76: =+$C$25 -> PROPONENTE CUMPLE CON LAS ACTIVIDADES a) y b)? (SI; NO) | I76: =IF(C61="","",(IF(AND(COUNTIFS(X64:X73,"SI",Z64:Z73,"SI")>=$Z$8,COUNTIFS(X64:X73,"SI",AB64:AB73,"SI")>=$Z$8),"SI","NO"))) -> SI | P76: =+$P$25 -> VALOR PUNTAJE POR EXPERIENCIA DEL PROPONENTE | T76: =IF(OR(C61="",'ASIGNACION DE PUNTAJES'!$C$5=""),"",VLOOKUP(B61,'ASIGNACION DE PUNTAJES'!$A$15:$G$69,7,FALSE)) -> 539.122
B78: =1+B61 -> 5 | C78: CONSORCIO INTERDESARROLLO 010 | J78: =+IF(C78="","","INTEGRANTES") -> INTEGRANTES | K78: JORGE ALVARO SANCHEZ BLANCO 50% - ARM CONSULTING LTDA 50% | R78: =+$R$10 -> PROPONENTE No. | T78: =+B78 -> 5 | U78: =+$U$10 -> PFMP | V78: =IF(T92="",0,T92) -> 127.567 | X78: ¿EL CONTRATO CUMPLE CON LOS REQUERIMIENTOS ADICIONALES DE EXPERIENCIA EN EL PLIEGO? (SI EL CONTRATO NO ES VÁLIDO, INDICAR NO) (SI / NO) | Z78: =+$Z$10 -> EXP. ESPECÍFICA A: | AB78: =+$AB$10 -> EXP. ESPECÍFICA B: | AG78: 2
B79: =+$B$11 -> ITEM | C79: =+$C$11 -> PROPONENTE / INTEGRANTE OFERENTE PLURAL | D79: =+$D$11 -> INFORMACIÓN DEL CONTRATO | H79: =+H62 -> CONSECUTIVO RUP | I79: =+$I$11 -> ¿SE ENCUENTRA INSCRITO EN EL RUP Y CUMPLE CÓDIGOS UNSPSC? | J79: =+$J$11 -> VALOR EN RUP (SMMLV) | K79: =+$K$11 -> % PARTIC en el RUP | L79: =+$L$11 -> VALOR DEL CONTRATO TERMINADO (SMMLV) en el RUP | M79: =+$M$11 -> FECHA DE INICIO | N79: =+$N$11 -> FECHA DE TERMINACION | O79: =+$O$11 -> PLAZO CONTRA-TO (Meses) | P79: =+$P$11 -> Tsusp i | S79: =+$S$11 -> PLAZO i REAL | T79: =+$T$11 -> FACTURA-CION MENSUAL PROPO-NENTE | U79: =+$U$11 -> VALIDACIÓN DE LA EXPERIENCIA GENERAL (SI/NO) | V79: =+$V$11 -> OBSERVACIONES | Z79: =+$Z$11 -> Interventoria a la ejecución de obras relacionadas con Colocación de capas granulares (tales como bases y/o sub-bases granulares). | AB79: =+$AB$11 -> Interventoria a la Ejecución de obras de subdrenaje y/o drenaje, en carreteras.
D80: =+$D$12 -> ENTIDAD | E80: =+$E$12 -> No. DE CONTRATO | F80: =+$F$12 -> OBJETO | G80: =+$G$12 -> CONTRATISTA | P80: =+P63 -> Finicsuspi | Q80: =+Q63 -> Ftermsuspi | R80: =+R63 -> Tsusp i (meses)
A81: =+IF(T81="","",B81) -> 1 | B81: 1 | C81: JORGE ALVARO SANCHEZ BLANCO | D81: BOGOTÁ D.C.- ALCALDÍA LOCAL DE KENNEDY | E81: CIN - 205-2011 | F81: DESARROLLAR LA INTERVENTORÍA TÉCNICA, ADMINISTRATIVA, AMBIENTAL, SOCIAL, JURÍDICA Y FINANCIERA A CONTRATOS DE OBRA PÚBLICA RESULTADO DE LAS LICITACIONES FDLK-LP-05-2011 Y FDLK-LP-07-2011 | G81: JORGE ALVARO SACHEZ BLANCO | H81: 24 | I81: SI | J81: 629.14 | K81: 1 | L81: =IF(OR(H81="",I81<>"SI",I81="NO",J81="",J81=0,K81="",K81=0,X81<>"SI"),0,J81*K81) -> 629.14 | M81: 40903 | N81: 41238 | O81: =IF(OR(H81="",I81<>"SI",I81="NO",J81="",J81=0,K81="",K81=0,,M81="",N81=""),"",ROUND((((N81-M81)+1)/30),3)) -> 11.2 | R81: =IF(OR((Q81-P81)=0,P81="",Q81=""),0,(ROUND((((Q81-P81)+1)/30),3))) -> 0 | S81: =IF(O81="","",ROUND(SUM(O81)-SUM(R81),3)) -> 11.2 | T81: =+IF(C81="","",IF(OR(S81="",S81<=0,I81="",I81="NO",U81="",U81="NO",X81="NO"),"",ROUND(SUM(L81)/S81,3))) -> 56.173 | U81: SI | X81: =+IF(C81="","",IF(AND(H81<>"",I81="SI",J81<>"",J81>0,K81<>"",K81>0,S81<>"",S81>0,U81="SI"),"SI","NO")) -> SI | Z81: SI | AB81: SI | AD81: =+IF($C$78="","",IF(C81="","",IF(L81>=$H$6,"SI","NO"))) -> SI | AE81: =+IF(OR($T$81="",X81="",X81="NO"),"",L81) -> 629.14 | AF81: =+IF(AE81="","",L81/$S$81) -> 56.173214 | AG81: =0.1+B78 -> 5.1 | AH81: JORGE ALVARO SANCHEZ BLANCO
A82: =+IF(T82="","",B82) -> 2 | B82: 2 | C82: ARM CONSULTING LTDA | D82: AGENCIA PARA LA INFRAESTRUCTURA DEL META - AIM | E82: 127-2014 | F82: CONTROL MEDIANTE INTERVENTORÍA TÉCNICA, LEGAL, ADMINISTRATIVA, FINANCIERA Y AMBIENTAL AL MEJORAMIENTO CON BASE ESTABILIZADA EN CRUDO DE CASTILLA DE LA VÍA QUE CONDUCE DESDE TIENDA NUEVA EN EL MUNICIPIO DE PUERTO CONCORDIA HASTA EL MUNICIPIO DE MAPIRIPÁN, META. ORINOQUIA. | G82: CONSORCIO INTERVIA MAPIRIPAN 2014 | H82: 148 | I82: SI | J82: 5205.45 | K82: 0.71 | L82: =IF(OR(H82="",I82<>"SI",I82="NO",J82="",J82=0,K82="",K82=0,X82<>"SI"),0,J82*K82) -> 3695.8695 | M82: 41942 | N82: 42825 | O82: =IF(OR(H82="",I82<>"SI",I82="NO",J82="",J82=0,K82="",K82=0,,M82="",N82=""),"",ROUND((((N82-M82)+1)/30),3)) -> 29.467 | P82: 42479 | Q82: 42667 | R82: =IF(OR((Q82-P82)=0,P82="",Q82=""),0,(ROUND((((Q82-P82)+1)/30),3))) -> 6.3 | S82: =IF(O82="","",ROUND(SUM(O82)-SUM(R82:R83),3)) -> 22.134 | T82: =+IF(C82="","",IF(OR(S82="",S82<=0,I82="",I82="NO",U82="",U82="NO",X82="NO"),"",ROUND(SUM(L82)/S82,3))) -> 166.977 | U82: SI | V82: El 27 de julio de 2020, el Proponente solicita la corrección del valor del contrato conforme con lo registrado en el RUP. A lo cual, se confirma que efectivamente se tomó erróneamente el dato y se procede a corregir. | X82: =+IF(C82="","",IF(AND(H82<>"",I82="SI",J82<>"",J82>0,K82<>"",K82>0,S82<>"",S82>0,U82="SI"),"SI","NO")) -> SI | Z82: SI | AB82: SI | AD82: =+IF($C$78="","",IF(C82="","",IF(L82>=$H$6,"SI","NO"))) -> SI | AE82: =+IF(OR($T$82="",X82="",X82="NO"),"",L82) -> 3695.8695 | AF82: =+IF(AE82="","",L82/$S$82) -> 166.97703 | AG82: =0.2+B78 -> 5.2 | AH82: ARM CONSULTING LTDA
A83: =+IF(T83="","",B83) | L83: =IF(OR(H83="",I83<>"SI",I83="NO",J83="",J83=0,K83="",K83=0,X83<>"SI"),0,J83*K83) -> 0 | O83: =IF(OR(H83="",I83<>"SI",I83="NO",J83="",J83=0,K83="",K83=0,,M83="",N83=""),"",ROUND((((N83-M83)+1)/30),3)) | P83: 42727 | Q83: 42757 | R83: =IF(OR((Q83-P83)=0,P83="",Q83=""),0,(ROUND((((Q83-P83)+1)/30),3))) -> 1.033 | S83: =IF(O83="","",ROUND(SUM(O83)-SUM(R83),3)) | T83: =+IF(C83="","",IF(OR(S83="",S83<=0,I83="",I83="NO",U83="",U83="NO",X83="NO"),"",ROUND(SUM(L83)/S83,3))) | X83: =+IF(C83="","",IF(AND(H83<>"",I83="SI",J83<>"",J83>0,K83<>"",K83>0,S83<>"",S83>0,U83="SI"),"SI","NO")) | AD83: =+IF($C$78="","",IF(C83="","",IF(L83>=$H$6,"SI","NO"))) | AE83: =+IF(OR($T$83="",X83="",X83="NO"),"",L83) | AF83: =+IF(AE83="","",L83/$S$83) | AG83: =0.3+B78 -> 5.3
A84: =+IF(T84="","",B84) -> 3 | B84: 3 | C84: ARM CONSULTING LTDA | D84: INSTITUTO DE DESARROLLO DEL META - IDM | E84: 400-2009 | F84: INTERVENTORÍA TÉCNICA, ADMINISTRATIVA, FINANCIERA Y PRESUPUESTAL AL SEGUNDO SEGMENTO DE OBRAS CONTRATADAS Y POR CONTRATAR POR PARTE DEL INSTITUTO DE DESARROLLO DEL META | G84: CONSORCIO INTEGRALES | H84: 38 | I84: SI | J84: 8681.13 | K84: 0.495 | L84: =IF(OR(H84="",I84<>"SI",I84="NO",J84="",J84=0,K84="",K84=0,X84<>"SI"),0,J84*K84) -> 4297.1593 | M84: 40176 | N84: 40983 | O84: =IF(OR(H84="",I84<>"SI",I84="NO",J84="",J84=0,K84="",K84=0,,M84="",N84=""),"",ROUND((((N84-M84)+1)/30),3)) -> 26.933 | R84: =IF(OR((Q84-P84)=0,P84="",Q84=""),0,(ROUND((((Q84-P84)+1)/30),3))) -> 0 | S84: =IF(O84="","",ROUND(SUM(O84)-SUM(R84),3)) -> 26.933 | T84: =+IF(C84="","",IF(OR(S84="",S84<=0,I84="",I84="NO",U84="",U84="NO",X84="NO"),"",ROUND(SUM(L84)/S84,3))) -> 159.55 | U84: SI | X84: =+IF(C84="","",IF(AND(H84<>"",I84="SI",J84<>"",J84>0,K84<>"",K84>0,S84<>"",S84>0,U84="SI"),"SI","NO")) -> SI | Z84: SI | AB84: SI | AD84: =+IF($C$78="","",IF(C84="","",IF(L84>=$H$6,"SI","NO"))) -> SI | AE84: =+IF(OR($T$84="",X84="",X84="NO"),"",L84) -> 4297.1593 | AF84: =+IF(AE84="","",L84/$S$84) -> 159.54997
A85: =+IF(T85="","",B85) | L85: =IF(OR(H85="",I85<>"SI",I85="NO",J85="",J85=0,K85="",K85=0,X85<>"SI"),0,J85*K85) -> 0 | O85: =IF(OR(H85="",I85<>"SI",I85="NO",J85="",J85=0,K85="",K85=0,,M85="",N85=""),"",ROUND((((N85-M85)+1)/30),3)) | R85: =IF(OR((Q85-P85)=0,P85="",Q85=""),0,(ROUND((((Q85-P85)+1)/30),3))) -> 0 | S85: =IF(O85="","",ROUND(SUM(O85)-SUM(R85),3)) | T85: =+IF(C85="","",IF(OR(S85="",S85<=0,I85="",I85="NO",U85="",U85="NO",X85="NO"),"",ROUND(SUM(L85)/S85,3))) | X85: =+IF(C85="","",IF(AND(H85<>"",I85="SI",J85<>"",J85>0,K85<>"",K85>0,S85<>"",S85>0,U85="SI"),"SI","NO")) | AD85: =+IF($C$78="","",IF(C85="","",IF(L85>=$H$6,"SI","NO"))) | AE85: =+IF(OR($T$85="",X85="",X85="NO"),"",L85) | AF85: =+IF(AE85="","",L85/$S$85)
A86: =+IF(T86="","",B86) | L86: =IF(OR(H86="",I86<>"SI",I86="NO",J86="",J86=0,K86="",K86=0,X86<>"SI"),0,J86*K86) -> 0 | O86: =IF(OR(H86="",I86<>"SI",I86="NO",J86="",J86=0,K86="",K86=0,,M86="",N86=""),"",ROUND((((N86-M86)+1)/30),3)) | R86: =IF(OR((Q86-P86)=0,P86="",Q86=""),0,(ROUND((((Q86-P86)+1)/30),3))) -> 0 | S86: =IF(O86="","",ROUND(SUM(O86)-SUM(R86),3)) | T86: =+IF(C86="","",IF(OR(S86="",S86<=0,I86="",I86="NO",U86="",U86="NO",X86="NO"),"",ROUND(SUM(L86)/S86,3))) | X86: =+IF(C86="","",IF(AND(H86<>"",I86="SI",J86<>"",J86>0,K86<>"",K86>0,S86<>"",S86>0,U86="SI"),"SI","NO")) | AD86: =+IF($C$78="","",IF(C86="","",IF(L86>=$H$6,"SI","NO"))) | AE86: =+IF(OR($T$86="",X86="",X86="NO"),"",L86) | AF86: =+IF(AE86="","",L86/$S$86)
A87: =+IF(T87="","",B87) | L87: =IF(OR(H87="",I87<>"SI",I87="NO",J87="",J87=0,K87="",K87=0,X87<>"SI"),0,J87*K87) -> 0 | O87: =IF(OR(H87="",I87<>"SI",I87="NO",J87="",J87=0,K87="",K87=0,,M87="",N87=""),"",ROUND((((N87-M87)+1)/30),3)) | R87: =IF(OR((Q87-P87)=0,P87="",Q87=""),0,(ROUND((((Q87-P87)+1)/30),3))) -> 0 | S87: =IF(O87="","",ROUND(SUM(O87)-SUM(R87),3)) | T87: =+IF(C87="","",IF(OR(S87="",S87<=0,I87="",I87="NO",U87="",U87="NO",X87="NO"),"",ROUND(SUM(L87)/S87,3))) | X87: =+IF(C87="","",IF(AND(H87<>"",I87="SI",J87<>"",J87>0,K87<>"",K87>0,S87<>"",S87>0,U87="SI"),"SI","NO")) | AD87: =+IF($C$78="","",IF(C87="","",IF(L87>=$H$6,"SI","NO"))) | AE87: =+IF(OR($T$87="",X87="",X87="NO"),"",L87) | AF87: =+IF(AE87="","",L87/$S$87)
L88: =IF(OR(H88="",I88<>"SI",I88="NO",J88="",J88=0,K88="",K88=0,X88<>"SI"),0,J88*K88) -> 0 | O88: =IF(OR(H88="",I88<>"SI",I88="NO",J88="",J88=0,K88="",K88=0,,M88="",N88=""),"",ROUND((((N88-M88)+1)/30),3)) | R88: =IF(OR((Q88-P88)=0,P88="",Q88=""),0,(ROUND((((Q88-P88)+1)/30),3))) -> 0 | S88: =IF(O88="","",ROUND(SUM(O88)-SUM(R88),3)) | T88: =+IF(C88="","",IF(OR(S88="",S88<=0,I88="",I88="NO",U88="",U88="NO",X88="NO"),"",ROUND(SUM(L88)/S88,3))) | X88: =+IF(C88="","",IF(AND(H88<>"",I88="SI",J88<>"",J88>0,K88<>"",K88>0,S88<>"",S88>0,U88="SI"),"SI","NO")) | AD88: =+IF($C$78="","",IF(C88="","",IF(L88>=$H$6,"SI","NO"))) | AE88: =+IF(OR($T$87="",X88="",X88="NO"),"",L88) | AF88: =+IF(AE88="","",L88/$S$87)
A89: =+IF(T89="","",B89) | L89: =IF(OR(H89="",I89<>"SI",I89="NO",J89="",J89=0,K89="",K89=0,X89<>"SI"),0,J89*K89) -> 0 | O89: =IF(OR(H89="",I89<>"SI",I89="NO",J89="",J89=0,K89="",K89=0,,M89="",N89=""),"",ROUND((((N89-M89)+1)/30),3)) | R89: =IF(OR((Q89-P89)=0,P89="",Q89=""),0,(ROUND((((Q89-P89)+1)/30),3))) -> 0 | S89: =IF(O89="","",ROUND(SUM(O89)-SUM(R89),3)) | T89: =+IF(C89="","",IF(OR(S89="",S89<=0,I89="",I89="NO",U89="",U89="NO",X89="NO"),"",ROUND(SUM(L89)/S89,3))) | X89: =+IF(C89="","",IF(AND(H89<>"",I89="SI",J89<>"",J89>0,K89<>"",K89>0,S89<>"",S89>0,U89="SI"),"SI","NO")) | AD89: =+IF($C$78="","",IF(C89="","",IF(L89>=$H$6,"SI","NO"))) | AE89: =+IF(OR($T$89="",X89="",X89="NO"),"",L89) | AF89: =+IF(AE89="","",L89/$S$89)
A90: =+IF(T90="","",B90) | L90: =IF(OR(H90="",I90<>"SI",I90="NO",J90="",J90=0,K90="",K90=0,X90<>"SI"),0,J90*K90) -> 0 | O90: =IF(OR(H90="",I90<>"SI",I90="NO",J90="",J90=0,K90="",K90=0,,M90="",N90=""),"",ROUND((((N90-M90)+1)/30),3)) | R90: =IF(OR((Q90-P90)=0,P90="",Q90=""),0,(ROUND((((Q90-P90)+1)/30),3))) -> 0 | S90: =IF(O90="","",ROUND(SUM(O90)-SUM(R90),3)) | T90: =+IF(C90="","",IF(OR(S90="",S90<=0,I90="",I90="NO",U90="",U90="NO",X90="NO"),"",ROUND(SUM(L90)/S90,3))) | X90: =+IF(C90="","",IF(AND(H90<>"",I90="SI",J90<>"",J90>0,K90<>"",K90>0,S90<>"",S90>0,U90="SI"),"SI","NO")) | AD90: =+IF($C$78="","",IF(C90="","",IF(L90>=$H$6,"SI","NO"))) | AE90: =+IF(OR($T$90="",X90="",X90="NO"),"",L90) | AF90: =+IF(AE90="","",L90/$S$90)
B91: ="A"&B78 -> A5 | C91: =+$C$23 -> ¿CADA INTEGRANTE DE PROPONENTE PLURAL APORTAN CONTRATO? (SI; NO; NA) | I91: =+IF(AG78="","",IF(AG78=1,"NA",IF(AND(AG78=3,(IF(COUNTIFS(C81:C90,AH81,AE81:AE90,">0")>=1,1,0)+IF(COUNTIFS(C81:C90,AH82,AE81:AE90,">0")>=1,1,0)+IF(COUNTIFS(C81:C90,AH83,AE81:AE90,">0")>=1,1,0))>=AG78),"SI",IF(AND(AG78=2,(IF(COUNTIFS(C81:C90,AH81,AE81:AE90,">0")>=1,1,0)+IF(COUNTIFS(C81:C90,AH82,AE81:AE90,">0")>=1,1,0))>=AG78),"SI","NO")))) -> SI | P91: =+$P$23 -> FACTURACION MENSUAL TOTAL | T91: =ROUND(SUM(T81:T90),3) -> 382.7
B92: ="B"&B78 -> B5 | C92: =+C75 -> En caso de proponente plural: ¿De la totalidad de los contratos aportados por el proponente plural, el valor ejecutado de uno de ellos deberá ser igual o superior al 30% del P.O.? (SI; NO; NA) | H92: =+$H$6 -> 268.14723 | I92: =+IF(AG78="","",IF(AG78=1,"NA",IF(AND(AG78>1,(COUNTIFS(AD81:AD90,"SI",AE81:AE90,">0"))>=1),"SI","NO"))) -> SI | P92: =+$P$24 -> PROMEDIO FACTURACIÓN MENSUAL DEL PROPONENTE (PFMP) | T92: {=IF(T91=0,0,ROUND(T91/(SUM(IF(FREQUENCY(A81:A90,A81:A90)>0,1))),3))} -> 127.567
B93: ="C"&B78 -> C5 | C93: =+$C$25 -> PROPONENTE CUMPLE CON LAS ACTIVIDADES a) y b)? (SI; NO) | I93: =IF(C78="","",(IF(AND(COUNTIFS(X81:X90,"SI",Z81:Z90,"SI")>=$Z$8,COUNTIFS(X81:X90,"SI",AB81:AB90,"SI")>=$Z$8),"SI","NO"))) -> SI | P93: =+$P$25 -> VALOR PUNTAJE POR EXPERIENCIA DEL PROPONENTE | T93: =IF(OR(C78="",'ASIGNACION DE PUNTAJES'!$C$5=""),"",VLOOKUP(B78,'ASIGNACION DE PUNTAJES'!$A$15:$G$69,7,FALSE)) -> 656.85
B95: =1+B78 -> 6 | C95: CONSULTORIA INTERVENTORIA TECNICAS CIVILES CONINTEC SAS | J95: =+IF(C95="","","INTEGRANTES") -> INTEGRANTES | K95: NA | R95: =+$R$10 -> PROPONENTE No. | T95: =+B95 -> 6 | U95: =+$U$10 -> PFMP | V95: =IF(T109="",0,T109) -> 134.005 | X95: ¿EL CONTRATO CUMPLE CON LOS REQUERIMIENTOS ADICIONALES DE EXPERIENCIA EN EL PLIEGO? (SI EL CONTRATO NO ES VÁLIDO, INDICAR NO) (SI / NO) | Z95: =+$Z$10 -> EXP. ESPECÍFICA A: | AB95: =+$AB$10 -> EXP. ESPECÍFICA B: | AG95: 1
B96: =+$B$11 -> ITEM | C96: =+$C$11 -> PROPONENTE / INTEGRANTE OFERENTE PLURAL | D96: =+$D$11 -> INFORMACIÓN DEL CONTRATO | H96: =+H79 -> CONSECUTIVO RUP | I96: =+$I$11 -> ¿SE ENCUENTRA INSCRITO EN EL RUP Y CUMPLE CÓDIGOS UNSPSC? | J96: =+$J$11 -> VALOR EN RUP (SMMLV) | K96: =+$K$11 -> % PARTIC en el RUP | L96: =+$L$11 -> VALOR DEL CONTRATO TERMINADO (SMMLV) en el RUP | M96: =+$M$11 -> FECHA DE INICIO | N96: =+$N$11 -> FECHA DE TERMINACION | O96: =+$O$11 -> PLAZO CONTRA-TO (Meses) | P96: =+$P$11 -> Tsusp i | S96: =+$S$11 -> PLAZO i REAL | T96: =+$T$11 -> FACTURA-CION MENSUAL PROPO-NENTE | U96: =+$U$11 -> VALIDACIÓN DE LA EXPERIENCIA GENERAL (SI/NO) | V96: =+$V$11 -> OBSERVACIONES | Z96: =+$Z$11 -> Interventoria a la ejecución de obras relacionadas con Colocación de capas granulares (tales como bases y/o sub-bases granulares). | AB96: =+$AB$11 -> Interventoria a la Ejecución de obras de subdrenaje y/o drenaje, en carreteras.
D97: =+$D$12 -> ENTIDAD | E97: =+$E$12 -> No. DE CONTRATO | F97: =+$F$12 -> OBJETO | G97: =+$G$12 -> CONTRATISTA | P97: =+P80 -> Finicsuspi | Q97: =+Q80 -> Ftermsuspi | R97: =+R80 -> Tsusp i (meses)
A98: =+IF(T98="","",B98) -> 1 | B98: 1 | C98: CONSULTORIA INTERVENTORIA TECNICAS CIVILES CONINTEC SAS | D98: MUNICIPIO DE ENVIGADO | E98: 09-00-31-07-059-16 | F98: INTERVENTORÍA PARA LA CONSTRUCCIÓN DE LOS INTERCAMBIOS VIALES DE BENEDICTINOS - LOMA EL ESMERALDAL CON TRANSVERSAL INTERMEDIA - PIEDRA DE LA AYURÁ ETAPA 1. MUNICIPIO DE ENVIGADO | G98: CONSULTORIA INTERVENTORIA TECNICAS CIVILES CONINTEC SAS | H98: 121 | I98: SI | J98: 2643.93 | K98: 1 | L98: =IF(OR(H98="",I98<>"SI",I98="NO",J98="",J98=0,K98="",K98=0,X98<>"SI"),0,J98*K98) -> 2643.93 | M98: 42600 | N98: 43220 | O98: =IF(OR(H98="",I98<>"SI",I98="NO",J98="",J98=0,K98="",K98=0,,M98="",N98=""),"",ROUND((((N98-M98)+1)/30),3)) -> 20.7 | R98: =IF(OR((Q98-P98)=0,P98="",Q98=""),0,(ROUND((((Q98-P98)+1)/30),3))) -> 0 | S98: =IF(O98="","",ROUND(SUM(O98)-SUM(R98),3)) -> 20.7 | T98: =+IF(C98="","",IF(OR(S98="",S98<=0,I98="",I98="NO",U98="",U98="NO",X98="NO"),"",ROUND(SUM(L98)/S98,3))) -> 127.726 | U98: SI | X98: =+IF(C98="","",IF(AND(H98<>"",I98="SI",J98<>"",J98>0,K98<>"",K98>0,S98<>"",S98>0,U98="SI"),"SI","NO")) -> SI | Z98: SI | AB98: SI | AD98: =+IF($C$95="","",IF(C98="","",IF(L98>=$H$6,"SI","NO"))) -> SI | AE98: =+IF(OR($T$98="",X98="",X98="NO"),"",L98) -> 2643.93 | AF98: =+IF(AE98="","",L98/$S$98) -> 127.72609 | AG98: =0.1+B95 -> 6.1
A99: =+IF(T99="","",B99) -> 2 | B99: 2 | C99: CONSULTORIA INTERVENTORIA TECNICAS CIVILES CONINTEC SAS | D99: MUNICIPIO DE ENVIGADO | E99: 09-00-31-07-107-16 | F99: INTERVENTORIA PARA OBRAS DE PAVIMENTACIÓN EN DIFERENTES SITIOS DE LA ZONA URBANA Y RURAL DEL MUNICIPIO DE ENVIGADO 2016-2017 | G99: CONSULTORIA INTERVENTORIA TECNICAS CIVILES CONINTEC SAS | H99: 118 | I99: SI | J99: 562.45 | K99: 1 | L99: =IF(OR(H99="",I99<>"SI",I99="NO",J99="",J99=0,K99="",K99=0,X99<>"SI"),0,J99*K99) -> 562.45 | M99: 42678 | N99: 43008 | O99: =IF(OR(H99="",I99<>"SI",I99="NO",J99="",J99=0,K99="",K99=0,,M99="",N99=""),"",ROUND((((N99-M99)+1)/30),3)) -> 11.033 | R99: =IF(OR((Q99-P99)=0,P99="",Q99=""),0,(ROUND((((Q99-P99)+1)/30),3))) -> 0 | S99: =IF(O99="","",ROUND(SUM(O99)-SUM(R99),3)) -> 11.033 | T99: =+IF(C99="","",IF(OR(S99="",S99<=0,I99="",I99="NO",U99="",U99="NO",X99="NO"),"",ROUND(SUM(L99)/S99,3))) -> 50.979 | U99: SI | X99: =+IF(C99="","",IF(AND(H99<>"",I99="SI",J99<>"",J99>0,K99<>"",K99>0,S99<>"",S99>0,U99="SI"),"SI","NO")) -> SI | Z99: SI | AB99: SI | AD99: =+IF($C$95="","",IF(C99="","",IF(L99>=$H$6,"SI","NO"))) -> SI | AE99: =+IF(OR($T$99="",X99="",X99="NO"),"",L99) -> 562.45 | AF99: =+IF(AE99="","",L99/$S$99) -> 50.978882 | AG99: =0.2+B95 -> 6.2
A100: =+IF(T100="","",B100) -> 3 | B100: 3 | C100: CONSULTORIA INTERVENTORIA TECNICAS CIVILES CONINTEC SAS | D100: MUNICIPIO DE ENVIGADO | E100: 09-00-31-07-013-15 | F100: INTERVENTORÍA PARA LA CONSTRUCCIÓN OBRAS DEL MEGA PLAN DE MOVILIDAD Y APOYO A LA GERENCIA DE LAS SIGUIENTES OBRAS: AMPLIACIÓN DE LA CALLE 37 SUR (LOMA DEL ESCOBERO) ENTRE LA DIAGONAL 31 Y LA URBANIZACIÓN CASAS DEL CAMINO, CONSTRUCCIÓN DE LA PARALELA DE LA QUEBRADA LA AYURÁ (CALZADA NORTE) ENTRE LA CARRERA 48 (AV. LAS VEGAS) Y LA CARRERA 50 (SISTEMA VIAL DEL RÍO) Y CONSTRUCCIÓN DEL INTERCAMBIO VIAL DE LA SALLE (CARRERA 43A X CALLE 25 SUR), ETAPA 1, MUNICIPIO DE ENVIGADO, DEPARTAMENTO DE ANTIOQUIA | G100: CONSULTORIA INTERVENTORIA TECNICAS CIVILES CONINTEC SAS | H100: 114 | I100: SI | J100: 5448.74 | K100: 1 | L100: =IF(OR(H100="",I100<>"SI",I100="NO",J100="",J100=0,K100="",K100=0,X100<>"SI"),0,J100*K100) -> 5448.74 | M100: 42109 | N100: 42840 | O100: =IF(OR(H100="",I100<>"SI",I100="NO",J100="",J100=0,K100="",K100=0,,M100="",N100=""),"",ROUND((((N100-M100)+1)/30),3)) -> 24.4 | R100: =IF(OR((Q100-P100)=0,P100="",Q100=""),0,(ROUND((((Q100-P100)+1)/30),3))) -> 0 | S100: =IF(O100="","",ROUND(SUM(O100)-SUM(R100),3)) -> 24.4 | T100: =+IF(C100="","",IF(OR(S100="",S100<=0,I100="",I100="NO",U100="",U100="NO",X100="NO"),"",ROUND(SUM(L100)/S100,3))) -> 223.309 | U100: SI | X100: =+IF(C100="","",IF(AND(H100<>"",I100="SI",J100<>"",J100>0,K100<>"",K100>0,S100<>"",S100>0,U100="SI"),"SI","NO")) -> SI | Z100: SI | AB100: SI | AD100: =+IF($C$95="","",IF(C100="","",IF(L100>=$H$6,"SI","NO"))) -> SI | AE100: =+IF(OR($T$100="",X100="",X100="NO"),"",L100) -> 5448.74 | AF100: =+IF(AE100="","",L100/$S$100) -> 223.30902 | AG100: =0.3+B95 -> 6.3
A101: =+IF(T101="","",B101) | L101: =IF(OR(H101="",I101<>"SI",I101="NO",J101="",J101=0,K101="",K101=0,X101<>"SI"),0,J101*K101) -> 0 | O101: =IF(OR(H101="",I101<>"SI",I101="NO",J101="",J101=0,K101="",K101=0,,M101="",N101=""),"",ROUND((((N101-M101)+1)/30),3)) | R101: =IF(OR((Q101-P101)=0,P101="",Q101=""),0,(ROUND((((Q101-P101)+1)/30),3))) -> 0 | S101: =IF(O101="","",ROUND(SUM(O101)-SUM(R101),3)) | T101: =+IF(C101="","",IF(OR(S101="",S101<=0,I101="",I101="NO",U101="",U101="NO",X101="NO"),"",ROUND(SUM(L101)/S101,3))) | X101: =+IF(C101="","",IF(AND(H101<>"",I101="SI",J101<>"",J101>0,K101<>"",K101>0,S101<>"",S101>0,U101="SI"),"SI","NO")) | AD101: =+IF($C$95="","",IF(C101="","",IF(L101>=$H$6,"SI","NO"))) | AE101: =+IF(OR($T$101="",X101="",X101="NO"),"",L101) | AF101: =+IF(AE101="","",L101/$S$101)
A102: =+IF(T102="","",B102) | L102: =IF(OR(H102="",I102<>"SI",I102="NO",J102="",J102=0,K102="",K102=0,X102<>"SI"),0,J102*K102) -> 0 | O102: =IF(OR(H102="",I102<>"SI",I102="NO",J102="",J102=0,K102="",K102=0,,M102="",N102=""),"",ROUND((((N102-M102)+1)/30),3)) | R102: =IF(OR((Q102-P102)=0,P102="",Q102=""),0,(ROUND((((Q102-P102)+1)/30),3))) -> 0 | S102: =IF(O102="","",ROUND(SUM(O102)-SUM(R102),3)) | T102: =+IF(C102="","",IF(OR(S102="",S102<=0,I102="",I102="NO",U102="",U102="NO",X102="NO"),"",ROUND(SUM(L102)/S102,3))) | X102: =+IF(C102="","",IF(AND(H102<>"",I102="SI",J102<>"",J102>0,K102<>"",K102>0,S102<>"",S102>0,U102="SI"),"SI","NO")) | AD102: =+IF($C$95="","",IF(C102="","",IF(L102>=$H$6,"SI","NO"))) | AE102: =+IF(OR($T$102="",X102="",X102="NO"),"",L102) | AF102: =+IF(AE102="","",L102/$S$102)
A103: =+IF(T103="","",B103) | L103: =IF(OR(H103="",I103<>"SI",I103="NO",J103="",J103=0,K103="",K103=0,X103<>"SI"),0,J103*K103) -> 0 | O103: =IF(OR(H103="",I103<>"SI",I103="NO",J103="",J103=0,K103="",K103=0,,M103="",N103=""),"",ROUND((((N103-M103)+1)/30),3)) | R103: =IF(OR((Q103-P103)=0,P103="",Q103=""),0,(ROUND((((Q103-P103)+1)/30),3))) -> 0 | S103: =IF(O103="","",ROUND(SUM(O103)-SUM(R103),3)) | T103: =+IF(C103="","",IF(OR(S103="",S103<=0,I103="",I103="NO",U103="",U103="NO",X103="NO"),"",ROUND(SUM(L103)/S103,3))) | X103: =+IF(C103="","",IF(AND(H103<>"",I103="SI",J103<>"",J103>0,K103<>"",K103>0,S103<>"",S103>0,U103="SI"),"SI","NO")) | AD103: =+IF($C$95="","",IF(C103="","",IF(L103>=$H$6,"SI","NO"))) | AE103: =+IF(OR($T$103="",X103="",X103="NO"),"",L103) | AF103: =+IF(AE103="","",L103/$S$103)
A104: =+IF(T104="","",B104) | L104: =IF(OR(H104="",I104<>"SI",I104="NO",J104="",J104=0,K104="",K104=0,X104<>"SI"),0,J104*K104) -> 0 | O104: =IF(OR(H104="",I104<>"SI",I104="NO",J104="",J104=0,K104="",K104=0,,M104="",N104=""),"",ROUND((((N104-M104)+1)/30),3)) | R104: =IF(OR((Q104-P104)=0,P104="",Q104=""),0,(ROUND((((Q104-P104)+1)/30),3))) -> 0 | S104: =IF(O104="","",ROUND(SUM(O104)-SUM(R104),3)) | T104: =+IF(C104="","",IF(OR(S104="",S104<=0,I104="",I104="NO",U104="",U104="NO",X104="NO"),"",ROUND(SUM(L104)/S104,3))) | X104: =+IF(C104="","",IF(AND(H104<>"",I104="SI",J104<>"",J104>0,K104<>"",K104>0,S104<>"",S104>0,U104="SI"),"SI","NO")) | AD104: =+IF($C$95="","",IF(C104="","",IF(L104>=$H$6,"SI","NO"))) | AE104: =+IF(OR($T$104="",X104="",X104="NO"),"",L104) | AF104: =+IF(AE104="","",L104/$S$104)
A105: =+IF(T105="","",B105) | L105: =IF(OR(H105="",I105<>"SI",I105="NO",J105="",J105=0,K105="",K105=0,X105<>"SI"),0,J105*K105) -> 0 | O105: =IF(OR(H105="",I105<>"SI",I105="NO",J105="",J105=0,K105="",K105=0,,M105="",N105=""),"",ROUND((((N105-M105)+1)/30),3)) | R105: =IF(OR((Q105-P105)=0,P105="",Q105=""),0,(ROUND((((Q105-P105)+1)/30),3))) -> 0 | S105: =IF(O105="","",ROUND(SUM(O105)-SUM(R105),3)) | T105: =+IF(C105="","",IF(OR(S105="",S105<=0,I105="",I105="NO",U105="",U105="NO",X105="NO"),"",ROUND(SUM(L105)/S105,3))) | X105: =+IF(C105="","",IF(AND(H105<>"",I105="SI",J105<>"",J105>0,K105<>"",K105>0,S105<>"",S105>0,U105="SI"),"SI","NO")) | AD105: =+IF($C$95="","",IF(C105="","",IF(L105>=$H$6,"SI","NO"))) | AE105: =+IF(OR($T$105="",X105="",X105="NO"),"",L105) | AF105: =+IF(AE105="","",L105/$S$105)
A106: =+IF(T106="","",B106) | L106: =IF(OR(H106="",I106<>"SI",I106="NO",J106="",J106=0,K106="",K106=0,X106<>"SI"),0,J106*K106) -> 0 | O106: =IF(OR(H106="",I106<>"SI",I106="NO",J106="",J106=0,K106="",K106=0,,M106="",N106=""),"",ROUND((((N106-M106)+1)/30),3)) | R106: =IF(OR((Q106-P106)=0,P106="",Q106=""),0,(ROUND((((Q106-P106)+1)/30),3))) -> 0 | S106: =IF(O106="","",ROUND(SUM(O106)-SUM(R106),3)) | T106: =+IF(C106="","",IF(OR(S106="",S106<=0,I106="",I106="NO",U106="",U106="NO",X106="NO"),"",ROUND(SUM(L106)/S106,3))) | X106: =+IF(C106="","",IF(AND(H106<>"",I106="SI",J106<>"",J106>0,K106<>"",K106>0,S106<>"",S106>0,U106="SI"),"SI","NO")) | AD106: =+IF($C$95="","",IF(C106="","",IF(L106>=$H$6,"SI","NO"))) | AE106: =+IF(OR($T$106="",X106="",X106="NO"),"",L106) | AF106: =+IF(AE106="","",L106/$S$106)
...

Sheet EXP DIRECTOR
A1: Volver al Indice | C1: CONCURSO DE MÉRITOS No. 10827
C2: OBJETO: INTERVENTORÍA TÉCNICA, ADMINISTRATIVA, AMBIENTAL, FINANCIERA Y LEGAL PARA LA CONSERVACIÓN, MANTENIMIENTO Y REHABILITACIÓN DE LAS VÍAS A CARGO DEL DEPARTAMENTO DE ANTIOQUIA EN LAS SUBREGION ORIENTE
A3: NÚMERO DE CONTRATOS REQUERIDO | D3: 3 | F3: REQUISITOS DE LA EXPERIENCIA DEL PROFESIONAL QUE SE PRETENDE ACREDITAR PARA EL PROCESO
A4: FECHA DE CIERRE | E4: 44019 | F4: REQUISITOS MÍNIMOS * Procesos simultáneos (VÁLIDO/NO VÁLIDO) * Carta de compromiso, Matricula profesional, Certificado de antecedentes del organismo autorizado (COPNIA) (SI/NO) * Fecha de expedición de la matricula profesional * Experiencia profesional PUNTUACIÓN * Validez de las certificaciones laborales o contractuales después de la expedición de la matricula profesional * Formación valida para obtener puntaje (SI/NO) (SI: 200 puntos; NO: 0 puntos)
A6: 1 | B6: CONSORCIO HUPERNIKAO VIAL 827 | G6: PROFESIONAL | H6: EDUARDO AREVALO NEIRA | I6: Cédula | J6: Fecha expedición tarjeta o matricula profesional | K6: Experien Profesional en años | L6: =+IF(J7<>0,ROUND(($E$4-J7)/360,0),"") -> 36
I7: 13360162 | J7: 31091
A8: ITEM | B8: INFORMACIÓN DEL CONTRATO | F8: CARGO EJERCIDO (Coordinador o Director o Residente o Supervisor en entidades estatales) | G8: SE CUMPLE CON OBJETO Y/O ACTIVIDADES EJECUTADAS, DE ACUERDO A LO REQUERIDO? (SI/NO) | H8: VALIDACIÓN DE LA EXPERIENCIA DEL EQUIPO DE TRABAJO (SI/NO) | I8: OBSERVACIONES A LOS CONTRATOS PARA ACREDITAR EXPERIENCIA DEL EQUIPO DE TRABAJO
B9: ENTIDAD | C9: No. DE CONTRATO | D9: OBJETO | E9: CONTRATISTA
A10: 1. | B10: N/S | C10: N/S | D10: Interventoría a los Contratos y Convenios Celebrados en la Vigencia 2013-2014 según relación entregada por el Departamento de la Guajira | E10: CONSORCIO APPLUS GESTION SOCIAL | F10: Director | G10: SI | H10: =+IF(B10<>"",IF(OR(F10="Otro",G10="NO"),"NO","SI"),"") -> SI
A11: 2. | B11: SETP SANTA MARTA | C11: N/S | D11: Interventoría a la Construcción de las Obras Civiles, Arquitectónicas, Hidráulicas y Todas Aquellas Actividades necesarias para la Rehabilitación y Adecuación de los Corredores Viales Urbanos de la Carrera 5 entre la Calle 22 y la Calle 29 y de la Avenida Tamacá Tramo II Rodadero entre Salguero y la Carrera 4ta para el Sistema Estratégico de Transporte Público de la Ciudad de Santa Marta – SETP | E11: UNION TEMPORAL INTERVENTORÍA LA AVENIDA 2015 | F11: Director | G11: NO | H11: =+IF(B11<>"",IF(OR(F11="Otro",G11="NO"),"NO","SI"),"") -> NO | I11: No se evidencia, con la documentación aportada, que en el contrato se hubiese ejecutado la interventoria a la actividad de pavimento asfaltico en caliente o concreto hidráulico, tal como lo establece el pliego de condiciones en su numeral 4.1.2 EXPERIENCIA Y FORMACIÓN ACADÉMICA DEL EQUIPO DE TRABAJO, subnumeral 2.
A12: 3. | B12: SETP SANTA MARTA | C12: CM-001-2016 | D12: Interventoría a la Construcción de las Obras Civiles, Arquitectónicas, Hidráulicas y todas aquellas Actividades Necesarias para la Reconstrucción y Adecuación de las Intervenciones de las Vías Curinca (Calle 53 Troncal del Caribe - Carrera 31 Troncal del Caribe), y Líbano 2000 (Carrera 31 Troncal del Caribe - Calle 40b Avenida del Libertador sector Líbano), para el sistema estratégico de transporte público de la ciudad de Santa Marta - SEPT | E12: UNION TEMPORAL PENINSULAR | F12: Director | G12: SI | H12: =+IF(B12<>"",IF(OR(F12="Otro",G12="NO"),"NO","SI"),"") -> SI
A13: 4. | H13: =+IF(B13<>"",IF(OR(F13="Otro",G13="NO"),"NO","SI"),"")
A14: ="D"&A6 -> D1 | B14: EL OFERENTE PROPONE UN DIRECTOR DE INTERVENTORIA CON TÍTULO DE POSGRADO (ESPECIALIZACIÓN O MAESTRIA) EN LAS ÁREAS RELACIONADAS CON: Vías, Pavimentos, Geotecnia, Gerencia de proyectos, Interventoría y Gerencia de Obras. | H14: SI
B15: ¿SE APORTA LA DOCUMENTACIÓN MÍNIMA DEL PROFESIONAL PROPUESTO (Carta de compromiso, Matricula Profesional, Certificado de antecendentes del organismo autorizado (COPNIA o similar)? (SI; NO; NA) | H15: SI
A16: ="F"&A6 -> F1 | B16: ¿EL PROFESIONAL PARTICIPA EN ALGÚN PROCESO SIMULTANEO DE LA ENTIDAD (SI; NO; NA) | G16: Si sí, no válido | H16: NO
B17: ¿EL PROFESIONAL CUMPLE CON EL REQUISITO MÍNIMO DE OCHO (8) AÑOS DE EXPERIENCIA DE ACUERDO AL PLIEGO DE CONDICIONES? (SI; NO) | G17: Si sí, válido | H17: =+IF(H6<>0,IF(L6>=8,"SI","NO"),"") -> SI
B18: ¿SE APORTAN LOS TRES (3) CONTRATOS VÁLIDOS REQUERIDOS PARA ACREDITACIÓN DE LA EXPERIENCIA DEL PROFESIONAL? (SI; NO) | G18: Si sí, válido | H18: =+IF(H6<>0,IF(COUNTIF(H10:H13,"SI")>=3,"SI","NO"),"") -> NO
A19: ="E"&A6 -> E1 | D19: EL PROFESIONAL OFRECIDO POR EL PROPONENTE CUMPLE CON LOS REQUISITOS MÍNIMOS ESTABLECIDOS EN EL NUMERAL 4.1.2. (no se evalúa simultaneidad de procesos en esta celda) | H19: =IF(H6<>0,IF(AND(H15="SI",H17="SI",H18="SI"),"SI","NO"),"") -> NO
A21: 2 | B21: CONSORCIO INTERANTIOQUIA | G21: PROFESIONAL | H21: DIEGO FERNANDO FONSECA CHAVES | I21: Cédula | J21: Fecha expedición tarjeta o matricula profesional | K21: Experien Profesional en años | L21: =+IF(J22<>0,ROUND(($E$4-J22)/360,0),"") -> 33
I22: 79288527 | J22: 31981
A23: ITEM | B23: INFORMACIÓN DEL CONTRATO | F23: CARGO EJERCIDO (Coordinador o Director o Residente o Supervisor en entidades estatales) | G23: SE CUMPLE CON OBJETO Y/O ACTIVIDADES EJECUTADAS, DE ACUERDO A LO REQUERIDO? (SI/NO) | H23: VALIDACIÓN DE LA EXPERIENCIA DEL EQUIPO DE TRABAJO (SI/NO) | I23: OBSERVACIONES A LOS CONTRATOS PARA ACREDITAR EXPERIENCIA DEL EQUIPO DE TRABAJO
B24: ENTIDAD | C24: No. DE CONTRATO | D24: OBJETO | E24: CONTRATISTA
A25: 1. | B25: INSTITUTO DE DESARROLLO URBANO IDU | C25: CTO 807 DE 1999 | D25: INTERVENTORIA TECNICA, ADMINISTRATIVA Y FINANCIERA A PRECIO GLOBAL FIJO PARA LA EVALUACION Y REHABILITACION DE VIAS DEL GRUPO NO. 4, EN SANTA FE DE BOGOTA D.C. | E25: UNION TEMPORAL FONAR | F25: Director | G25: SI | H25: =+IF(B25<>"",IF(OR(F25="Otro",G25="NO"),"NO","SI"),"") -> SI
A26: 2. | B26: INSTITUTO DE DESARROLLO URBANO IDU | C26: CTO 022 DE 2001 | D26: INTERVENTORIA TÉCNICA, ADMINISTRATIVA, FINANCIERA Y AMBIENTAL A PRECIO GLOBAL FIJO PARA LA CONSTRUCCIÓN DE LA FASE 1 DE LA AV. VILLAVICENCIO DESDE LA AV. CIUDAD DE CALI HASTA LA AV. EL TINTAL Y CONSTRUCCIÓN FASE 1 DE LA AV. EL TINTAL ENTRE LA AV. VILLAVICENCIO HASTA LA AV. BOSA EN BOGOTA D.C. | E26: UNION TEMPORAL FONAR | F26: Director | G26: SI | H26: =+IF(B26<>"",IF(OR(F26="Otro",G26="NO"),"NO","SI"),"") -> SI
A27: 3. | B27: INSTITUTO DE DESARROLLO URBANO IDU | C27: CTO 181 DE 2007 | D27: INTERVENTORIA TÉCNICA, ADMINISTRATIVA, FINANCIERA Y SOCIO AMBIENTAL PARA LA CONSTRUCCIÓN DE ACCESOS A BARRIOS Y PAVIMENTOS LOALES GRUPO 1 LOCALIDADES DE BOSA, CHAPINERO, KENNEDY Y SUBA EN BOGOTA D.C. | E27: DIEGO FONSECA | F27: Director | G27: SI | H27: =+IF(B27<>"",IF(OR(F27="Otro",G27="NO"),"NO","SI"),"") -> SI
A28: 4. | H28: =+IF(B28<>"",IF(OR(F28="Otro",G28="NO"),"NO","SI"),"")
A29: ="D"&A21 -> D2 | B29: EL OFERENTE PROPONE UN DIRECTOR DE INTERVENTORIA CON TÍTULO DE POSGRADO (ESPECIALIZACIÓN O MAESTRIA) EN LAS ÁREAS RELACIONADAS CON: Vías, Pavimentos, Geotecnia, Gerencia de proyectos, Interventoría y Gerencia de Obras. | H29: SI
B30: ¿SE APORTA LA DOCUMENTACIÓN MÍNIMA DEL PROFESIONAL PROPUESTO (Carta de compromiso, Matricula Profesional, Certificado de antecendentes del organismo autorizado (COPNIA o similar)? (SI; NO; NA) | H30: SI
A31: ="F"&A21 -> F2 | B31: ¿EL PROFESIONAL PARTICIPA EN ALGÚN PROCESO SIMULTANEO DE LA ENTIDAD (SI; NO; NA) | G31: Si sí, no válido | H31: NO
B32: ¿EL PROFESIONAL CUMPLE CON EL REQUISITO MÍNIMO DE OCHO (8) AÑOS DE EXPERIENCIA DE ACUERDO AL PLIEGO DE CONDICIONES? (SI; NO) | G32: Si sí, válido | H32: =+IF(H21<>0,IF(L21>=8,"SI","NO"),"") -> SI
B33: ¿SE APORTAN LOS TRES (3) CONTRATOS VÁLIDOS REQUERIDOS PARA ACREDITACIÓN DE LA EXPERIENCIA DEL PROFESIONAL? (SI; NO) | G33: Si sí, válido | H33: =+IF(H21<>0,IF(COUNTIF(H25:H28,"SI")>=3,"SI","NO"),"") -> SI
A34: ="E"&A21 -> E2 | D34: =+D19 -> EL PROFESIONAL OFRECIDO POR EL PROPONENTE CUMPLE CON LOS REQUISITOS MÍNIMOS ESTABLECIDOS EN EL NUMERAL 4.1.2. (no se evalúa simultaneidad de procesos en esta celda) | H34: =IF(H21<>0,IF(AND(H30="SI",H32="SI",H33="SI"),"SI","NO"),"") -> SI
A36: 3 | B36: CONSORCIO JE ORIENTE | G36: PROFESIONAL | H36: VICTOR DANIEL CASTRO SALAZAR | I36: Cédula | J36: Fecha expedición tarjeta o matricula profesional | K36: Experien Profesional en años | L36: =+IF(J37<>0,ROUND(($E$4-J37)/360,0),"") -> 31
I37: 10524225 | J37: 32828
A38: ITEM | B38: INFORMACIÓN DEL CONTRATO | F38: CARGO EJERCIDO (Coordinador o Director o Residente o Supervisor en entidades estatales) | G38: SE CUMPLE CON OBJETO Y/O ACTIVIDADES EJECUTADAS, DE ACUERDO A LO REQUERIDO? (SI/NO) | H38: VALIDACIÓN DE LA EXPERIENCIA DEL EQUIPO DE TRABAJO (SI/NO) | I38: OBSERVACIONES A LOS CONTRATOS PARA ACREDITAR EXPERIENCIA DEL EQUIPO DE TRABAJO
B39: ENTIDAD | C39: No. DE CONTRATO | D39: OBJETO | E39: CONTRATISTA
A40: 1. | B40: INSTITUTO DE INFRAESTRUCTURA Y CONCESIONES DE CUNDINAMARCA- ICCU | C40: ICCU 022-2014 | D40: INTERVENTORÍA TÉCNICA, ADMINISTRATIVA, FINANCIERA Y LEGAL PARA EL: “MEJORAMIENTO Y PAVIMENTACIÓN DE LA VÍA SUESCA – LA PLAYA – SESQUILÉ DEPARTAMENTO DE CUNDINAMARCA | E40: ELSA MARIA RUEDA LANDINEZ | F40: Director | G40: SI | H40: =+IF(B40<>"",IF(OR(F40="Otro",G40="NO"),"NO","SI"),"") -> SI
A41: 2. | B41: INSTITUTO DE INFRAESTRUCTURA Y CONCESIONES DE CUNDINAMARCA- ICCU | C41: ICCU 023-2014 | D41: EJECUTAR LA INTERVENTORÍA TÉCNICA, ADMINISTRATIVA Y FINANCIERA AL CONTRATO DE OBRA ICCU-843-13. CUYO OBJETO ES "EL MEJORAMIENTO Y REHABILITACIÓN DE LA VÍA SUPATA - SAN FRANCISCO, (SECTOR BUENOS AIRES K0+000 HASTA EL K3+500) K0+000 UBICADO EN EL SECTOR LA TRINIDAD DEL MUNICIPIO DE SUPATA CUNDINAMARCA | E41: ELSA MARIA RUEDA LANDINEZ | F41: Director | G41: SI | H41: =+IF(B41<>"",IF(OR(F41="Otro",G41="NO"),"NO","SI"),"") -> SI
A42: 3. | B42: ALCALDIA DE BUCARAMANGA | C42: 184 DE 2018 | D42: INTERVENTORIA PARA LAS OBRAS DE PARCHEOS DE HUECOS, FALLOS Y ACTIVIDADES ADICIONALES EN LA MALLA VIAL URBANA DEL MUNICIPIO DE BUCARAMANGA | E42: CONSORCIO MALLA VIAL JE | F42: Residente | G42: SI | H42: =+IF(B42<>"",IF(OR(F42="Otro",G42="NO"),"NO","SI"),"") -> SI
A43: 4. | H43: =+IF(B43<>"",IF(OR(F43="Otro",G43="NO"),"NO","SI"),"")
A44: ="D"&A36 -> D3 | B44: EL OFERENTE PROPONE UN DIRECTOR DE INTERVENTORIA CON TÍTULO DE POSGRADO (ESPECIALIZACIÓN O MAESTRIA) EN LAS ÁREAS RELACIONADAS CON: Vías, Pavimentos, Geotecnia, Gerencia de proyectos, Interventoría y Gerencia de Obras. | H44: SI
B45: ¿SE APORTA LA DOCUMENTACIÓN MÍNIMA DEL PROFESIONAL PROPUESTO (Carta de compromiso, Matricula Profesional, Certificado de antecendentes del organismo autorizado (COPNIA o similar)? (SI; NO; NA) | H45: SI
A46: ="F"&A36 -> F3 | B46: ¿EL PROFESIONAL PARTICIPA EN ALGÚN PROCESO SIMULTANEO DE LA ENTIDAD (SI; NO; NA) | G46: Si sí, no válido | H46: NO
B47: ¿EL PROFESIONAL CUMPLE CON EL REQUISITO MÍNIMO DE OCHO (8) AÑOS DE EXPERIENCIA DE ACUERDO AL PLIEGO DE CONDICIONES? (SI; NO) | G47: Si sí, válido | H47: =+IF(H36<>0,IF(L36>=8,"SI","NO"),"") -> SI
B48: ¿SE APORTAN LOS TRES (3) CONTRATOS VÁLIDOS REQUERIDOS PARA ACREDITACIÓN DE LA EXPERIENCIA DEL PROFESIONAL? (SI; NO) | G48: Si sí, válido | H48: =+IF(H36<>0,IF(COUNTIF(H40:H43,"SI")>=3,"SI","NO"),"") -> SI
A49: ="E"&A36 -> E3 | D49: =+D34 -> EL PROFESIONAL OFRECIDO POR EL PROPONENTE CUMPLE CON LOS REQUISITOS MÍNIMOS ESTABLECIDOS EN EL NUMERAL 4.1.2. (no se evalúa simultaneidad de procesos en esta celda) | H49: =IF(H36<>0,IF(AND(H45="SI",H47="SI",H48="SI"),"SI","NO"),"") -> SI
A51: 4 | B51: VELNEC SA | G51: PROFESIONAL | H51: JUAN CARLOS HERNANDEZ SANDOVAL | I51: Cédula | J51: Fecha expedición tarjeta o matricula profesional | K51: Experien Profesional en años | L51: =+IF(J52<>0,ROUND(($E$4-J52)/360,0),"") -> 20
I52: 79386306 | J52: 36818
A53: ITEM | B53: INFORMACIÓN DEL CONTRATO | F53: CARGO EJERCIDO (Coordinador o Director o Residente o Supervisor en entidades estatales) | G53: SE CUMPLE CON OBJETO Y/O ACTIVIDADES EJECUTADAS, DE ACUERDO A LO REQUERIDO? (SI/NO) | H53: VALIDACIÓN DE LA EXPERIENCIA DEL EQUIPO DE TRABAJO (SI/NO) | I53: OBSERVACIONES A LOS CONTRATOS PARA ACREDITAR EXPERIENCIA DEL EQUIPO DE TRABAJO
B54: ENTIDAD | C54: No. DE CONTRATO | D54: OBJETO | E54: CONTRATISTA
A55: 1. | B55: INSTITUTO DE DESARROLLO URBANO - IDU | C55: 080 DE 2012 | D55: INTERVENTORIA TECNICA ADMINISTRATIVA FINANCIERA LEGAL SOCIAL Y AMBIENTAL PARA LA CONSTRUCCION DE LA INFRAESTRUCTURA DEL SISTEMA INTEGRADO DE TRANSPORTE PUBLICO: TRONCALES DEL SISTEMA DE TRANSMILENIO, RUTAS AUXILIARES Y ESPACIO PUBLICO, ENTRE LA CALLE 80 Y EL PORTAL USME | E55: CONSORCIO NIKOS 007 | F55: Coodinador | G55: SI | H55: =+IF(B55<>"",IF(OR(F55="Otro",G55="NO"),"NO","SI"),"") -> SI
A56: 2. | B56: INSTITUTO DE DESARROLLO URBANO - IDU | C56: 039 DE 2009 | D56: CONTINUACIÓN DE LA INTERVENTORIA TECNICA ADMINISTRATIVA FINANCIERA LEGAL SOCIAL Y AMBIENTAL PARA LA AMPLIACIÓN Y REHABILITACION DE LA AUTOPISTA AL LLANO ENTRE EL CAI YOMASA Y EL INICIO DE LA CONCESIÓN BOGOTA-VILLAVICENCIO EN EL TRAMO COMPRENDIDO ENTRE EL K1+575 AL K5+324 EN BOGOTA DC | E56: VELNEC SA | F56: Coodinador | G56: SI | H56: =+IF(B56<>"",IF(OR(F56="Otro",G56="NO"),"NO","SI"),"") -> SI
A57: 3. | B57: INSTITUTO DE DESARROLLO URBANO - IDU | C57: 236-2004 | D57: INTERVENTORIA TECNICA ADMINISTRATIVA FINANCIERA SOCIAL Y AMBIENTAL PARA LA CONSTRUCCION, REHABILITACION Y CONSERVACION DE VIAS PARA RUTAS ALIMENTADORAS DEL SISTEMA DE TRANSMILENIO ZONA 4, GRUPO 2, EN BOGOTA DC | E57: VELNEC SA | F57: Coodinador | G57: SI | H57: =+IF(B57<>"",IF(OR(F57="Otro",G57="NO"),"NO","SI"),"") -> SI
A58: 4. | H58: =+IF(B58<>"",IF(OR(F58="Otro",G58="NO"),"NO","SI"),"")
A59: ="D"&A51 -> D4 | B59: EL OFERENTE PROPONE UN DIRECTOR DE INTERVENTORIA CON TÍTULO DE POSGRADO (ESPECIALIZACIÓN O MAESTRIA) EN LAS ÁREAS RELACIONADAS CON: Vías, Pavimentos, Geotecnia, Gerencia de proyectos, Interventoría y Gerencia de Obras. | H59: SI
B60: ¿SE APORTA LA DOCUMENTACIÓN MÍNIMA DEL PROFESIONAL PROPUESTO (Carta de compromiso, Matricula Profesional, Certificado de antecendentes del organismo autorizado (COPNIA o similar)? (SI; NO; NA) | H60: SI
A61: ="F"&A51 -> F4 | B61: ¿EL PROFESIONAL PARTICIPA EN ALGÚN PROCESO SIMULTANEO DE LA ENTIDAD (SI; NO; NA) | G61: Si sí, no válido | H61: NO
B62: ¿EL PROFESIONAL CUMPLE CON EL REQUISITO MÍNIMO DE OCHO (8) AÑOS DE EXPERIENCIA DE ACUERDO AL PLIEGO DE CONDICIONES? (SI; NO) | G62: Si sí, válido | H62: =+IF(H51<>0,IF(L51>=8,"SI","NO"),"") -> SI
B63: ¿SE APORTAN LOS TRES (3) CONTRATOS VÁLIDOS REQUERIDOS PARA ACREDITACIÓN DE LA EXPERIENCIA DEL PROFESIONAL? (SI; NO) | G63: Si sí, válido | H63: =+IF(H51<>0,IF(COUNTIF(H55:H58,"SI")>=3,"SI","NO"),"") -> SI
A64: ="E"&A51 -> E4 | D64: =+D49 -> EL PROFESIONAL OFRECIDO POR EL PROPONENTE CUMPLE CON LOS REQUISITOS MÍNIMOS ESTABLECIDOS EN EL NUMERAL 4.1.2. (no se evalúa simultaneidad de procesos en esta celda) | H64: =IF(H51<>0,IF(AND(H60="SI",H62="SI",H63="SI"),"SI","NO"),"") -> SI
A66: 5 | B66: CONSORCIO INTERDESARROLLO 010 | G66: PROFESIONAL | H66: MIGUEL ALBERTO SANCHEZ JIMENEZ | I66: Cédula | J66: Fecha expedición tarjeta o matricula profesional | K66: Experien Profesional en años | L66: =+IF(J67<>0,ROUND(($E$4-J67)/360,0),"") -> 28
I67: 6776362 | J67: 34054
A68: ITEM | B68: INFORMACIÓN DEL CONTRATO | F68: CARGO EJERCIDO (Coordinador o Director o Residente o Supervisor en entidades estatales) | G68: SE CUMPLE CON OBJETO Y/O ACTIVIDADES EJECUTADAS, DE ACUERDO A LO REQUERIDO? (SI/NO) | H68: VALIDACIÓN DE LA EXPERIENCIA DEL EQUIPO DE TRABAJO (SI/NO) | I68: OBSERVACIONES A LOS CONTRATOS PARA ACREDITAR EXPERIENCIA DEL EQUIPO DE TRABAJO
B69: ENTIDAD | C69: No. DE CONTRATO | D69: OBJETO | E69: CONTRATISTA
A70: 1 | B70: RED DE UNIVERSIDADES PUBLICAS DEL EJE CAFETERO - ALMA MATER | C70: CAS-AM-064-06-02 | D70: INTERVENTORÍA TÉCNICA, ADMINISTRATIVA Y FINANCIERA DEL CONTRATO QUE TIENE POR OBJETO LA CONSTRUCCIÓN DE LA VÍA SAN LORENZO - CRUCE SABANAS DEL ROSARIO EN MEZCLA DENSA EN CALIENTE EN EL MUNICIPIO DE CASTILLA LA NUEVA - META, EN EJECUCIÓN DEL PROYECTO (58002). | E70: ARM CONSULTING LTDA | F70: Director | G70: SI | H70: =+IF(B70<>"",IF(OR(F70="Otro",G70="NO"),"NO","SI"),"") -> SI
A71: 2 | B71: ALCALDIA DE GUAMAL | C71: 116 DE 2013 | D71: INTERVENTORÍA TÉCNICA, ADMINISTRATIVA Y FINANCIERA DE LA CONSTRUCCIÓN DE LA PRIMERA FASE PARA EL MEJORAMIENTO Y RENOVACIÓN URBANA DE LA CALLE 12 ENTRE CARRERA 3A Y LÍMITE URBANO EN EL BARRIO JULIO MAYORGA DEL MUNICIPIO DE GUAMAL - META | E71: CONSORCIO VÍAS URBANAS GUAMAL | F71: Director | G71: SI | H71: =+IF(B71<>"",IF(OR(F71="Otro",G71="NO"),"NO","SI"),"") -> SI
A72: 3 | B72: ALCALDIA DE VILLAVICENCIO | C72: 1594 DE 2014 | D72: INTERVENTORÍA TÉCNICA, ADMINISTRATIVA Y FINANCIERA PARA LA REHABILITACIÓN DE LA VÍA MEDIANTE LA CONSTRUCCIÓN DE PONTON SOBRE CAÑO VANGUARDIUNO, BOX COULVERT SOBRE CAÑO MAPIRI Y CAÑO CORCOVADO EN LA VEREDA LA POYATA DEL MUNICIPIO DE VILLAVICENCIO Y REHABILITACIÓN DE LA CALLE 39 ENTRE CARRERAS 9 Y 11 CONDOMINIO LOS GIRASOLES Y CARRERA 9 ENTRE CALLE 39 Y 40 CONJUNTO PARQUE DE SEVILLA EN EL MUNICIPIO DE VILLAVICENCIO. | E72: ARM CONSULTING LTDA | F72: Director | G72: SI | H72: =+IF(B72<>"",IF(OR(F72="Otro",G72="NO"),"NO","SI"),"") -> SI
A73: 4 | H73: =+IF(B73<>"",IF(OR(F73="Otro",G73="NO"),"NO","SI"),"")
A74: ="D"&A66 -> D5 | B74: EL OFERENTE PROPONE UN DIRECTOR DE INTERVENTORIA CON TÍTULO DE POSGRADO (ESPECIALIZACIÓN O MAESTRIA) EN LAS ÁREAS RELACIONADAS CON: Vías, Pavimentos, Geotecnia, Gerencia de proyectos, Interventoría y Gerencia de Obras. | H74: SI
B75: ¿SE APORTA LA DOCUMENTACIÓN MÍNIMA DEL PROFESIONAL PROPUESTO (Carta de compromiso, Matricula Profesional, Certificado de antecendentes del organismo autorizado (COPNIA o similar)? (SI; NO; NA) | H75: SI
A76: ="F"&A66 -> F5 | B76: ¿EL PROFESIONAL PARTICIPA EN ALGÚN PROCESO SIMULTANEO DE LA ENTIDAD (SI; NO; NA) | G76: Si sí, no válido | H76: NO
B77: ¿EL PROFESIONAL CUMPLE CON EL REQUISITO MÍNIMO DE OCHO (8) AÑOS DE EXPERIENCIA DE ACUERDO AL PLIEGO DE CONDICIONES? (SI; NO) | G77: Si sí, válido | H77: =+IF(H66<>0,IF(L66>=8,"SI","NO"),"") -> SI
B78: ¿SE APORTAN LOS TRES (3) CONTRATOS VÁLIDOS REQUERIDOS PARA ACREDITACIÓN DE LA EXPERIENCIA DEL PROFESIONAL? (SI; NO) | G78: Si sí, válido | H78: =+IF(H66<>0,IF(COUNTIF(H70:H73,"SI")>=3,"SI","NO"),"") -> SI
A79: ="E"&A66 -> E5 | D79: =+D64 -> EL PROFESIONAL OFRECIDO POR EL PROPONENTE CUMPLE CON LOS REQUISITOS MÍNIMOS ESTABLECIDOS EN EL NUMERAL 4.1.2. (no se evalúa simultaneidad de procesos en esta celda) | H79: =IF(H66<>0,IF(AND(H75="SI",H77="SI",H78="SI"),"SI","NO"),"") -> SI
A81: 6 | B81: CONSULTORIA INTERVENTORIA TECNICAS CIVILES CONINTEC SAS | G81: PROFESIONAL | H81: LAURA MARIA QUINTERO GAVIRIA | I81: Cédula | J81: Fecha expedición tarjeta o matricula profesional | K81: Experien Profesional en años | L81: =+IF(J82<>0,ROUND(($E$4-J82)/360,0),"") -> 10
I82: 24339850 | J82: 40283
A83: ITEM | B83: INFORMACIÓN DEL CONTRATO | F83: CARGO EJERCIDO (Coordinador o Director o Residente o Supervisor en entidades estatales) | G83: SE CUMPLE CON OBJETO Y/O ACTIVIDADES EJECUTADAS, DE ACUERDO A LO REQUERIDO? (SI/NO) | H83: VALIDACIÓN DE LA EXPERIENCIA DEL EQUIPO DE TRABAJO (SI/NO) | I83: OBSERVACIONES A LOS CONTRATOS PARA ACREDITAR EXPERIENCIA DEL EQUIPO DE TRABAJO
B84: ENTIDAD | C84: No. DE CONTRATO | D84: OBJETO | E84: CONTRATISTA
A85: 1 | B85: MUNICIPIO DE ENVIGADO | C85: 09-00-31-07-013-15 | D85: Interventoría para la construcción obras del Mega Plan de Movilidad y apoyo a la Gerencia de las siguientes obras: Ampliación de la calle 37 sur (Loma del Escobero) entre la diagonal 31 y la Urbanización Casas del Camino, construcción de la paralela de la quebrada La Ayurá (Calzada norte) entre la carrera 48 (Av. Las Vegas) y la carrera 50 (sistema vial del río) y construcción del intercambio vial de la Salle (Carrera 43a x calle 25 sur), Etapa 1, Municipio de Envigado, Departamento de Antioquia | E85: CONINTEC SAS | F85: Residente | G85: SI | H85: =+IF(B85<>"",IF(OR(F85="Otro",G85="NO"),"NO","SI"),"") -> SI
A86: 2 | B86: MUNICIPIO DE ENVIGADO | C86: 09-00-31-07-059-16 | D86: Interventoría para la construcción de los intercambios viales de Benedictinos - Loma el Esmeraldal con transversal intermedia - Piedra de la Ayurá etapa 1. Municipio de Envigado | E86: CONINTEC SAS | F86: Residente | G86: SI | H86: =+IF(B86<>"",IF(OR(F86="Otro",G86="NO"),"NO","SI"),"") -> SI
A87: 3 | B87: MUNICIPIO DE ENVIGADO | C87: 09-00-31-07-138-17 | D87: Interventoría Para La Construcción De La Ampliación De La Calle 37 Sur Etapa 3 Y Del Puente Del Esmeraldal Con La Transversal Intermedia del municipio de Envigado | E87: CONINTEC SAS | F87: Residente | G87: SI | H87: =+IF(B87<>"",IF(OR(F87="Otro",G87="NO"),"NO","SI"),"") -> SI
A88: 4 | H88: =+IF(B88<>"",IF(OR(F88="Otro",G88="NO"),"NO","SI"),"")
A89: ="D"&A81 -> D6 | B89: EL OFERENTE PROPONE UN DIRECTOR DE INTERVENTORIA CON TÍTULO DE POSGRADO (ESPECIALIZACIÓN O MAESTRIA) EN LAS ÁREAS RELACIONADAS CON: Vías, Pavimentos, Geotecnia, Gerencia de proyectos, Interventoría y Gerencia de Obras. | H89: SI
B90: ¿SE APORTA LA DOCUMENTACIÓN MÍNIMA DEL PROFESIONAL PROPUESTO (Carta de compromiso, Matricula Profesional, Certificado de antecendentes del organismo autorizado (COPNIA o similar)? (SI; NO; NA) | H90: SI
A91: ="F"&A81 -> F6 | B91: ¿EL PROFESIONAL PARTICIPA EN ALGÚN PROCESO SIMULTANEO DE LA ENTIDAD (SI; NO; NA) | G91: Si sí, no válido | H91: NO
B92: ¿EL PROFESIONAL CUMPLE CON EL REQUISITO MÍNIMO DE OCHO (8) AÑOS DE EXPERIENCIA DE ACUERDO AL PLIEGO DE CONDICIONES? (SI; NO) | G92: Si sí, válido | H92: =+IF(H81<>0,IF(L81>=8,"SI","NO"),"") -> SI
B93: ¿SE APORTAN LOS TRES (3) CONTRATOS VÁLIDOS REQUERIDOS PARA ACREDITACIÓN DE LA EXPERIENCIA DEL PROFESIONAL? (SI; NO) | G93: Si sí, válido | H93: =+IF(H81<>0,IF(COUNTIF(H85:H88,"SI")>=3,"SI","NO"),"") -> SI
A94: ="E"&A81 -> E6 | D94: =+D79 -> EL PROFESIONAL OFRECIDO POR EL PROPONENTE CUMPLE CON LOS REQUISITOS MÍNIMOS ESTABLECIDOS EN EL NUMERAL 4.1.2. (no se evalúa simultaneidad de procesos en esta celda) | H94: =IF(H81<>0,IF(AND(H90="SI",H92="SI",H93="SI"),"SI","NO"),"") -> SI
A96: 7 | B96: CB INGENIEROS SAS | G96: PROFESIONAL | H96: JUAN CARLOS MUÑOZ MUÑOZ | I96: Cédula | J96: Fecha expedición tarjeta o matricula profesional | K96: Experien Profesional en años | L96: =+IF(J97<>0,ROUND(($E$4-J97)/360,0),"") -> 19
I97: 12995887 | J97: 37119
A98: ITEM | B98: INFORMACIÓN DEL CONTRATO | F98: CARGO EJERCIDO (Coordinador o Director o Residente o Supervisor en entidades estatales) | G98: SE CUMPLE CON OBJETO Y/O ACTIVIDADES EJECUTADAS, DE ACUERDO A LO REQUERIDO? (SI/NO) | H98: VALIDACIÓN DE LA EXPERIENCIA DEL EQUIPO DE TRABAJO (SI/NO) | I98: OBSERVACIONES A LOS CONTRATOS PARA ACREDITAR EXPERIENCIA DEL EQUIPO DE TRABAJO
B99: ENTIDAD | C99: No. DE CONTRATO | D99: OBJETO | E99: CONTRATISTA
A100: 1 | B100: AERONAUTICA CIVIL | C100: 15000114-OK-2015 | D100: ESTUDIO Y DISEÑO PARA EL MANTENIMIENTO DE PISTA, PLATAFORMA Y CALLE DE RODAJE DEL AEROPUERTO SANTIAGO PÉREZ QUIROZ Y GABRIEL VARGAS SANTOS – DEPARTAMENTO DE ARAUCA | E100: CONSORCIO RG Y P ARAUCA | F100: Residente | G100: NO | H100: =+IF(B100<>"",IF(OR(F100="Otro",G100="NO"),"NO","SI"),"") -> NO | I100: No se tiene en cuenta el contrato para la evaluación, puesto que el certificado se encuentra suscrito por una persona diferente a quien indica que lo expide, siendo éste último el profesional del cual hace referencia el certificado, es decir, una autocertificación. No se considerarán como válidos para acreditar la experiencia: copias de contratos, autocertificaciones, experiencia en cátedra universitaria, proyectos de investigación o asesorías de tesis para optar a títulos de educación superior."
A101: 2 | B101: N/S | C101: 1569 DE 2009 | D101: INTERVENTORÍA TÉCNICA, LEGAL, FINANCIERA, ADMINISTRATIVA, AMBIENTAL, PREDIAL Y SOCIAL DEL PROYECTO: “ESTUDIOS Y DISEÑOS, GESTIÓN SOCIAL, PREDIAL, AMBIENTAL Y MEJORAMIENTO DEL PROYECTO CORREDOR DEL SUR Y MARGINAL DE LA SELVA | E101: CONSORCIO SELVA Y SUR | F101: Residente | G101: SI | H101: =+IF(B101<>"",IF(OR(F101="Otro",G101="NO"),"NO","SI"),"") -> SI
A102: 3 | B102: INVIAS | C102: 636 DE 2012 | D102: INTERVENTORIA INTEGRAL QUE INCLUYE, PERO NO SE LIMITA A LA INTERVENTORIA TECNICA, FINANCIERA, ADMINISTRATIVA, JURÍDICA, GESTIÓN SOCIAL, PREDIAL Y AMBIENTAL PARA EL MEJORAMIENTO DEL PROYECTO CORREDOR DEL SUR FASE 2 EN EL PROGRAMA DE CORREDORES PRIORITARIOS PARA LA PROSPERIDAD. | E102: TNM LIMITED | F102: Residente | G102: SI | H102: =+IF(B102<>"",IF(OR(F102="Otro",G102="NO"),"NO","SI"),"") -> SI
A103: 4 | H103: =+IF(B103<>"",IF(OR(F103="Otro",G103="NO"),"NO","SI"),"")
A104: ="D"&A96 -> D7 | B104: EL OFERENTE PROPONE UN DIRECTOR DE INTERVENTORIA CON TÍTULO DE POSGRADO (ESPECIALIZACIÓN O MAESTRIA) EN LAS ÁREAS RELACIONADAS CON: Vías, Pavimentos, Geotecnia, Gerencia de proyectos, Interventoría y Gerencia de Obras. | H104: SI
B105: ¿SE APORTA LA DOCUMENTACIÓN MÍNIMA DEL PROFESIONAL PROPUESTO (Carta de compromiso, Matricula Profesional, Certificado de antecendentes del organismo autorizado (COPNIA o similar)? (SI; NO; NA) | H105: SI
A106: ="F"&A96 -> F7 | B106: ¿EL PROFESIONAL PARTICIPA EN ALGÚN PROCESO SIMULTANEO DE LA ENTIDAD (SI; NO; NA) | G106: Si sí, no válido | H106: NO
B107: ¿EL PROFESIONAL CUMPLE CON EL REQUISITO MÍNIMO DE OCHO (8) AÑOS DE EXPERIENCIA DE ACUERDO AL PLIEGO DE CONDICIONES? (SI; NO) | G107: Si sí, válido | H107: =+IF(H96<>0,IF(L96>=8,"SI","NO"),"") -> SI
...

Sheet ASIGNACION DE PUNTAJES
A1: Volver al Indice | B1: CONCURSO DE MÉRITOS No. 10827
B2: OBJETO: INTERVENTORÍA TÉCNICA, ADMINISTRATIVA, AMBIENTAL, FINANCIERA Y LEGAL PARA LA CONSERVACIÓN, MANTENIMIENTO Y REHABILITACIÓN DE LAS VÍAS A CARGO DEL DEPARTAMENTO DE ANTIOQUIA EN LAS SUBREGION ORIENTE
B3: PRESUPUESTO OFICIAL EN PESOS | C3: =+'EXP ESPECIFICA PROPONENTE'!$G$4 -> 784601462
B4: PRESUPUESTO OFICIAL EN SMMLV | C4: =+'EXP ESPECIFICA PROPONENTE'!H4 -> 893.82408
B5: TRM DEL DIA | C5: 3651.93 | D5: 21 de julio de 2020
B6: Cifras decimales de la TRM | C6: =C5-TRUNC(C5) -> 0.93
B7: Valor del % a aplicar al FMO | C7: =IF(C5="","",IF((C5-TRUNC(C5))<0.34,80%,IF((C5-TRUNC(C5))>0.66,0.9,0.85))) -> 0.9
B8: FACTURACIÓN MENSUAL OFICIAL - FMO (SMMLV) | C8: =IF('EXP ESPECIFICA PROPONENTE'!H7="","",ROUND('EXP ESPECIFICA PROPONENTE'!H7,3)) -> 148.971
B9: FMO AFECTADA POR EL % DE LA TRM (SMMLV) | C9: =IF(OR(C7="",C8="",MAX(E15:E69)=0,ISERROR(MAX(E15:E69))),"",ROUND(C8*C7,3)) -> 134.074
B10: Valor promedio de Facturación Mensual del proponente con Mayor Puntaje | C10: Desviación de la propuesta con Mayor puntaje
A11: 58.699 | B11: =IF(OR(C11=""),"",INDEX($E$14:$E$69,MATCH(C11,$F$14:$F$69,0))) -> 134.005 | C11: =IF(C9="","",MIN(F15:F69)) -> 0.069
B12: Desviación de la propuesta con Menor Puntaje | C12: =IF(C9="","",MAX(F15:F69)) -> 70.762
A14: N° | B14: Proponente | C14: EXPERIENCIA HABILITANTE (HABIL/NO HABIL) | D14: REQUISITOS HABILITANTES (HABIL/NO HABIL) | E14: VALOR PROMEDIO DE LA FACTURACIÓN MENSUAL DEL PROPONENTE PFMPi | F14: Diferencia entre FMO afectado por el % TRM y el PFMPi | G14: Puntaje por Experiencia del proponente | H14: Puntaje por Experiencia y formación académica del equipo de trabajo | I14: Puntaje acumulado por experiencia del proponente y el equipo de trabajo | J14: Puntaje por Estímulo a la Industria Nacional (Diligenciar) | K14: Puntaje para Proponentes con trabajadores con discapacidad | L14: PUNTAJE TOTAL | M14: PUNTAJE REAL | O14: PUNTAJE JERARQUIA | P14: JERARQUIA | Q14: N° | S14: Experiencia total del profesional en años | T14: EL PROFESIONAL OFRECIDO POR EL PROPONENTE CUMPLE CON LOS REQUISITOS MÍNIMOS ESTABLECIDOS EN EL NUMERAL 4.1.2. (no se evalúa simultaneidad de procesos) | U14: Fecha de cierre es menor respecto a procesos simultáneos (para evaluar en que proceso se tiene en cuenta el profesional) | V14: Profesional válido por procesos de selección simultáneos? | W14: TÍTULO DE POSGRADO EN LAS ÁREAS RELACIONADAS
A15: 1 | B15: CONSORCIO HUPERNIKAO VIAL 827 | C15: =IF($B15="","",IFERROR(VLOOKUP($A15,'EXP HABILITANTE'!$A:$I,9,0),"")) -> HÁBIL | D15: HÁBIL | E15: 63.312 | F15: =IFERROR(IF(E15="","",ABS($C$9-E15)),"") -> 70.762 | G15: 325.997 | H15: =IF(D15<>"HÁBIL","",IF(IFERROR(IF(AND($T15="SI",$V15="SI"),W15+X15,0),"Verificar")=0,"",IFERROR(IF(AND($T15="SI",$V15="SI"),W15,0),"Verificar"))) | I15: =IF(SUM(G15:H15)=0,"",SUM(G15:H15)) -> 325.997 | J15: 100 | K15: 10 | L15: =IF(OR($C$5="",SUM(I15:K15)=0),"",SUM(I15:K15)) -> 435.997 | M15: =IF(OR(SUM(G15:H15)<700,D15<>"HÁBIL"),"NO ELEGIBLE",L15) -> NO ELEGIBLE | N15: =+A15/100000 -> 1e-05 | O15: =+IF(OR(ISTEXT(M15),M15=""),0-N15,M15-N15) -> -1e-05 | P15: =+RANK(O15,$O$15:$O$69,0) -> 21 | Q15: =+A15 -> 1 | S15: =IF(VLOOKUP(A15,'EXP DIRECTOR'!$A$6:$L$1269,12,0)="","",ROUND(VLOOKUP(A15,'EXP DIRECTOR'!$A$6:$L$1269,12,0),2)) -> 36 | T15: =IFERROR(VLOOKUP("E"&A15,'EXP DIRECTOR'!$A$6:$L$1269,8,0),"") -> NO | U15: NA | V15: =IF(OR(C15="EXCLUÍDO",C15="RECHAZADO"),"NO",IF(OR(U15="SI",U15="NA"),"SI","")) -> SI | W15: =IFERROR(IF(VLOOKUP("D"&A15,'EXP DIRECTOR'!$A$6:$L$1269,8,0)="SI",200,0),0) -> 200 | Y15: =IF(VLOOKUP("F"&A15,'EXP DIRECTOR'!$A$6:$L$1269,8,0)="SI","SI","NA") -> NA | AA15: =IF(L15="","",CONCATENATE(P15,".",Q15)) -> 21.1
A16: 2 | B16: CONSORCIO INTERANTIOQUIA | C16: =IF($B16="","",IFERROR(VLOOKUP($A16,'EXP HABILITANTE'!$A:$I,9,0),"")) -> HÁBIL | D16: RECHAZADO | F16: =IFERROR(IF(E16="","",ABS($C$9-E16)),"") | H16: =IF(D16<>"HÁBIL","",IF(IFERROR(IF(AND($T16="SI",$V16="SI"),W16+X16,0),"Verificar")=0,"",IFERROR(IF(AND($T16="SI",$V16="SI"),W16,0),"Verificar"))) | I16: =IF(SUM(G16:H16)=0,"",SUM(G16:H16)) | L16: =IF(OR($C$5="",SUM(I16:K16)=0),"",SUM(I16:K16)) | M16: =IF(OR(SUM(G16:H16)<700,D16<>"HÁBIL"),"NO ELEGIBLE",L16) -> NO ELEGIBLE | N16: =+A16/100000 -> 2e-05 | O16: =+IF(OR(ISTEXT(M16),M16=""),0-N16,M16-N16) -> -2e-05 | P16: =+RANK(O16,$O$15:$O$69,0) -> 22 | Q16: =+A16 -> 2 | S16: =IF(VLOOKUP(A16,'EXP DIRECTOR'!$A$6:$L$1269,12,0)="","",ROUND(VLOOKUP(A16,'EXP DIRECTOR'!$A$6:$L$1269,12,0),2)) -> 33 | T16: =IFERROR(VLOOKUP("E"&A16,'EXP DIRECTOR'!$A$6:$L$1269,8,0),"") -> SI | U16: NA | V16: =IF(OR(C16="EXCLUÍDO",C16="RECHAZADO"),"NO",IF(OR(U16="SI",U16="NA"),"SI","")) -> SI | W16: =IFERROR(IF(VLOOKUP("D"&A16,'EXP DIRECTOR'!$A$6:$L$1269,8,0)="SI",200,0),0) -> 200 | Y16: =IF(VLOOKUP("F"&A16,'EXP DIRECTOR'!$A$6:$L$1269,8,0)="SI","SI","NA") -> NA | AA16: =IF(L16="","",CONCATENATE(P16,".",Q16))
A17: =1+A16 -> 3 | B17: CONSORCIO JE ORIENTE | C17: =IF($B17="","",IFERROR(VLOOKUP($A17,'EXP HABILITANTE'!$A:$I,9,0),"")) -> HÁBIL | D17: HÁBIL | E17: 119.366 | F17: =IFERROR(IF(E17="","",ABS($C$9-E17)),"") -> 14.708 | G17: 614.623 | H17: =IF(D17<>"HÁBIL","",IF(IFERROR(IF(AND($T17="SI",$V17="SI"),W17+X17,0),"Verificar")=0,"",IFERROR(IF(AND($T17="SI",$V17="SI"),W17,0),"Verificar"))) -> 200 | I17: =IF(SUM(G17:H17)=0,"",SUM(G17:H17)) -> 814.623 | J17: 100 | K17: 10 | L17: =IF(OR($C$5="",SUM(I17:K17)=0),"",SUM(I17:K17)) -> 924.623 | M17: =IF(OR(SUM(G17:H17)<700,D17<>"HÁBIL"),"NO ELEGIBLE",L17) -> 924.623 | N17: =+A17/100000 -> 3e-05 | O17: =+IF(OR(ISTEXT(M17),M17=""),0-N17,M17-N17) -> 924.62297 | P17: =+RANK(O17,$O$15:$O$69,0) -> 12 | Q17: =+A17 -> 3 | S17: =IF(VLOOKUP(A17,'EXP DIRECTOR'!$A$6:$L$1269,12,0)="","",ROUND(VLOOKUP(A17,'EXP DIRECTOR'!$A$6:$L$1269,12,0),2)) -> 31 | T17: =IFERROR(VLOOKUP("E"&A17,'EXP DIRECTOR'!$A$6:$L$1269,8,0),"") -> SI | U17: NA | V17: =IF(OR(C17="EXCLUÍDO",C17="RECHAZADO"),"NO",IF(OR(U17="SI",U17="NA"),"SI","")) -> SI | W17: =IFERROR(IF(VLOOKUP("D"&A17,'EXP DIRECTOR'!$A$6:$L$1269,8,0)="SI",200,0),0) -> 200 | Y17: =IF(VLOOKUP("F"&A17,'EXP DIRECTOR'!$A$6:$L$1269,8,0)="SI","SI","NA") -> NA | AA17: =IF(L17="","",CONCATENATE(P17,".",Q17)) -> 12.3
A18: =1+A17 -> 4 | B18: VELNEC SA | C18: =IF($B18="","",IFERROR(VLOOKUP($A18,'EXP HABILITANTE'!$A:$I,9,0),"")) -> HÁBIL | D18: HÁBIL | E18: 104.703 | F18: =IFERROR(IF(E18="","",ABS($C$9-E18)),"") -> 29.371 | G18: 539.122 | H18: =IF(D18<>"HÁBIL","",IF(IFERROR(IF(AND($T18="SI",$V18="SI"),W18+X18,0),"Verificar")=0,"",IFERROR(IF(AND($T18="SI",$V18="SI"),W18,0),"Verificar"))) -> 200 | I18: =IF(SUM(G18:H18)=0,"",SUM(G18:H18)) -> 739.122 | J18: 100 | K18: 10 | L18: =IF(OR($C$5="",SUM(I18:K18)=0),"",SUM(I18:K18)) -> 849.122 | M18: =IF(OR(SUM(G18:H18)<700,D18<>"HÁBIL"),"NO ELEGIBLE",L18) -> 849.122 | N18: =+A18/100000 -> 4e-05 | O18: =+IF(OR(ISTEXT(M18),M18=""),0-N18,M18-N18) -> 849.12196 | P18: =+RANK(O18,$O$15:$O$69,0) -> 19 | Q18: =+A18 -> 4 | S18: =IF(VLOOKUP(A18,'EXP DIRECTOR'!$A$6:$L$1269,12,0)="","",ROUND(VLOOKUP(A18,'EXP DIRECTOR'!$A$6:$L$1269,12,0),2)) -> 20 | T18: =IFERROR(VLOOKUP("E"&A18,'EXP DIRECTOR'!$A$6:$L$1269,8,0),"") -> SI | U18: NA | V18: =IF(OR(C18="EXCLUÍDO",C18="RECHAZADO"),"NO",IF(OR(U18="SI",U18="NA"),"SI","")) -> SI | W18: =IFERROR(IF(VLOOKUP("D"&A18,'EXP DIRECTOR'!$A$6:$L$1269,8,0)="SI",200,0),0) -> 200 | Y18: =IF(VLOOKUP("F"&A18,'EXP DIRECTOR'!$A$6:$L$1269,8,0)="SI","SI","NA") -> NA | AA18: =IF(L18="","",CONCATENATE(P18,".",Q18)) -> 19.4
A19: =1+A18 -> 5 | B19: CONSORCIO INTERDESARROLLO 010 | C19: =IF($B19="","",IFERROR(VLOOKUP($A19,'EXP HABILITANTE'!$A:$I,9,0),"")) -> HÁBIL | D19: HÁBIL | E19: 127.567 | F19: =IFERROR(IF(E19="","",ABS($C$9-E19)),"") -> 6.507 | G19: 656.85 | H19: =IF(D19<>"HÁBIL","",IF(IFERROR(IF(AND($T19="SI",$V19="SI"),W19+X19,0),"Verificar")=0,"",IFERROR(IF(AND($T19="SI",$V19="SI"),W19,0),"Verificar"))) -> 200 | I19: =IF(SUM(G19:H19)=0,"",SUM(G19:H19)) -> 856.85 | J19: 100 | K19: 10 | L19: =IF(OR($C$5="",SUM(I19:K19)=0),"",SUM(I19:K19)) -> 966.85 | M19: =IF(OR(SUM(G19:H19)<700,D19<>"HÁBIL"),"NO ELEGIBLE",L19) -> 966.85 | N19: =+A19/100000 -> 5e-05 | O19: =+IF(OR(ISTEXT(M19),M19=""),0-N19,M19-N19) -> 966.84995 | P19: =+RANK(O19,$O$15:$O$69,0) -> 6 | Q19: =+A19 -> 5 | S19: =IF(VLOOKUP(A19,'EXP DIRECTOR'!$A$6:$L$1269,12,0)="","",ROUND(VLOOKUP(A19,'EXP DIRECTOR'!$A$6:$L$1269,12,0),2)) -> 28 | T19: =IFERROR(VLOOKUP("E"&A19,'EXP DIRECTOR'!$A$6:$L$1269,8,0),"") -> SI | U19: NA | V19: =IF(OR(C19="EXCLUÍDO",C19="RECHAZADO"),"NO",IF(OR(U19="SI",U19="NA"),"SI","")) -> SI | W19: =IFERROR(IF(VLOOKUP("D"&A19,'EXP DIRECTOR'!$A$6:$L$1269,8,0)="SI",200,0),0) -> 200 | Y19: =IF(VLOOKUP("F"&A19,'EXP DIRECTOR'!$A$6:$L$1269,8,0)="SI","SI","NA") -> NA | AA19: =IF(L19="","",CONCATENATE(P19,".",Q19)) -> 6.5
A20: =1+A19 -> 6 | B20: CONSULTORIA INTERVENTORIA TECNICAS CIVILES CONINTEC SAS | C20: =IF($B20="","",IFERROR(VLOOKUP($A20,'EXP HABILITANTE'!$A:$I,9,0),"")) -> HÁBIL | D20: HÁBIL | E20: 134.005 | F20: =IFERROR(IF(E20="","",ABS($C$9-E20)),"") -> 0.069 | G20: 690 | H20: =IF(D20<>"HÁBIL","",IF(IFERROR(IF(AND($T20="SI",$V20="SI"),W20+X20,0),"Verificar")=0,"",IFERROR(IF(AND($T20="SI",$V20="SI"),W20,0),"Verificar"))) -> 200 | I20: =IF(SUM(G20:H20)=0,"",SUM(G20:H20)) -> 890 | J20: 100 | K20: 10 | L20: =IF(OR($C$5="",SUM(I20:K20)=0),"",SUM(I20:K20)) -> 1000 | M20: =IF(OR(SUM(G20:H20)<700,D20<>"HÁBIL"),"NO ELEGIBLE",L20) -> 1000 | N20: =+A20/100000 -> 6e-05 | O20: =+IF(OR(ISTEXT(M20),M20=""),0-N20,M20-N20) -> 999.99994 | P20: =+RANK(O20,$O$15:$O$69,0) -> 1 | Q20: =+A20 -> 6 | S20: =IF(VLOOKUP(A20,'EXP DIRECTOR'!$A$6:$L$1269,12,0)="","",ROUND(VLOOKUP(A20,'EXP DIRECTOR'!$A$6:$L$1269,12,0),2)) -> 10 | T20: =IFERROR(VLOOKUP("E"&A20,'EXP DIRECTOR'!$A$6:$L$1269,8,0),"") -> SI | U20: NA | V20: =IF(OR(C20="EXCLUÍDO",C20="RECHAZADO"),"NO",IF(OR(U20="SI",U20="NA"),"SI","")) -> SI | W20: =IFERROR(IF(VLOOKUP("D"&A20,'EXP DIRECTOR'!$A$6:$L$1269,8,0)="SI",200,0),0) -> 200 | Y20: =IF(VLOOKUP("F"&A20,'EXP DIRECTOR'!$A$6:$L$1269,8,0)="SI","SI","NA") -> NA | AA20: =IF(L20="","",CONCATENATE(P20,".",Q20)) -> 1.6
A21: =1+A20 -> 7 | B21: CB INGENIEROS SAS | C21: =IF($B21="","",IFERROR(VLOOKUP($A21,'EXP HABILITANTE'!$A:$I,9,0),"")) -> HÁBIL | D21: HÁBIL | E21: 120.213 | F21: =IFERROR(IF(E21="","",ABS($C$9-E21)),"") -> 13.861 | G21: 618.984 | H21: =IF(D21<>"HÁBIL","",IF(IFERROR(IF(AND($T21="SI",$V21="SI"),W21+X21,0),"Verificar")=0,"",IFERROR(IF(AND($T21="SI",$V21="SI"),W21,0),"Verificar"))) | I21: =IF(SUM(G21:H21)=0,"",SUM(G21:H21)) -> 618.984 | J21: 100 | K21: 10 | L21: =IF(OR($C$5="",SUM(I21:K21)=0),"",SUM(I21:K21)) -> 728.984 | M21: =IF(OR(SUM(G21:H21)<700,D21<>"HÁBIL"),"NO ELEGIBLE",L21) -> NO ELEGIBLE | N21: =+A21/100000 -> 7e-05 | O21: =+IF(OR(ISTEXT(M21),M21=""),0-N21,M21-N21) -> -7e-05 | P21: =+RANK(O21,$O$15:$O$69,0) -> 23 | Q21: =+A21 -> 7 | S21: =IF(VLOOKUP(A21,'EXP DIRECTOR'!$A$6:$L$1269,12,0)="","",ROUND(VLOOKUP(A21,'EXP DIRECTOR'!$A$6:$L$1269,12,0),2)) -> 19 | T21: =IFERROR(VLOOKUP("E"&A21,'EXP DIRECTOR'!$A$6:$L$1269,8,0),"") -> NO | U21: NA | V21: =IF(OR(C21="EXCLUÍDO",C21="RECHAZADO"),"NO",IF(OR(U21="SI",U21="NA"),"SI","")) -> SI | W21: =IFERROR(IF(VLOOKUP("D"&A21,'EXP DIRECTOR'!$A$6:$L$1269,8,0)="SI",200,0),0) -> 200 | Y21: =IF(VLOOKUP("F"&A21,'EXP DIRECTOR'!$A$6:$L$1269,8,0)="SI","SI","NA") -> NA | AA21: =IF(L21="","",CONCATENATE(P21,".",Q21)) -> 23.7
A22: 8 | B22: CONSORCIO CABO ESPERANZA | C22: =IF($B22="","",IFERROR(VLOOKUP($A22,'EXP HABILITANTE'!$A:$I,9,0),"")) -> HÁBIL | D22: HÁBIL | E22: 126.623 | F22: =IFERROR(IF(E22="","",ABS($C$9-E22)),"") -> 7.451 | G22: 651.99 | H22: =IF(D22<>"HÁBIL","",IF(IFERROR(IF(AND($T22="SI",$V22="SI"),W22+X22,0),"Verificar")=0,"",IFERROR(IF(AND($T22="SI",$V22="SI"),W22,0),"Verificar"))) -> 200 | I22: =IF(SUM(G22:H22)=0,"",SUM(G22:H22)) -> 851.99 | J22: 100 | K22: 10 | L22: =IF(OR($C$5="",SUM(I22:K22)=0),"",SUM(I22:K22)) -> 961.99 | M22: =IF(OR(SUM(G22:H22)<700,D22<>"HÁBIL"),"NO ELEGIBLE",L22) -> 961.99 | N22: =+A22/100000 -> 8e-05 | O22: =+IF(OR(ISTEXT(M22),M22=""),0-N22,M22-N22) -> 961.98992 | P22: =+RANK(O22,$O$15:$O$69,0) -> 8 | Q22: =+A22 -> 8 | S22: =IF(VLOOKUP(A22,'EXP DIRECTOR'!$A$6:$L$1269,12,0)="","",ROUND(VLOOKUP(A22,'EXP DIRECTOR'!$A$6:$L$1269,12,0),2)) -> 52 | T22: =IFERROR(VLOOKUP("E"&A22,'EXP DIRECTOR'!$A$6:$L$1269,8,0),"") -> SI | U22: NA | V22: =IF(OR(C22="EXCLUÍDO",C22="RECHAZADO"),"NO",IF(OR(U22="SI",U22="NA"),"SI","")) -> SI | W22: =IFERROR(IF(VLOOKUP("D"&A22,'EXP DIRECTOR'!$A$6:$L$1269,8,0)="SI",200,0),0) -> 200 | Y22: =IF(VLOOKUP("F"&A22,'EXP DIRECTOR'!$A$6:$L$1269,8,0)="SI","SI","NA") -> NA | AA22: =IF(L22="","",CONCATENATE(P22,".",Q22)) -> 8.8
A23: =1+A22 -> 9 | B23: CONSORCIO PI ANTIOQUIA | C23: =IF($B23="","",IFERROR(VLOOKUP($A23,'EXP HABILITANTE'!$A:$I,9,0),"")) -> HÁBIL | D23: HÁBIL | E23: 99.163 | F23: =IFERROR(IF(E23="","",ABS($C$9-E23)),"") -> 34.911 | G23: 510.596 | H23: =IF(D23<>"HÁBIL","",IF(IFERROR(IF(AND($T23="SI",$V23="SI"),W23+X23,0),"Verificar")=0,"",IFERROR(IF(AND($T23="SI",$V23="SI"),W23,0),"Verificar"))) -> 200 | I23: =IF(SUM(G23:H23)=0,"",SUM(G23:H23)) -> 710.596 | J23: 100 | K23: 10 | L23: =IF(OR($C$5="",SUM(I23:K23)=0),"",SUM(I23:K23)) -> 820.596 | M23: =IF(OR(SUM(G23:H23)<700,D23<>"HÁBIL"),"NO ELEGIBLE",L23) -> 820.596 | N23: =+A23/100000 -> 9e-05 | O23: =+IF(OR(ISTEXT(M23),M23=""),0-N23,M23-N23) -> 820.59591 | P23: =+RANK(O23,$O$15:$O$69,0) -> 20 | Q23: =+A23 -> 9 | S23: =IF(VLOOKUP(A23,'EXP DIRECTOR'!$A$6:$L$1269,12,0)="","",ROUND(VLOOKUP(A23,'EXP DIRECTOR'!$A$6:$L$1269,12,0),2)) -> 24 | T23: =IFERROR(VLOOKUP("E"&A23,'EXP DIRECTOR'!$A$6:$L$1269,8,0),"") -> SI | U23: NA | V23: =IF(OR(C23="EXCLUÍDO",C23="RECHAZADO"),"NO",IF(OR(U23="SI",U23="NA"),"SI","")) -> SI | W23: =IFERROR(IF(VLOOKUP("D"&A23,'EXP DIRECTOR'!$A$6:$L$1269,8,0)="SI",200,0),0) -> 200 | Y23: =IF(VLOOKUP("F"&A23,'EXP DIRECTOR'!$A$6:$L$1269,8,0)="SI","SI","NA") -> NA | AA23: =IF(L23="","",CONCATENATE(P23,".",Q23)) -> 20.9
A24: =1+A23 -> 10 | B24: CONSORCIO V&P 10827 | C24: =IF($B24="","",IFERROR(VLOOKUP($A24,'EXP HABILITANTE'!$A:$I,9,0),"")) -> HÁBIL | D24: HÁBIL | E24: 119.141 | F24: =IFERROR(IF(E24="","",ABS($C$9-E24)),"") -> 14.933 | G24: 613.464 | H24: =IF(D24<>"HÁBIL","",IF(IFERROR(IF(AND($T24="SI",$V24="SI"),W24+X24,0),"Verificar")=0,"",IFERROR(IF(AND($T24="SI",$V24="SI"),W24,0),"Verificar"))) -> 200 | I24: =IF(SUM(G24:H24)=0,"",SUM(G24:H24)) -> 813.464 | J24: 100 | K24: 10 | L24: =IF(OR($C$5="",SUM(I24:K24)=0),"",SUM(I24:K24)) -> 923.464 | M24: =IF(OR(SUM(G24:H24)<700,D24<>"HÁBIL"),"NO ELEGIBLE",L24) -> 923.464 | N24: =+A24/100000 -> 0.0001 | O24: =+IF(OR(ISTEXT(M24),M24=""),0-N24,M24-N24) -> 923.4639 | P24: =+RANK(O24,$O$15:$O$69,0) -> 16 | Q24: =+A24 -> 10 | S24: =IF(VLOOKUP(A24,'EXP DIRECTOR'!$A$6:$L$1269,12,0)="","",ROUND(VLOOKUP(A24,'EXP DIRECTOR'!$A$6:$L$1269,12,0),2)) -> 21 | T24: =IFERROR(VLOOKUP("E"&A24,'EXP DIRECTOR'!$A$6:$L$1269,8,0),"") -> SI | U24: NA | V24: =IF(OR(C24="EXCLUÍDO",C24="RECHAZADO"),"NO",IF(OR(U24="SI",U24="NA"),"SI","")) -> SI | W24: =IFERROR(IF(VLOOKUP("D"&A24,'EXP DIRECTOR'!$A$6:$L$1269,8,0)="SI",200,0),0) -> 200 | Y24: =IF(VLOOKUP("F"&A24,'EXP DIRECTOR'!$A$6:$L$1269,8,0)="SI","SI","NA") -> NA | AA24: =IF(L24="","",CONCATENATE(P24,".",Q24)) -> 16.10
A25: =1+A24 -> 11 | B25: INGEVAL SAS | C25: =IF($B25="","",IFERROR(VLOOKUP($A25,'EXP HABILITANTE'!$A:$I,9,0),"")) -> HÁBIL | D25: HÁBIL | E25: 133.839 | F25: =IFERROR(IF(E25="","",ABS($C$9-E25)),"") -> 0.235 | G25: 689.145 | H25: =IF(D25<>"HÁBIL","",IF(IFERROR(IF(AND($T25="SI",$V25="SI"),W25+X25,0),"Verificar")=0,"",IFERROR(IF(AND($T25="SI",$V25="SI"),W25,0),"Verificar"))) -> 200 | I25: =IF(SUM(G25:H25)=0,"",SUM(G25:H25)) -> 889.145 | J25: 100 | K25: 10 | L25: =IF(OR($C$5="",SUM(I25:K25)=0),"",SUM(I25:K25)) -> 999.145 | M25: =IF(OR(SUM(G25:H25)<700,D25<>"HÁBIL"),"NO ELEGIBLE",L25) -> 999.145 | N25: =+A25/100000 -> 0.00011 | O25: =+IF(OR(ISTEXT(M25),M25=""),0-N25,M25-N25) -> 999.14489 | P25: =+RANK(O25,$O$15:$O$69,0) -> 2 | Q25: =+A25 -> 11 | S25: =IF(VLOOKUP(A25,'EXP DIRECTOR'!$A$6:$L$1269,12,0)="","",ROUND(VLOOKUP(A25,'EXP DIRECTOR'!$A$6:$L$1269,12,0),2)) -> 29 | T25: =IFERROR(VLOOKUP("E"&A25,'EXP DIRECTOR'!$A$6:$L$1269,8,0),"") -> SI | U25: NA | V25: =IF(OR(C25="EXCLUÍDO",C25="RECHAZADO"),"NO",IF(OR(U25="SI",U25="NA"),"SI","")) -> SI | W25: =IFERROR(IF(VLOOKUP("D"&A25,'EXP DIRECTOR'!$A$6:$L$1269,8,0)="SI",200,0),0) -> 200 | Y25: =IF(VLOOKUP("F"&A25,'EXP DIRECTOR'!$A$6:$L$1269,8,0)="SI","SI","NA") -> NA | AA25: =IF(L25="","",CONCATENATE(P25,".",Q25)) -> 2.11
A26: =1+A25 -> 12 | B26: COMPAÑÍA COLOMBIANA DE CONSULTORES SAS -CCC | C26: =IF($B26="","",IFERROR(VLOOKUP($A26,'EXP HABILITANTE'!$A:$I,9,0),"")) -> HÁBIL | D26: HÁBIL | E26: 126.595 | F26: =IFERROR(IF(E26="","",ABS($C$9-E26)),"") -> 7.479 | G26: 651.845 | H26: =IF(D26<>"HÁBIL","",IF(IFERROR(IF(AND($T26="SI",$V26="SI"),W26+X26,0),"Verificar")=0,"",IFERROR(IF(AND($T26="SI",$V26="SI"),W26,0),"Verificar"))) -> 200 | I26: =IF(SUM(G26:H26)=0,"",SUM(G26:H26)) -> 851.845 | J26: 100 | K26: 10 | L26: =IF(OR($C$5="",SUM(I26:K26)=0),"",SUM(I26:K26)) -> 961.845 | M26: =IF(OR(SUM(G26:H26)<700,D26<>"HÁBIL"),"NO ELEGIBLE",L26) -> 961.845 | N26: =+A26/100000 -> 0.00012 | O26: =+IF(OR(ISTEXT(M26),M26=""),0-N26,M26-N26) -> 961.84488 | P26: =+RANK(O26,$O$15:$O$69,0) -> 10 | Q26: =+A26 -> 12 | S26: =IF(VLOOKUP(A26,'EXP DIRECTOR'!$A$6:$L$1269,12,0)="","",ROUND(VLOOKUP(A26,'EXP DIRECTOR'!$A$6:$L$1269,12,0),2)) -> 26 | T26: =IFERROR(VLOOKUP("E"&A26,'EXP DIRECTOR'!$A$6:$L$1269,8,0),"") -> SI | U26: NA | V26: =IF(OR(C26="EXCLUÍDO",C26="RECHAZADO"),"NO",IF(OR(U26="SI",U26="NA"),"SI","")) -> SI | W26: =IFERROR(IF(VLOOKUP("D"&A26,'EXP DIRECTOR'!$A$6:$L$1269,8,0)="SI",200,0),0) -> 200 | Y26: =IF(VLOOKUP("F"&A26,'EXP DIRECTOR'!$A$6:$L$1269,8,0)="SI","SI","NA") -> NA | AA26: =IF(L26="","",CONCATENATE(P26,".",Q26)) -> 10.12
A27: =1+A26 -> 13 | B27: CONSORCIO INTERVIAL ANTIOQUIA | C27: =IF($B27="","",IFERROR(VLOOKUP($A27,'EXP HABILITANTE'!$A:$I,9,0),"")) -> HÁBIL | D27: HÁBIL | E27: 126.624 | F27: =IFERROR(IF(E27="","",ABS($C$9-E27)),"") -> 7.45 | G27: 651.995 | H27: =IF(D27<>"HÁBIL","",IF(IFERROR(IF(AND($T27="SI",$V27="SI"),W27+X27,0),"Verificar")=0,"",IFERROR(IF(AND($T27="SI",$V27="SI"),W27,0),"Verificar"))) | I27: =IF(SUM(G27:H27)=0,"",SUM(G27:H27)) -> 651.995 | J27: 100 | K27: 0 | L27: =IF(OR($C$5="",SUM(I27:K27)=0),"",SUM(I27:K27)) -> 751.995 | M27: =IF(OR(SUM(G27:H27)<700,D27<>"HÁBIL"),"NO ELEGIBLE",L27) -> NO ELEGIBLE | N27: =+A27/100000 -> 0.00013 | O27: =+IF(OR(ISTEXT(M27),M27=""),0-N27,M27-N27) -> -0.00013 | P27: =+RANK(O27,$O$15:$O$69,0) -> 24 | Q27: =+A27 -> 13 | S27: =IF(VLOOKUP(A27,'EXP DIRECTOR'!$A$6:$L$1269,12,0)="","",ROUND(VLOOKUP(A27,'EXP DIRECTOR'!$A$6:$L$1269,12,0),2)) -> 17 | T27: =IFERROR(VLOOKUP("E"&A27,'EXP DIRECTOR'!$A$6:$L$1269,8,0),"") -> NO | U27: NA | V27: =IF(OR(C27="EXCLUÍDO",C27="RECHAZADO"),"NO",IF(OR(U27="SI",U27="NA"),"SI","")) -> SI | W27: =IFERROR(IF(VLOOKUP("D"&A27,'EXP DIRECTOR'!$A$6:$L$1269,8,0)="SI",200,0),0) -> 200 | Y27: =IF(VLOOKUP("F"&A27,'EXP DIRECTOR'!$A$6:$L$1269,8,0)="SI","SI","NA") -> NA | AA27: =IF(L27="","",CONCATENATE(P27,".",Q27)) -> 24.13
A28: =1+A27 -> 14 | B28: CONSORCIO ECOSUB ORIENTE | C28: =IF($B28="","",IFERROR(VLOOKUP($A28,'EXP HABILITANTE'!$A:$I,9,0),"")) -> HÁBIL | D28: HÁBIL | E28: 119.176 | F28: =IFERROR(IF(E28="","",ABS($C$9-E28)),"") -> 14.898 | G28: 613.645 | H28: =IF(D28<>"HÁBIL","",IF(IFERROR(IF(AND($T28="SI",$V28="SI"),W28+X28,0),"Verificar")=0,"",IFERROR(IF(AND($T28="SI",$V28="SI"),W28,0),"Verificar"))) -> 200 | I28: =IF(SUM(G28:H28)=0,"",SUM(G28:H28)) -> 813.645 | J28: 100 | K28: 10 | L28: =IF(OR($C$5="",SUM(I28:K28)=0),"",SUM(I28:K28)) -> 923.645 | M28: =IF(OR(SUM(G28:H28)<700,D28<>"HÁBIL"),"NO ELEGIBLE",L28) -> 923.645 | N28: =+A28/100000 -> 0.00014 | O28: =+IF(OR(ISTEXT(M28),M28=""),0-N28,M28-N28) -> 923.64486 | P28: =+RANK(O28,$O$15:$O$69,0) -> 15 | Q28: =+A28 -> 14 | S28: =IF(VLOOKUP(A28,'EXP DIRECTOR'!$A$6:$L$1269,12,0)="","",ROUND(VLOOKUP(A28,'EXP DIRECTOR'!$A$6:$L$1269,12,0),2)) -> 33 | T28: =IFERROR(VLOOKUP("E"&A28,'EXP DIRECTOR'!$A$6:$L$1269,8,0),"") -> SI | U28: NA | V28: =IF(OR(C28="EXCLUÍDO",C28="RECHAZADO"),"NO",IF(OR(U28="SI",U28="NA"),"SI","")) -> SI | W28: =IFERROR(IF(VLOOKUP("D"&A28,'EXP DIRECTOR'!$A$6:$L$1269,8,0)="SI",200,0),0) -> 200 | Y28: =IF(VLOOKUP("F"&A28,'EXP DIRECTOR'!$A$6:$L$1269,8,0)="SI","SI","NA") -> NA | AA28: =IF(L28="","",CONCATENATE(P28,".",Q28)) -> 15.14
A29: =1+A28 -> 15 | B29: CONSORCIO VSO | C29: =IF($B29="","",IFERROR(VLOOKUP($A29,'EXP HABILITANTE'!$A:$I,9,0),"")) -> HÁBIL | D29: HÁBIL | E29: 133.982 | F29: =IFERROR(IF(E29="","",ABS($C$9-E29)),"") -> 0.092 | G29: 689.882 | H29: =IF(D29<>"HÁBIL","",IF(IFERROR(IF(AND($T29="SI",$V29="SI"),W29+X29,0),"Verificar")=0,"",IFERROR(IF(AND($T29="SI",$V29="SI"),W29,0),"Verificar"))) -> 200 | I29: =IF(SUM(G29:H29)=0,"",SUM(G29:H29)) -> 889.882 | J29: 100 | K29: 0 | L29: =IF(OR($C$5="",SUM(I29:K29)=0),"",SUM(I29:K29)) -> 989.882 | M29: =IF(OR(SUM(G29:H29)<700,D29<>"HÁBIL"),"NO ELEGIBLE",L29) -> 989.882 | N29: =+A29/100000 -> 0.00015 | O29: =+IF(OR(ISTEXT(M29),M29=""),0-N29,M29-N29) -> 989.88185 | P29: =+RANK(O29,$O$15:$O$69,0) -> 5 | Q29: =+A29 -> 15 | S29: =IF(VLOOKUP(A29,'EXP DIRECTOR'!$A$6:$L$1269,12,0)="","",ROUND(VLOOKUP(A29,'EXP DIRECTOR'!$A$6:$L$1269,12,0),2)) -> 32 | T29: =IFERROR(VLOOKUP("E"&A29,'EXP DIRECTOR'!$A$6:$L$1269,8,0),"") -> SI | U29: NA | V29: =IF(OR(C29="EXCLUÍDO",C29="RECHAZADO"),"NO",IF(OR(U29="SI",U29="NA"),"SI","")) -> SI | W29: =IFERROR(IF(VLOOKUP("D"&A29,'EXP DIRECTOR'!$A$6:$L$1269,8,0)="SI",200,0),0) -> 200 | Y29: =IF(VLOOKUP("F"&A29,'EXP DIRECTOR'!$A$6:$L$1269,8,0)="SI","SI","NA") -> NA | AA29: =IF(L29="","",CONCATENATE(P29,".",Q29)) -> 5.15
A30: =1+A29 -> 16 | B30: CONSORCIO JAR-ORIENTE | C30: =IF($B30="","",IFERROR(VLOOKUP($A30,'EXP HABILITANTE'!$A:$I,9,0),"")) -> HÁBIL | D30: HÁBIL | E30: 119.195 | F30: =IFERROR(IF(E30="","",ABS($C$9-E30)),"") -> 14.879 | G30: 613.742 | H30: =IF(D30<>"HÁBIL","",IF(IFERROR(IF(AND($T30="SI",$V30="SI"),W30+X30,0),"Verificar")=0,"",IFERROR(IF(AND($T30="SI",$V30="SI"),W30,0),"Verificar"))) -> 200 | I30: =IF(SUM(G30:H30)=0,"",SUM(G30:H30)) -> 813.742 | J30: 100 | K30: 10 | L30: =IF(OR($C$5="",SUM(I30:K30)=0),"",SUM(I30:K30)) -> 923.742 | M30: =IF(OR(SUM(G30:H30)<700,D30<>"HÁBIL"),"NO ELEGIBLE",L30) -> 923.742 | N30: =+A30/100000 -> 0.00016 | O30: =+IF(OR(ISTEXT(M30),M30=""),0-N30,M30-N30) -> 923.74184 | P30: =+RANK(O30,$O$15:$O$69,0) -> 14 | Q30: =+A30 -> 16 | S30: =IF(VLOOKUP(A30,'EXP DIRECTOR'!$A$6:$L$1269,12,0)="","",ROUND(VLOOKUP(A30,'EXP DIRECTOR'!$A$6:$L$1269,12,0),2)) -> 21 | T30: =IFERROR(VLOOKUP("E"&A30,'EXP DIRECTOR'!$A$6:$L$1269,8,0),"") -> SI | U30: NA | V30: =IF(OR(C30="EXCLUÍDO",C30="RECHAZADO"),"NO",IF(OR(U30="SI",U30="NA"),"SI","")) -> SI | W30: =IFERROR(IF(VLOOKUP("D"&A30,'EXP DIRECTOR'!$A$6:$L$1269,8,0)="SI",200,0),0) -> 200 | Y30: =IF(VLOOKUP("F"&A30,'EXP DIRECTOR'!$A$6:$L$1269,8,0)="SI","SI","NA") -> NA | AA30: =IF(L30="","",CONCATENATE(P30,".",Q30)) -> 14.16
A31: =1+A30 -> 17 | B31: CONSORCIO MANTENIMIENTO VIAS SUBREGIÓN ORIENTE-10827 | C31: =IF($B31="","",IFERROR(VLOOKUP($A31,'EXP HABILITANTE'!$A:$I,9,0),"")) -> HÁBIL | D31: HÁBIL | E31: 134.176 | F31: =IFERROR(IF(E31="","",ABS($C$9-E31)),"") -> 0.102 | G31: 689.12 | H31: =IF(D31<>"HÁBIL","",IF(IFERROR(IF(AND($T31="SI",$V31="SI"),W31+X31,0),"Verificar")=0,"",IFERROR(IF(AND($T31="SI",$V31="SI"),W31,0),"Verificar"))) -> 200 | I31: =IF(SUM(G31:H31)=0,"",SUM(G31:H31)) -> 889.12 | J31: 100 | K31: 10 | L31: =IF(OR($C$5="",SUM(I31:K31)=0),"",SUM(I31:K31)) -> 999.12 | M31: =IF(OR(SUM(G31:H31)<700,D31<>"HÁBIL"),"NO ELEGIBLE",L31) -> 999.12 | N31: =+A31/100000 -> 0.00017 | O31: =+IF(OR(ISTEXT(M31),M31=""),0-N31,M31-N31) -> 999.11983 | P31: =+RANK(O31,$O$15:$O$69,0) -> 3 | Q31: =+A31 -> 17 | S31: =IF(VLOOKUP(A31,'EXP DIRECTOR'!$A$6:$L$1269,12,0)="","",ROUND(VLOOKUP(A31,'EXP DIRECTOR'!$A$6:$L$1269,12,0),2)) -> 20 | T31: =IFERROR(VLOOKUP("E"&A31,'EXP DIRECTOR'!$A$6:$L$1269,8,0),"") -> SI | U31: NA | V31: =IF(OR(C31="EXCLUÍDO",C31="RECHAZADO"),"NO",IF(OR(U31="SI",U31="NA"),"SI","")) -> SI | W31: =IFERROR(IF(VLOOKUP("D"&A31,'EXP DIRECTOR'!$A$6:$L$1269,8,0)="SI",200,0),0) -> 200 | Y31: =IF(VLOOKUP("F"&A31,'EXP DIRECTOR'!$A$6:$L$1269,8,0)="SI","SI","NA") -> NA | AA31: =IF(L31="","",CONCATENATE(P31,".",Q31)) -> 3.17
A32: =1+A31 -> 18 | B32: CONSORCIO SEDIC-SC ORIENTE 10827 | C32: =IF($B32="","",IFERROR(VLOOKUP($A32,'EXP HABILITANTE'!$A:$I,9,0),"")) -> HÁBIL | D32: HÁBIL | E32: 119.405 | F32: =IFERROR(IF(E32="","",ABS($C$9-E32)),"") -> 14.669 | G32: 614.824 | H32: =IF(D32<>"HÁBIL","",IF(IFERROR(IF(AND($T32="SI",$V32="SI"),W32+X32,0),"Verificar")=0,"",IFERROR(IF(AND($T32="SI",$V32="SI"),W32,0),"Verificar"))) -> 200 | I32: =IF(SUM(G32:H32)=0,"",SUM(G32:H32)) -> 814.824 | J32: 100 | K32: 10 | L32: =IF(OR($C$5="",SUM(I32:K32)=0),"",SUM(I32:K32)) -> 924.824 | M32: =IF(OR(SUM(G32:H32)<700,D32<>"HÁBIL"),"NO ELEGIBLE",L32) -> 924.824 | N32: =+A32/100000 -> 0.00018 | O32: =+IF(OR(ISTEXT(M32),M32=""),0-N32,M32-N32) -> 924.82382 | P32: =+RANK(O32,$O$15:$O$69,0) -> 11 | Q32: =+A32 -> 18 | S32: =IF(VLOOKUP(A32,'EXP DIRECTOR'!$A$6:$L$1269,12,0)="","",ROUND(VLOOKUP(A32,'EXP DIRECTOR'!$A$6:$L$1269,12,0),2)) -> 39 | T32: =IFERROR(VLOOKUP("E"&A32,'EXP DIRECTOR'!$A$6:$L$1269,8,0),"") -> SI | U32: NA | V32: =IF(OR(C32="EXCLUÍDO",C32="RECHAZADO"),"NO",IF(OR(U32="SI",U32="NA"),"SI","")) -> SI | W32: =IFERROR(IF(VLOOKUP("D"&A32,'EXP DIRECTOR'!$A$6:$L$1269,8,0)="SI",200,0),0) -> 200 | Y32: =IF(VLOOKUP("F"&A32,'EXP DIRECTOR'!$A$6:$L$1269,8,0)="SI","SI","NA") -> NA | AA32: =IF(L32="","",CONCATENATE(P32,".",Q32)) -> 11.18
A33: =1+A32 -> 19 | B33: CONSORCIO CARRETERAS | C33: =IF($B33="","",IFERROR(VLOOKUP($A33,'EXP HABILITANTE'!$A:$I,9,0),"")) -> HÁBIL | D33: RECHAZADO | F33: =IFERROR(IF(E33="","",ABS($C$9-E33)),"") | H33: =IF(D33<>"HÁBIL","",IF(IFERROR(IF(AND($T33="SI",$V33="SI"),W33+X33,0),"Verificar")=0,"",IFERROR(IF(AND($T33="SI",$V33="SI"),W33,0),"Verificar"))) | I33: =IF(SUM(G33:H33)=0,"",SUM(G33:H33)) | L33: =IF(OR($C$5="",SUM(I33:K33)=0),"",SUM(I33:K33)) | M33: =IF(OR(SUM(G33:H33)<700,D33<>"HÁBIL"),"NO ELEGIBLE",L33) -> NO ELEGIBLE | N33: =+A33/100000 -> 0.00019 | O33: =+IF(OR(ISTEXT(M33),M33=""),0-N33,M33-N33) -> -0.00019 | P33: =+RANK(O33,$O$15:$O$69,0) -> 25 | Q33: =+A33 -> 19 | S33: =IF(VLOOKUP(A33,'EXP DIRECTOR'!$A$6:$L$1269,12,0)="","",ROUND(VLOOKUP(A33,'EXP DIRECTOR'!$A$6:$L$1269,12,0),2)) -> 18 | T33: =IFERROR(VLOOKUP("E"&A33,'EXP DIRECTOR'!$A$6:$L$1269,8,0),"") -> SI | U33: NA | V33: =IF(OR(C33="EXCLUÍDO",C33="RECHAZADO"),"NO",IF(OR(U33="SI",U33="NA"),"SI","")) -> SI | W33: =IFERROR(IF(VLOOKUP("D"&A33,'EXP DIRECTOR'!$A$6:$L$1269,8,0)="SI",200,0),0) -> 200 | Y33: =IF(VLOOKUP("F"&A33,'EXP DIRECTOR'!$A$6:$L$1269,8,0)="SI","SI","NA") -> NA | AA33: =IF(L33="","",CONCATENATE(P33,".",Q33))
A34: =1+A33 -> 20 | B34: CONSORCIO GPP-10827-2020 | C34: =IF($B34="","",IFERROR(VLOOKUP($A34,'EXP HABILITANTE'!$A:$I,9,0),"")) -> HÁBIL | D34: HÁBIL | E34: 119.041 | F34: =IFERROR(IF(E34="","",ABS($C$9-E34)),"") -> 15.033 | G34: 612.949 | H34: =IF(D34<>"HÁBIL","",IF(IFERROR(IF(AND($T34="SI",$V34="SI"),W34+X34,0),"Verificar")=0,"",IFERROR(IF(AND($T34="SI",$V34="SI"),W34,0),"Verificar"))) -> 200 | I34: =IF(SUM(G34:H34)=0,"",SUM(G34:H34)) -> 812.949 | J34: 100 | K34: 10 | L34: =IF(OR($C$5="",SUM(I34:K34)=0),"",SUM(I34:K34)) -> 922.949 | M34: =IF(OR(SUM(G34:H34)<700,D34<>"HÁBIL"),"NO ELEGIBLE",L34) -> 922.949 | N34: =+A34/100000 -> 0.0002 | O34: =+IF(OR(ISTEXT(M34),M34=""),0-N34,M34-N34) -> 922.9488 | P34: =+RANK(O34,$O$15:$O$69,0) -> 17 | Q34: =+A34 -> 20 | S34: =IF(VLOOKUP(A34,'EXP DIRECTOR'!$A$6:$L$1269,12,0)="","",ROUND(VLOOKUP(A34,'EXP DIRECTOR'!$A$6:$L$1269,12,0),2)) -> 43 | T34: =IFERROR(VLOOKUP("E"&A34,'EXP DIRECTOR'!$A$6:$L$1269,8,0),"") -> SI | U34: NA | V34: =IF(OR(C34="EXCLUÍDO",C34="RECHAZADO"),"NO",IF(OR(U34="SI",U34="NA"),"SI","")) -> SI | W34: =IFERROR(IF(VLOOKUP("D"&A34,'EXP DIRECTOR'!$A$6:$L$1269,8,0)="SI",200,0),0) -> 200 | Y34: =IF(VLOOKUP("F"&A34,'EXP DIRECTOR'!$A$6:$L$1269,8,0)="SI","SI","NA") -> NA | AA34: =IF(L34="","",CONCATENATE(P34,".",Q34)) -> 17.20
A35: =1+A34 -> 21 | B35: CONSORCIO INTERVIAS-ORIENTE | C35: =IF($B35="","",IFERROR(VLOOKUP($A35,'EXP HABILITANTE'!$A:$I,9,0),"")) -> HÁBIL | D35: HÁBIL | E35: 131.546 | F35: =IFERROR(IF(E35="","",ABS($C$9-E35)),"") -> 2.528 | G35: 677.338 | H35: =IF(D35<>"HÁBIL","",IF(IFERROR(IF(AND($T35="SI",$V35="SI"),W35+X35,0),"Verificar")=0,"",IFERROR(IF(AND($T35="SI",$V35="SI"),W35,0),"Verificar"))) | I35: =IF(SUM(G35:H35)=0,"",SUM(G35:H35)) -> 677.338 | J35: 100 | K35: 10 | L35: =IF(OR($C$5="",SUM(I35:K35)=0),"",SUM(I35:K35)) -> 787.338 | M35: =IF(OR(SUM(G35:H35)<700,D35<>"HÁBIL"),"NO ELEGIBLE",L35) -> NO ELEGIBLE | N35: =+A35/100000 -> 0.00021 | O35: =+IF(OR(ISTEXT(M35),M35=""),0-N35,M35-N35) -> -0.00021 | P35: =+RANK(O35,$O$15:$O$69,0) -> 26 | Q35: =+A35 -> 21 | S35: =IF(VLOOKUP(A35,'EXP DIRECTOR'!$A$6:$L$1269,12,0)="","",ROUND(VLOOKUP(A35,'EXP DIRECTOR'!$A$6:$L$1269,12,0),2)) -> 17 | T35: =IFERROR(VLOOKUP("E"&A35,'EXP DIRECTOR'!$A$6:$L$1269,8,0),"") -> NO | U35: NA | V35: =IF(OR(C35="EXCLUÍDO",C35="RECHAZADO"),"NO",IF(OR(U35="SI",U35="NA"),"SI","")) -> SI | W35: =IFERROR(IF(VLOOKUP("D"&A35,'EXP DIRECTOR'!$A$6:$L$1269,8,0)="SI",200,0),0) -> 200 | Y35: =IF(VLOOKUP("F"&A35,'EXP DIRECTOR'!$A$6:$L$1269,8,0)="SI","SI","NA") -> NA | AA35: =IF(L35="","",CONCATENATE(P35,".",Q35)) -> 26.21
A36: =1+A35 -> 22 | B36: CONSORCIO ANTIOQUIA DGQ 10827 | C36: =IF($B36="","",IFERROR(VLOOKUP($A36,'EXP HABILITANTE'!$A:$I,9,0),"")) -> HÁBIL | D36: HÁBIL | E36: 119.215 | F36: =IFERROR(IF(E36="","",ABS($C$9-E36)),"") -> 14.859 | G36: 613.845 | H36: =IF(D36<>"HÁBIL","",IF(IFERROR(IF(AND($T36="SI",$V36="SI"),W36+X36,0),"Verificar")=0,"",IFERROR(IF(AND($T36="SI",$V36="SI"),W36,0),"Verificar"))) -> 200 | I36: =IF(SUM(G36:H36)=0,"",SUM(G36:H36)) -> 813.845 | J36: 100 | K36: 10 | L36: =IF(OR($C$5="",SUM(I36:K36)=0),"",SUM(I36:K36)) -> 923.845 | M36: =IF(OR(SUM(G36:H36)<700,D36<>"HÁBIL"),"NO ELEGIBLE",L36) -> 923.845 | N36: =+A36/100000 -> 0.00022 | O36: =+IF(OR(ISTEXT(M36),M36=""),0-N36,M36-N36) -> 923.84478 | P36: =+RANK(O36,$O$15:$O$69,0) -> 13 | Q36: =+A36 -> 22 | S36: =IF(VLOOKUP(A36,'EXP DIRECTOR'!$A$6:$L$1269,12,0)="","",ROUND(VLOOKUP(A36,'EXP DIRECTOR'!$A$6:$L$1269,12,0),2)) -> 29 | T36: =IFERROR(VLOOKUP("E"&A36,'EXP DIRECTOR'!$A$6:$L$1269,8,0),"") -> SI | U36: NA | V36: =IF(OR(C36="EXCLUÍDO",C36="RECHAZADO"),"NO",IF(OR(U36="SI",U36="NA"),"SI","")) -> SI | W36: =IFERROR(IF(VLOOKUP("D"&A36,'EXP DIRECTOR'!$A$6:$L$1269,8,0)="SI",200,0),0) -> 200 | Y36: =IF(VLOOKUP("F"&A36,'EXP DIRECTOR'!$A$6:$L$1269,8,0)="SI","SI","NA") -> NA | AA36: =IF(L36="","",CONCATENATE(P36,".",Q36)) -> 13.22
A37: =1+A36 -> 23 | B37: CONSORCIO INTER VIAL 10827 | C37: =IF($B37="","",IFERROR(VLOOKUP($A37,'EXP HABILITANTE'!$A:$I,9,0),"")) -> HÁBIL | D37: HÁBIL | E37: 126.8 | F37: =IFERROR(IF(E37="","",ABS($C$9-E37)),"") -> 7.274 | G37: 652.901 | H37: =IF(D37<>"HÁBIL","",IF(IFERROR(IF(AND($T37="SI",$V37="SI"),W37+X37,0),"Verificar")=0,"",IFERROR(IF(AND($T37="SI",$V37="SI"),W37,0),"Verificar"))) -> 200 | I37: =IF(SUM(G37:H37)=0,"",SUM(G37:H37)) -> 852.901 | J37: 100 | K37: 10 | L37: =IF(OR($C$5="",SUM(I37:K37)=0),"",SUM(I37:K37)) -> 962.901 | M37: =IF(OR(SUM(G37:H37)<700,D37<>"HÁBIL"),"NO ELEGIBLE",L37) -> 962.901 | N37: =+A37/100000 -> 0.00023 | O37: =+IF(OR(ISTEXT(M37),M37=""),0-N37,M37-N37) -> 962.90077 | P37: =+RANK(O37,$O$15:$O$69,0) -> 7 | Q37: =+A37 -> 23 | S37: =IF(VLOOKUP(A37,'EXP DIRECTOR'!$A$6:$L$1269,12,0)="","",ROUND(VLOOKUP(A37,'EXP DIRECTOR'!$A$6:$L$1269,12,0),2)) -> 13 | T37: =IFERROR(VLOOKUP("E"&A37,'EXP DIRECTOR'!$A$6:$L$1269,8,0),"") -> SI | U37: NA | V37: =IF(OR(C37="EXCLUÍDO",C37="RECHAZADO"),"NO",IF(OR(U37="SI",U37="NA"),"SI","")) -> SI | W37: =IFERROR(IF(VLOOKUP("D"&A37,'EXP DIRECTOR'!$A$6:$L$1269,8,0)="SI",200,0),0) -> 200 | Y37: =IF(VLOOKUP("F"&A37,'EXP DIRECTOR'!$A$6:$L$1269,8,0)="SI","SI","NA") -> NA | AA37: =IF(L37="","",CONCATENATE(P37,".",Q37)) -> 7.23
A38: =1+A37 -> 24 | B38: CIVILTEC INGENIEROS LTDA | C38: =IF($B38="","",IFERROR(VLOOKUP($A38,'EXP HABILITANTE'!$A:$I,9,0),"")) -> HÁBIL | D38: RECHAZADO | F38: =IFERROR(IF(E38="","",ABS($C$9-E38)),"") | H38: =IF(D38<>"HÁBIL","",IF(IFERROR(IF(AND($T38="SI",$V38="SI"),W38+X38,0),"Verificar")=0,"",IFERROR(IF(AND($T38="SI",$V38="SI"),W38,0),"Verificar"))) | I38: =IF(SUM(G38:H38)=0,"",SUM(G38:H38)) | L38: =IF(OR($C$5="",SUM(I38:K38)=0),"",SUM(I38:K38)) | M38: =IF(OR(SUM(G38:H38)<700,D38<>"HÁBIL"),"NO ELEGIBLE",L38) -> NO ELEGIBLE | N38: =+A38/100000 -> 0.00024 | O38: =+IF(OR(ISTEXT(M38),M38=""),0-N38,M38-N38) -> -0.00024 | P38: =+RANK(O38,$O$15:$O$69,0) -> 27 | Q38: =+A38 -> 24 | S38: =IF(VLOOKUP(A38,'EXP DIRECTOR'!$A$6:$L$1269,12,0)="","",ROUND(VLOOKUP(A38,'EXP DIRECTOR'!$A$6:$L$1269,12,0),2)) -> 28 | T38: =IFERROR(VLOOKUP("E"&A38,'EXP DIRECTOR'!$A$6:$L$1269,8,0),"") -> NO | U38: NA | V38: =IF(OR(C38="EXCLUÍDO",C38="RECHAZADO"),"NO",IF(OR(U38="SI",U38="NA"),"SI","")) -> SI | W38: =IFERROR(IF(VLOOKUP("D"&A38,'EXP DIRECTOR'!$A$6:$L$1269,8,0)="SI",200,0),0) -> 200 | Y38: =IF(VLOOKUP("F"&A38,'EXP DIRECTOR'!$A$6:$L$1269,8,0)="SI","SI","NA") -> NA | AA38: =IF(L38="","",CONCATENATE(P38,".",Q38))
A39: =1+A38 -> 25 | B39: ARQUICIVILES CONSTRUCTORA SAS | C39: =IF($B39="","",IFERROR(VLOOKUP($A39,'EXP HABILITANTE'!$A:$I,9,0),"")) -> HÁBIL | D39: HÁBIL | E39: 123.118 | F39: =IFERROR(IF(E39="","",ABS($C$9-E39)),"") -> 10.956 | G39: 633.942 | H39: =IF(D39<>"HÁBIL","",IF(IFERROR(IF(AND($T39="SI",$V39="SI"),W39+X39,0),"Verificar")=0,"",IFERROR(IF(AND($T39="SI",$V39="SI"),W39,0),"Verificar"))) | I39: =IF(SUM(G39:H39)=0,"",SUM(G39:H39)) -> 633.942 | J39: 100 | K39: 10 | L39: =IF(OR($C$5="",SUM(I39:K39)=0),"",SUM(I39:K39)) -> 743.942 | M39: =IF(OR(SUM(G39:H39)<700,D39<>"HÁBIL"),"NO ELEGIBLE",L39) -> NO ELEGIBLE | N39: =+A39/100000 -> 0.00025 | O39: =+IF(OR(ISTEXT(M39),M39=""),0-N39,M39-N39) -> -0.00025 | P39: =+RANK(O39,$O$15:$O$69,0) -> 28 | Q39: =+A39 -> 25 | S39: =IF(VLOOKUP(A39,'EXP DIRECTOR'!$A$6:$L$1269,12,0)="","",ROUND(VLOOKUP(A39,'EXP DIRECTOR'!$A$6:$L$1269,12,0),2)) -> 16 | T39: =IFERROR(VLOOKUP("E"&A39,'EXP DIRECTOR'!$A$6:$L$1269,8,0),"") -> NO | U39: NA | V39: =IF(OR(C39="EXCLUÍDO",C39="RECHAZADO"),"NO",IF(OR(U39="SI",U39="NA"),"SI","")) -> SI | W39: =IFERROR(IF(VLOOKUP("D"&A39,'EXP DIRECTOR'!$A$6:$L$1269,8,0)="SI",200,0),0) -> 200 | Y39: =IF(VLOOKUP("F"&A39,'EXP DIRECTOR'!$A$6:$L$1269,8,0)="SI","SI","NA") -> NA | AA39: =IF(L39="","",CONCATENATE(P39,".",Q39)) -> 28.25
A40: =1+A39 -> 26 | B40: CONSORCIO E&D ORIENTE | C40: =IF($B40="","",IFERROR(VLOOKUP($A40,'EXP HABILITANTE'!$A:$I,9,0),"")) -> HÁBIL | D40: HÁBIL | E40: 133.97 | F40: =IFERROR(IF(E40="","",ABS($C$9-E40)),"") -> 0.104 | G40: 689.82 | H40: =IF(D40<>"HÁBIL","",IF(IFERROR(IF(AND($T40="SI",$V40="SI"),W40+X40,0),"Verificar")=0,"",IFERROR(IF(AND($T40="SI",$V40="SI"),W40,0),"Verificar"))) | I40: =IF(SUM(G40:H40)=0,"",SUM(G40:H40)) -> 689.82 | J40: 100 | K40: 10 | L40: =IF(OR($C$5="",SUM(I40:K40)=0),"",SUM(I40:K40)) -> 799.82 | M40: =IF(OR(SUM(G40:H40)<700,D40<>"HÁBIL"),"NO ELEGIBLE",L40) -> NO ELEGIBLE | N40: =+A40/100000 -> 0.00026 | O40: =+IF(OR(ISTEXT(M40),M40=""),0-N40,M40-N40) -> -0.00026 | P40: =+RANK(O40,$O$15:$O$69,0) -> 29 | Q40: =+A40 -> 26 | S40: =IF(VLOOKUP(A40,'EXP DIRECTOR'!$A$6:$L$1269,12,0)="","",ROUND(VLOOKUP(A40,'EXP DIRECTOR'!$A$6:$L$1269,12,0),2)) -> 25 | T40: =IFERROR(VLOOKUP("E"&A40,'EXP DIRECTOR'!$A$6:$L$1269,8,0),"") -> NO | U40: NA | V40: =IF(OR(C40="EXCLUÍDO",C40="RECHAZADO"),"NO",IF(OR(U40="SI",U40="NA"),"SI","")) -> SI | W40: =IFERROR(IF(VLOOKUP("D"&A40,'EXP DIRECTOR'!$A$6:$L$1269,8,0)="SI",200,0),0) -> 200 | Y40: =IF(VLOOKUP("F"&A40,'EXP DIRECTOR'!$A$6:$L$1269,8,0)="SI","SI","NA") -> NA | AA40: =IF(L40="","",CONCATENATE(P40,".",Q40)) -> 29.26
A41: =1+A40 -> 27 | B41: CONSORCIO RED VIAL | C41: =IF($B41="","",IFERROR(VLOOKUP($A41,'EXP HABILITANTE'!$A:$I,9,0),"")) -> NO HÁBIL | D41: RECHAZADO | F41: =IFERROR(IF(E41="","",ABS($C$9-E41)),"") | H41: =IF(D41<>"HÁBIL","",IF(IFERROR(IF(AND($T41="SI",$V41="SI"),W41+X41,0),"Verificar")=0,"",IFERROR(IF(AND($T41="SI",$V41="SI"),W41,0),"Verificar"))) | I41: =IF(SUM(G41:H41)=0,"",SUM(G41:H41)) | L41: =IF(OR($C$5="",SUM(I41:K41)=0),"",SUM(I41:K41)) | M41: =IF(OR(SUM(G41:H41)<700,D41<>"HÁBIL"),"NO ELEGIBLE",L41) -> NO ELEGIBLE | N41: =+A41/100000 -> 0.00027 | O41: =+IF(OR(ISTEXT(M41),M41=""),0-N41,M41-N41) -> -0.00027 | P41: =+RANK(O41,$O$15:$O$69,0) -> 30 | Q41: =+A41 -> 27 | S41: =IF(VLOOKUP(A41,'EXP DIRECTOR'!$A$6:$L$1269,12,0)="","",ROUND(VLOOKUP(A41,'EXP DIRECTOR'!$A$6:$L$1269,12,0),2)) -> 20 | T41: =IFERROR(VLOOKUP("E"&A41,'EXP DIRECTOR'!$A$6:$L$1269,8,0),"") -> NO | U41: NA | V41: =IF(OR(C41="EXCLUÍDO",C41="RECHAZADO"),"NO",IF(OR(U41="SI",U41="NA"),"SI","")) -> SI | W41: =IFERROR(IF(VLOOKUP("D"&A41,'EXP DIRECTOR'!$A$6:$L$1269,8,0)="SI",200,0),0) -> 200 | Y41: =IF(VLOOKUP("F"&A41,'EXP DIRECTOR'!$A$6:$L$1269,8,0)="SI","SI","NA") -> NA | AA41: =IF(L41="","",CONCATENATE(P41,".",Q41))
A42: =1+A41 -> 28 | B42: CONSORCIO INTERVIAS ORIENTE | C42: =IF($B42="","",IFERROR(VLOOKUP($A42,'EXP HABILITANTE'!$A:$I,9,0),"")) -> HÁBIL | D42: HÁBIL | E42: 126.597 | F42: =IFERROR(IF(E42="","",ABS($C$9-E42)),"") -> 7.477 | G42: 651.856 | H42: =IF(D42<>"HÁBIL","",IF(IFERROR(IF(AND($T42="SI",$V42="SI"),W42+X42,0),"Verificar")=0,"",IFERROR(IF(AND($T42="SI",$V42="SI"),W42,0),"Verificar"))) -> 200 | I42: =IF(SUM(G42:H42)=0,"",SUM(G42:H42)) -> 851.856 | J42: 100 | K42: 10 | L42: =IF(OR($C$5="",SUM(I42:K42)=0),"",SUM(I42:K42)) -> 961.856 | M42: =IF(OR(SUM(G42:H42)<700,D42<>"HÁBIL"),"NO ELEGIBLE",L42) -> 961.856 | N42: =+A42/100000 -> 0.00028 | O42: =+IF(OR(ISTEXT(M42),M42=""),0-N42,M42-N42) -> 961.85572 | P42: =+RANK(O42,$O$15:$O$69,0) -> 9 | Q42: =+A42 -> 28 | S42: =IF(VLOOKUP(A42,'EXP DIRECTOR'!$A$6:$L$1269,12,0)="","",ROUND(VLOOKUP(A42,'EXP DIRECTOR'!$A$6:$L$1269,12,0),2)) -> 32 | T42: =IFERROR(VLOOKUP("E"&A42,'EXP DIRECTOR'!$A$6:$L$1269,8,0),"") -> SI | U42: NA | V42: =IF(OR(C42="EXCLUÍDO",C42="RECHAZADO"),"NO",IF(OR(U42="SI",U42="NA"),"SI","")) -> SI | W42: =IFERROR(IF(VLOOKUP("D"&A42,'EXP DIRECTOR'!$A$6:$L$1269,8,0)="SI",200,0),0) -> 200 | Y42: =IF(VLOOKUP("F"&A42,'EXP DIRECTOR'!$A$6:$L$1269,8,0)="SI","SI","NA") -> NA | AA42: =IF(L42="","",CONCATENATE(P42,".",Q42)) -> 9.28
A43: =1+A42 -> 29 | B43: CONSORCIO CCE ORIENTE | C43: =IF($B43="","",IFERROR(VLOOKUP($A43,'EXP HABILITANTE'!$A:$I,9,0),"")) -> HÁBIL | D43: HÁBIL | E43: 134.485 | F43: =IFERROR(IF(E43="","",ABS($C$9-E43)),"") -> 0.411 | G43: 687.528 | H43: =IF(D43<>"HÁBIL","",IF(IFERROR(IF(AND($T43="SI",$V43="SI"),W43+X43,0),"Verificar")=0,"",IFERROR(IF(AND($T43="SI",$V43="SI"),W43,0),"Verificar"))) -> 200 | I43: =IF(SUM(G43:H43)=0,"",SUM(G43:H43)) -> 887.528 | J43: 100 | K43: 10 | L43: =IF(OR($C$5="",SUM(I43:K43)=0),"",SUM(I43:K43)) -> 997.528 | M43: =IF(OR(SUM(G43:H43)<700,D43<>"HÁBIL"),"NO ELEGIBLE",L43) -> 997.528 | N43: =+A43/100000 -> 0.00029 | O43: =+IF(OR(ISTEXT(M43),M43=""),0-N43,M43-N43) -> 997.52771 | P43: =+RANK(O43,$O$15:$O$69,0) -> 4 | Q43: =+A43 -> 29 | S43: =IF(VLOOKUP(A43,'EXP DIRECTOR'!$A$6:$L$1269,12,0)="","",ROUND(VLOOKUP(A43,'EXP DIRECTOR'!$A$6:$L$1269,12,0),2)) -> 15 | T43: =IFERROR(VLOOKUP("E"&A43,'EXP DIRECTOR'!$A$6:$L$1269,8,0),"") -> SI | U43: NA | V43: =IF(OR(C43="EXCLUÍDO",C43="RECHAZADO"),"NO",IF(OR(U43="SI",U43="NA"),"SI","")) -> SI | W43: =IFERROR(IF(VLOOKUP("D"&A43,'EXP DIRECTOR'!$A$6:$L$1269,8,0)="SI",200,0),0) -> 200 | Y43: =IF(VLOOKUP("F"&A43,'EXP DIRECTOR'!$A$6:$L$1269,8,0)="SI","SI","NA") -> NA | AA43: =IF(L43="","",CONCATENATE(P43,".",Q43)) -> 4.29
A44: =1+A43 -> 30 | B44: CONSORCIO INGP | C44: =IF($B44="","",IFERROR(VLOOKUP($A44,'EXP HABILITANTE'!$A:$I,9,0),"")) -> HÁBIL | D44: RECHAZADO | F44: =IFERROR(IF(E44="","",ABS($C$9-E44)),"") | H44: =IF(D44<>"HÁBIL","",IF(IFERROR(IF(AND($T44="SI",$V44="SI"),W44+X44,0),"Verificar")=0,"",IFERROR(IF(AND($T44="SI",$V44="SI"),W44,0),"Verificar"))) | I44: =IF(SUM(G44:H44)=0,"",SUM(G44:H44)) | L44: =IF(OR($C$5="",SUM(I44:K44)=0),"",SUM(I44:K44)) | M44: =IF(OR(SUM(G44:H44)<700,D44<>"HÁBIL"),"NO ELEGIBLE",L44) -> NO ELEGIBLE | N44: =+A44/100000 -> 0.0003 | O44: =+IF(OR(ISTEXT(M44),M44=""),0-N44,M44-N44) -> -0.0003 | P44: =+RANK(O44,$O$15:$O$69,0) -> 31 | Q44: =+A44 -> 30 | S44: =IF(VLOOKUP(A44,'EXP DIRECTOR'!$A$6:$L$1269,12,0)="","",ROUND(VLOOKUP(A44,'EXP DIRECTOR'!$A$6:$L$1269,12,0),2)) -> 52 | T44: =IFERROR(VLOOKUP("E"&A44,'EXP DIRECTOR'!$A$6:$L$1269,8,0),"") -> SI | U44: NA | V44: =IF(OR(C44="EXCLUÍDO",C44="RECHAZADO"),"NO",IF(OR(U44="SI",U44="NA"),"SI","")) -> SI | W44: =IFERROR(IF(VLOOKUP("D"&A44,'EXP DIRECTOR'!$A$6:$L$1269,8,0)="SI",200,0),0) -> 200 | Y44: =IF(VLOOKUP("F"&A44,'EXP DIRECTOR'!$A$6:$L$1269,8,0)="SI","SI","NA") -> NA | AA44: =IF(L44="","",CONCATENATE(P44,".",Q44))
A45: =1+A44 -> 31 | B45: SOCIEDAD TECNICA SOTA | C45: =IF($B45="","",IFERROR(VLOOKUP($A45,'EXP HABILITANTE'!$A:$I,9,0),"")) -> HÁBIL | D45: HÁBIL | E45: 188.782 | F45: =IFERROR(IF(E45="","",ABS($C$9-E45)),"") -> 54.708 | G45: 407.95 | H45: =IF(D45<>"HÁBIL","",IF(IFERROR(IF(AND($T45="SI",$V45="SI"),W45+X45,0),"Verificar")=0,"",IFERROR(IF(AND($T45="SI",$V45="SI"),W45,0),"Verificar"))) -> 200 | I45: =IF(SUM(G45:H45)=0,"",SUM(G45:H45)) -> 607.95 | J45: 100 | K45: 10 | L45: =IF(OR($C$5="",SUM(I45:K45)=0),"",SUM(I45:K45)) -> 717.95 | M45: =IF(OR(SUM(G45:H45)<700,D45<>"HÁBIL"),"NO ELEGIBLE",L45) -> NO ELEGIBLE | N45: =+A45/100000 -> 0.00031 | O45: =+IF(OR(ISTEXT(M45),M45=""),0-N45,M45-N45) -> -0.00031 | P45: =+RANK(O45,$O$15:$O$69,0) -> 32 | Q45: =+A45 -> 31 | S45: =IF(VLOOKUP(A45,'EXP DIRECTOR'!$A$6:$L$1269,12,0)="","",ROUND(VLOOKUP(A45,'EXP DIRECTOR'!$A$6:$L$1269,12,0),2)) -> 24 | T45: =IFERROR(VLOOKUP("E"&A45,'EXP DIRECTOR'!$A$6:$L$1269,8,0),"") -> SI | U45: NA | V45: =IF(OR(C45="EXCLUÍDO",C45="RECHAZADO"),"NO",IF(OR(U45="SI",U45="NA"),"SI","")) -> SI | W45: =IFERROR(IF(VLOOKUP("D"&A45,'EXP DIRECTOR'!$A$6:$L$1269,8,0)="SI",200,0),0) -> 200 | Y45: =IF(VLOOKUP("F"&A45,'EXP DIRECTOR'!$A$6:$L$1269,8,0)="SI","SI","NA") -> NA | AA45: =IF(L45="","",CONCATENATE(P45,".",Q45)) -> 32.31
A46: =1+A45 -> 32 | B46: CONSORCIO ORIENTE 2020 | C46: =IF($B46="","",IFERROR(VLOOKUP($A46,'EXP HABILITANTE'!$A:$I,9,0),"")) -> HÁBIL | D46: HÁBIL | E46: 118.481 | F46: =IFERROR(IF(E46="","",ABS($C$9-E46)),"") -> 15.593 | G46: 610.066 | H46: =IF(D46<>"HÁBIL","",IF(IFERROR(IF(AND($T46="SI",$V46="SI"),W46+X46,0),"Verificar")=0,"",IFERROR(IF(AND($T46="SI",$V46="SI"),W46,0),"Verificar"))) -> 200 | I46: =IF(SUM(G46:H46)=0,"",SUM(G46:H46)) -> 810.066 | J46: 100 | K46: 10 | L46: =IF(OR($C$5="",SUM(I46:K46)=0),"",SUM(I46:K46)) -> 920.066 | M46: =IF(OR(SUM(G46:H46)<700,D46<>"HÁBIL"),"NO ELEGIBLE",L46) -> 920.066 | N46: =+A46/100000 -> 0.00032 | O46: =+IF(OR(ISTEXT(M46),M46=""),0-N46,M46-N46) -> 920.06568 | P46: =+RANK(O46,$O$15:$O$69,0) -> 18 | Q46: =+A46 -> 32 | S46: =IF(VLOOKUP(A46,'EXP DIRECTOR'!$A$6:$L$1269,12,0)="","",ROUND(VLOOKUP(A46,'EXP DIRECTOR'!$A$6:$L$1269,12,0),2)) -> 30 | T46: =IFERROR(VLOOKUP("E"&A46,'EXP DIRECTOR'!$A$6:$L$1269,8,0),"") -> SI | U46: NA | V46: =IF(OR(C46="EXCLUÍDO",C46="RECHAZADO"),"NO",IF(OR(U46="SI",U46="NA"),"SI","")) -> SI | W46: =IFERROR(IF(VLOOKUP("D"&A46,'EXP DIRECTOR'!$A$6:$L$1269,8,0)="SI",200,0),0) -> 200 | Y46: =IF(VLOOKUP("F"&A46,'EXP DIRECTOR'!$A$6:$L$1269,8,0)="SI","SI","NA") -> NA | AA46: =IF(L46="","",CONCATENATE(P46,".",Q46)) -> 18.32
A47: =1+A46 -> 33 | B47: GOMEZ CAJIAO Y ASOCIADOS SAS | C47: =IF($B47="","",IFERROR(VLOOKUP($A47,'EXP HABILITANTE'!$A:$I,9,0),"")) -> HÁBIL | D47: HÁBIL | E47: 171.449 | F47: =IFERROR(IF(E47="","",ABS($C$9-E47)),"") -> 37.375 | G47: 497.199 | H47: =IF(D47<>"HÁBIL","",IF(IFERROR(IF(AND($T47="SI",$V47="SI"),W47+X47,0),"Verificar")=0,"",IFERROR(IF(AND($T47="SI",$V47="SI"),W47,0),"Verificar"))) | I47: =IF(SUM(G47:H47)=0,"",SUM(G47:H47)) -> 497.199 | J47: 100 | K47: 0 | L47: =IF(OR($C$5="",SUM(I47:K47)=0),"",SUM(I47:K47)) -> 597.199 | M47: =IF(OR(SUM(G47:H47)<700,D47<>"HÁBIL"),"NO ELEGIBLE",L47) -> NO ELEGIBLE | N47: =+A47/100000 -> 0.00033 | O47: =+IF(OR(ISTEXT(M47),M47=""),0-N47,M47-N47) -> -0.00033 | P47: =+RANK(O47,$O$15:$O$69,0) -> 33 | Q47: =+A47 -> 33 | S47: =IF(VLOOKUP(A47,'EXP DIRECTOR'!$A$6:$L$1269,12,0)="","",ROUND(VLOOKUP(A47,'EXP DIRECTOR'!$A$6:$L$1269,12,0),2)) -> 19 | T47: =IFERROR(VLOOKUP("E"&A47,'EXP DIRECTOR'!$A$6:$L$1269,8,0),"") -> NO | U47: NA | V47: =IF(OR(C47="EXCLUÍDO",C47="RECHAZADO"),"NO",IF(OR(U47="SI",U47="NA"),"SI","")) -> SI | W47: =IFERROR(IF(VLOOKUP("D"&A47,'EXP DIRECTOR'!$A$6:$L$1269,8,0)="SI",200,0),0) -> 200 | Y47: =IF(VLOOKUP("F"&A47,'EXP DIRECTOR'!$A$6:$L$1269,8,0)="SI","SI","NA") -> NA | AA47: =IF(L47="","",CONCATENATE(P47,".",Q47)) -> 33.33
A48: =1+A47 -> 34 | C48: =IF($B48="","",IFERROR(VLOOKUP($A48,'EXP HABILITANTE'!$A:$I,9,0),"")) | F48: =IFERROR(IF(E48="","",ABS($C$9-E48)),"") | H48: =IF(D48<>"HÁBIL","",IF(IFERROR(IF(AND($T48="SI",$V48="SI"),W48+X48,0),"Verificar")=0,"",IFERROR(IF(AND($T48="SI",$V48="SI"),W48,0),"Verificar"))) | I48: =IF(SUM(G48:H48)=0,"",SUM(G48:H48)) | L48: =IF(OR($C$5="",SUM(I48:K48)=0),"",SUM(I48:K48)) | M48: =IF(OR(SUM(G48:H48)<700,D48<>"HÁBIL"),"NO ELEGIBLE",L48) -> NO ELEGIBLE | N48: =+A48/100000 -> 0.00034 | O48: =+IF(OR(ISTEXT(M48),M48=""),0-N48,M48-N48) -> -0.00034 | P48: =+RANK(O48,$O$15:$O$69,0) -> 34 | Q48: =+A48 -> 34 | S48: =IF(VLOOKUP(A48,'EXP DIRECTOR'!$A$6:$L$1269,12,0)="","",ROUND(VLOOKUP(A48,'EXP DIRECTOR'!$A$6:$L$1269,12,0),2)) | T48: =IFERROR(VLOOKUP("E"&A48,'EXP DIRECTOR'!$A$6:$L$1269,8,0),"") | U48: NA | V48: =IF(OR(C48="EXCLUÍDO",C48="RECHAZADO"),"NO",IF(OR(U48="SI",U48="NA"),"SI","")) -> SI | W48: =IFERROR(IF(VLOOKUP("D"&A48,'EXP DIRECTOR'!$A$6:$L$1269,8,0)="SI",200,0),0) -> 0 | Y48: =IF(VLOOKUP("F"&A48,'EXP DIRECTOR'!$A$6:$L$1269,8,0)="SI","SI","NA") -> NA | AA48: =IF(L48="","",CONCATENATE(P48,".",Q48))
A49: =1+A48 -> 35 | C49: =IF($B49="","",IFERROR(VLOOKUP($A49,'EXP HABILITANTE'!$A:$I,9,0),"")) | F49: =IFERROR(IF(E49="","",ABS($C$9-E49)),"") | H49: =IF(D49<>"HÁBIL","",IF(IFERROR(IF(AND($T49="SI",$V49="SI"),W49+X49,0),"Verificar")=0,"",IFERROR(IF(AND($T49="SI",$V49="SI"),W49,0),"Verificar"))) | I49: =IF(SUM(G49:H49)=0,"",SUM(G49:H49)) | L49: =IF(OR($C$5="",SUM(I49:K49)=0),"",SUM(I49:K49)) | M49: =IF(OR(SUM(G49:H49)<700,D49<>"HÁBIL"),"NO ELEGIBLE",L49) -> NO ELEGIBLE | N49: =+A49/100000 -> 0.00035 | O49: =+IF(OR(ISTEXT(M49),M49=""),0-N49,M49-N49) -> -0.00035 | P49: =+RANK(O49,$O$15:$O$69,0) -> 35 | Q49: =+A49 -> 35 | S49: =IF(VLOOKUP(A49,'EXP DIRECTOR'!$A$6:$L$1269,12,0)="","",ROUND(VLOOKUP(A49,'EXP DIRECTOR'!$A$6:$L$1269,12,0),2)) | T49: =IFERROR(VLOOKUP("E"&A49,'EXP DIRECTOR'!$A$6:$L$1269,8,0),"") | U49: NA | V49: =IF(OR(C49="EXCLUÍDO",C49="RECHAZADO"),"NO",IF(OR(U49="SI",U49="NA"),"SI","")) -> SI | W49: =IFERROR(IF(VLOOKUP("D"&A49,'EXP DIRECTOR'!$A$6:$L$1269,8,0)="SI",200,0),0) -> 0 | Y49: =IF(VLOOKUP("F"&A49,'EXP DIRECTOR'!$A$6:$L$1269,8,0)="SI","SI","NA") -> NA | AA49: =IF(L49="","",CONCATENATE(P49,".",Q49))
A50: =1+A49 -> 36 | C50: =IF($B50="","",IFERROR(VLOOKUP($A50,'EXP HABILITANTE'!$A:$I,9,0),"")) | F50: =IFERROR(IF(E50="","",ABS($C$9-E50)),"") | H50: =IF(D50<>"HÁBIL","",IF(IFERROR(IF(AND($T50="SI",$V50="SI"),W50+X50,0),"Verificar")=0,"",IFERROR(IF(AND($T50="SI",$V50="SI"),W50,0),"Verificar"))) | I50: =IF(SUM(G50:H50)=0,"",SUM(G50:H50)) | L50: =IF(OR($C$5="",SUM(I50:K50)=0),"",SUM(I50:K50)) | M50: =IF(OR(SUM(G50:H50)<700,D50<>"HÁBIL"),"NO ELEGIBLE",L50) -> NO ELEGIBLE | N50: =+A50/100000 -> 0.00036 | O50: =+IF(OR(ISTEXT(M50),M50=""),0-N50,M50-N50) -> -0.00036 | P50: =+RANK(O50,$O$15:$O$69,0) -> 36 | Q50: =+A50 -> 36 | S50: =IF(VLOOKUP(A50,'EXP DIRECTOR'!$A$6:$L$1269,12,0)="","",ROUND(VLOOKUP(A50,'EXP DIRECTOR'!$A$6:$L$1269,12,0),2)) | T50: =IFERROR(VLOOKUP("E"&A50,'EXP DIRECTOR'!$A$6:$L$1269,8,0),"") | U50: NA | V50: =IF(OR(C50="EXCLUÍDO",C50="RECHAZADO"),"NO",IF(OR(U50="SI",U50="NA"),"SI","")) -> SI | W50: =IFERROR(IF(VLOOKUP("D"&A50,'EXP DIRECTOR'!$A$6:$L$1269,8,0)="SI",200,0),0) -> 0 | Y50: =IF(VLOOKUP("F"&A50,'EXP DIRECTOR'!$A$6:$L$1269,8,0)="SI","SI","NA") -> NA | AA50: =IF(L50="","",CONCATENATE(P50,".",Q50))
A51: =1+A50 -> 37 | C51: =IF($B51="","",IFERROR(VLOOKUP($A51,'EXP HABILITANTE'!$A:$I,9,0),"")) | F51: =IFERROR(IF(E51="","",ABS($C$9-E51)),"") | H51: =IF(D51<>"HÁBIL","",IF(IFERROR(IF(AND($T51="SI",$V51="SI"),W51+X51,0),"Verificar")=0,"",IFERROR(IF(AND($T51="SI",$V51="SI"),W51,0),"Verificar"))) | I51: =IF(SUM(G51:H51)=0,"",SUM(G51:H51)) | L51: =IF(OR($C$5="",SUM(I51:K51)=0),"",SUM(I51:K51)) | M51: =IF(OR(SUM(G51:H51)<700,D51<>"HÁBIL"),"NO ELEGIBLE",L51) -> NO ELEGIBLE | N51: =+A51/100000 -> 0.00037 | O51: =+IF(OR(ISTEXT(M51),M51=""),0-N51,M51-N51) -> -0.00037 | P51: =+RANK(O51,$O$15:$O$69,0) -> 37 | Q51: =+A51 -> 37 | S51: =IF(VLOOKUP(A51,'EXP DIRECTOR'!$A$6:$L$1269,12,0)="","",ROUND(VLOOKUP(A51,'EXP DIRECTOR'!$A$6:$L$1269,12,0),2)) | T51: =IFERROR(VLOOKUP("E"&A51,'EXP DIRECTOR'!$A$6:$L$1269,8,0),"") | U51: NA | V51: =IF(OR(C51="EXCLUÍDO",C51="RECHAZADO"),"NO",IF(OR(U51="SI",U51="NA"),"SI","")) -> SI | W51: =IFERROR(IF(VLOOKUP("D"&A51,'EXP DIRECTOR'!$A$6:$L$1269,8,0)="SI",200,0),0) -> 0 | Y51: =IF(VLOOKUP("F"&A51,'EXP DIRECTOR'!$A$6:$L$1269,8,0)="SI","SI","NA") -> NA | AA51: =IF(L51="","",CONCATENATE(P51,".",Q51))
A52: =1+A51 -> 38 | C52: =IF($B52="","",IFERROR(VLOOKUP($A52,'EXP HABILITANTE'!$A:$I,9,0),"")) | F52: =IFERROR(IF(E52="","",ABS($C$9-E52)),"") | H52: =IF(D52<>"HÁBIL","",IF(IFERROR(IF(AND($T52="SI",$V52="SI"),W52+X52,0),"Verificar")=0,"",IFERROR(IF(AND($T52="SI",$V52="SI"),W52,0),"Verificar"))) | I52: =IF(SUM(G52:H52)=0,"",SUM(G52:H52)) | L52: =IF(OR($C$5="",SUM(I52:K52)=0),"",SUM(I52:K52)) | M52: =IF(OR(SUM(G52:H52)<700,D52<>"HÁBIL"),"NO ELEGIBLE",L52) -> NO ELEGIBLE | N52: =+A52/100000 -> 0.00038 | O52: =+IF(OR(ISTEXT(M52),M52=""),0-N52,M52-N52) -> -0.00038 | P52: =+RANK(O52,$O$15:$O$69,0) -> 38 | Q52: =+A52 -> 38 | S52: =IF(VLOOKUP(A52,'EXP DIRECTOR'!$A$6:$L$1269,12,0)="","",ROUND(VLOOKUP(A52,'EXP DIRECTOR'!$A$6:$L$1269,12,0),2)) | T52: =IFERROR(VLOOKUP("E"&A52,'EXP DIRECTOR'!$A$6:$L$1269,8,0),"") | U52: NA | V52: =IF(OR(C52="EXCLUÍDO",C52="RECHAZADO"),"NO",IF(OR(U52="SI",U52="NA"),"SI","")) -> SI | W52: =IFERROR(IF(VLOOKUP("D"&A52,'EXP DIRECTOR'!$A$6:$L$1269,8,0)="SI",200,0),0) -> 0 | Y52: =IF(VLOOKUP("F"&A52,'EXP DIRECTOR'!$A$6:$L$1269,8,0)="SI","SI","NA") -> NA | AA52: =IF(L52="","",CONCATENATE(P52,".",Q52))
A53: =1+A52 -> 39 | C53: =IF($B53="","",IFERROR(VLOOKUP($A53,'EXP HABILITANTE'!$A:$I,9,0),"")) | F53: =IFERROR(IF(E53="","",ABS($C$9-E53)),"") | H53: =IF(D53<>"HÁBIL","",IF(IFERROR(IF(AND($T53="SI",$V53="SI"),W53+X53,0),"Verificar")=0,"",IFERROR(IF(AND($T53="SI",$V53="SI"),W53,0),"Verificar"))) | I53: =IF(SUM(G53:H53)=0,"",SUM(G53:H53)) | L53: =IF(OR($C$5="",SUM(I53:K53)=0),"",SUM(I53:K53)) | M53: =IF(OR(SUM(G53:H53)<700,D53<>"HÁBIL"),"NO ELEGIBLE",L53) -> NO ELEGIBLE | N53: =+A53/100000 -> 0.00039 | O53: =+IF(OR(ISTEXT(M53),M53=""),0-N53,M53-N53) -> -0.00039 | P53: =+RANK(O53,$O$15:$O$69,0) -> 39 | Q53: =+A53 -> 39 | S53: =IF(VLOOKUP(A53,'EXP DIRECTOR'!$A$6:$L$1269,12,0)="","",ROUND(VLOOKUP(A53,'EXP DIRECTOR'!$A$6:$L$1269,12,0),2)) | T53: =IFERROR(VLOOKUP("E"&A53,'EXP DIRECTOR'!$A$6:$L$1269,8,0),"") | U53: NA | V53: =IF(OR(C53="EXCLUÍDO",C53="RECHAZADO"),"NO",IF(OR(U53="SI",U53="NA"),"SI","")) -> SI | W53: =IFERROR(IF(VLOOKUP("D"&A53,'EXP DIRECTOR'!$A$6:$L$1269,8,0)="SI",200,0),0) -> 0 | Y53: =IF(VLOOKUP("F"&A53,'EXP DIRECTOR'!$A$6:$L$1269,8,0)="SI","SI","NA") -> NA | AA53: =IF(L53="","",CONCATENATE(P53,".",Q53))
A54: =1+A53 -> 40 | C54: =IF($B54="","",IFERROR(VLOOKUP($A54,'EXP HABILITANTE'!$A:$I,9,0),"")) | F54: =IFERROR(IF(E54="","",ABS($C$9-E54)),"") | H54: =IF(D54<>"HÁBIL","",IF(IFERROR(IF(AND($T54="SI",$V54="SI"),W54+X54,0),"Verificar")=0,"",IFERROR(IF(AND($T54="SI",$V54="SI"),W54,0),"Verificar"))) | I54: =IF(SUM(G54:H54)=0,"",SUM(G54:H54)) | L54: =IF(OR($C$5="",SUM(I54:K54)=0),"",SUM(I54:K54)) | M54: =IF(OR(SUM(G54:H54)<700,D54<>"HÁBIL"),"NO ELEGIBLE",L54) -> NO ELEGIBLE | N54: =+A54/100000 -> 0.0004 | O54: =+IF(OR(ISTEXT(M54),M54=""),0-N54,M54-N54) -> -0.0004 | P54: =+RANK(O54,$O$15:$O$69,0) -> 40 | Q54: =+A54 -> 40 | S54: =IF(VLOOKUP(A54,'EXP DIRECTOR'!$A$6:$L$1269,12,0)="","",ROUND(VLOOKUP(A54,'EXP DIRECTOR'!$A$6:$L$1269,12,0),2)) | T54: =IFERROR(VLOOKUP("E"&A54,'EXP DIRECTOR'!$A$6:$L$1269,8,0),"") | U54: NA | V54: =IF(OR(C54="EXCLUÍDO",C54="RECHAZADO"),"NO",IF(OR(U54="SI",U54="NA"),"SI","")) -> SI | W54: =IFERROR(IF(VLOOKUP("D"&A54,'EXP DIRECTOR'!$A$6:$L$1269,8,0)="SI",200,0),0) -> 0 | Y54: =IF(VLOOKUP("F"&A54,'EXP DIRECTOR'!$A$6:$L$1269,8,0)="SI","SI","NA") -> NA | AA54: =IF(L54="","",CONCATENATE(P54,".",Q54))
A55: =1+A54 -> 41 | C55: =IF($B55="","",IFERROR(VLOOKUP($A55,'EXP HABILITANTE'!$A:$I,9,0),"")) | F55: =IFERROR(IF(E55="","",ABS($C$9-E55)),"") | H55: =IF(D55<>"HÁBIL","",IF(IFERROR(IF(AND($T55="SI",$V55="SI"),W55+X55,0),"Verificar")=0,"",IFERROR(IF(AND($T55="SI",$V55="SI"),W55,0),"Verificar"))) | I55: =IF(SUM(G55:H55)=0,"",SUM(G55:H55)) | L55: =IF(OR($C$5="",SUM(I55:K55)=0),"",SUM(I55:K55)) | M55: =IF(OR(SUM(G55:H55)<700,D55<>"HÁBIL"),"NO ELEGIBLE",L55) -> NO ELEGIBLE | N55: =+A55/100000 -> 0.00041 | O55: =+IF(OR(ISTEXT(M55),M55=""),0-N55,M55-N55) -> -0.00041 | P55: =+RANK(O55,$O$15:$O$69,0) -> 41 | Q55: =+A55 -> 41 | S55: =IF(VLOOKUP(A55,'EXP DIRECTOR'!$A$6:$L$1269,12,0)="","",ROUND(VLOOKUP(A55,'EXP DIRECTOR'!$A$6:$L$1269,12,0),2)) | T55: =IFERROR(VLOOKUP("E"&A55,'EXP DIRECTOR'!$A$6:$L$1269,8,0),"") | U55: NA | V55: =IF(OR(C55="EXCLUÍDO",C55="RECHAZADO"),"NO",IF(OR(U55="SI",U55="NA"),"SI","")) -> SI | W55: =IFERROR(IF(VLOOKUP("D"&A55,'EXP DIRECTOR'!$A$6:$L$1269,8,0)="SI",200,0),0) -> 0 | Y55: =IF(VLOOKUP("F"&A55,'EXP DIRECTOR'!$A$6:$L$1269,8,0)="SI","SI","NA") -> NA | AA55: =IF(L55="","",CONCATENATE(P55,".",Q55))
A56: =1+A55 -> 42 | C56: =IF($B56="","",IFERROR(VLOOKUP($A56,'EXP HABILITANTE'!$A:$I,9,0),"")) | F56: =IFERROR(IF(E56="","",ABS($C$9-E56)),"") | H56: =IF(D56<>"HÁBIL","",IF(IFERROR(IF(AND($T56="SI",$V56="SI"),W56+X56,0),"Verificar")=0,"",IFERROR(IF(AND($T56="SI",$V56="SI"),W56,0),"Verificar"))) | I56: =IF(SUM(G56:H56)=0,"",SUM(G56:H56)) | L56: =IF(OR($C$5="",SUM(I56:K56)=0),"",SUM(I56:K56)) | M56: =IF(OR(SUM(G56:H56)<700,D56<>"HÁBIL"),"NO ELEGIBLE",L56) -> NO ELEGIBLE | N56: =+A56/100000 -> 0.00042 | O56: =+IF(OR(ISTEXT(M56),M56=""),0-N56,M56-N56) -> -0.00042 | P56: =+RANK(O56,$O$15:$O$69,0) -> 42 | Q56: =+A56 -> 42 | S56: =IF(VLOOKUP(A56,'EXP DIRECTOR'!$A$6:$L$1269,12,0)="","",ROUND(VLOOKUP(A56,'EXP DIRECTOR'!$A$6:$L$1269,12,0),2)) | T56: =IFERROR(VLOOKUP("E"&A56,'EXP DIRECTOR'!$A$6:$L$1269,8,0),"") | U56: NA | V56: =IF(OR(C56="EXCLUÍDO",C56="RECHAZADO"),"NO",IF(OR(U56="SI",U56="NA"),"SI","")) -> SI | W56: =IFERROR(IF(VLOOKUP("D"&A56,'EXP DIRECTOR'!$A$6:$L$1269,8,0)="SI",200,0),0) -> 0 | Y56: =IF(VLOOKUP("F"&A56,'EXP DIRECTOR'!$A$6:$L$1269,8,0)="SI","SI","NA") -> NA | AA56: =IF(L56="","",CONCATENATE(P56,".",Q56))
A57: =1+A56 -> 43 | C57: =IF($B57="","",IFERROR(VLOOKUP($A57,'EXP HABILITANTE'!$A:$I,9,0),"")) | F57: =IFERROR(IF(E57="","",ABS($C$9-E57)),"") | H57: =IF(D57<>"HÁBIL","",IF(IFERROR(IF(AND($T57="SI",$V57="SI"),W57+X57,0),"Verificar")=0,"",IFERROR(IF(AND($T57="SI",$V57="SI"),W57,0),"Verificar"))) | I57: =IF(SUM(G57:H57)=0,"",SUM(G57:H57)) | L57: =IF(OR($C$5="",SUM(I57:K57)=0),"",SUM(I57:K57)) | M57: =IF(OR(SUM(G57:H57)<700,D57<>"HÁBIL"),"NO ELEGIBLE",L57) -> NO ELEGIBLE | N57: =+A57/100000 -> 0.00043 | O57: =+IF(OR(ISTEXT(M57),M57=""),0-N57,M57-N57) -> -0.00043 | P57: =+RANK(O57,$O$15:$O$69,0) -> 43 | Q57: =+A57 -> 43 | S57: =IF(VLOOKUP(A57,'EXP DIRECTOR'!$A$6:$L$1269,12,0)="","",ROUND(VLOOKUP(A57,'EXP DIRECTOR'!$A$6:$L$1269,12,0),2)) | T57: =IFERROR(VLOOKUP("E"&A57,'EXP DIRECTOR'!$A$6:$L$1269,8,0),"") | U57: NA | V57: =IF(OR(C57="EXCLUÍDO",C57="RECHAZADO"),"NO",IF(OR(U57="SI",U57="NA"),"SI","")) -> SI | W57: =IFERROR(IF(VLOOKUP("D"&A57,'EXP DIRECTOR'!$A$6:$L$1269,8,0)="SI",200,0),0) -> 0 | Y57: =IF(VLOOKUP("F"&A57,'EXP DIRECTOR'!$A$6:$L$1269,8,0)="SI","SI","NA") -> NA | AA57: =IF(L57="","",CONCATENATE(P57,".",Q57))
A58: =1+A57 -> 44 | C58: =IF($B58="","",IFERROR(VLOOKUP($A58,'EXP HABILITANTE'!$A:$I,9,0),"")) | F58: =IFERROR(IF(E58="","",ABS($C$9-E58)),"") | H58: =IF(D58<>"HÁBIL","",IF(IFERROR(IF(AND($T58="SI",$V58="SI"),W58+X58,0),"Verificar")=0,"",IFERROR(IF(AND($T58="SI",$V58="SI"),W58,0),"Verificar"))) | I58: =IF(SUM(G58:H58)=0,"",SUM(G58:H58)) | L58: =IF(OR($C$5="",SUM(I58:K58)=0),"",SUM(I58:K58)) | M58: =IF(OR(SUM(G58:H58)<700,D58<>"HÁBIL"),"NO ELEGIBLE",L58) -> NO ELEGIBLE | N58: =+A58/100000 -> 0.00044 | O58: =+IF(OR(ISTEXT(M58),M58=""),0-N58,M58-N58) -> -0.00044 | P58: =+RANK(O58,$O$15:$O$69,0) -> 44 | Q58: =+A58 -> 44 | S58: =IF(VLOOKUP(A58,'EXP DIRECTOR'!$A$6:$L$1269,12,0)="","",ROUND(VLOOKUP(A58,'EXP DIRECTOR'!$A$6:$L$1269,12,0),2)) | T58: =IFERROR(VLOOKUP("E"&A58,'EXP DIRECTOR'!$A$6:$L$1269,8,0),"") | U58: NA | V58: =IF(OR(C58="EXCLUÍDO",C58="RECHAZADO"),"NO",IF(OR(U58="SI",U58="NA"),"SI","")) -> SI | W58: =IFERROR(IF(VLOOKUP("D"&A58,'EXP DIRECTOR'!$A$6:$L$1269,8,0)="SI",200,0),0) -> 0 | Y58: =IF(VLOOKUP("F"&A58,'EXP DIRECTOR'!$A$6:$L$1269,8,0)="SI","SI","NA") -> NA | AA58: =IF(L58="","",CONCATENATE(P58,".",Q58))
A59: =1+A58 -> 45 | C59: =IF($B59="","",IFERROR(VLOOKUP($A59,'EXP HABILITANTE'!$A:$I,9,0),"")) | F59: =IFERROR(IF(E59="","",ABS($C$9-E59)),"") | H59: =IF(D59<>"HÁBIL","",IF(IFERROR(IF(AND($T59="SI",$V59="SI"),W59+X59,0),"Verificar")=0,"",IFERROR(IF(AND($T59="SI",$V59="SI"),W59,0),"Verificar"))) | I59: =IF(SUM(G59:H59)=0,"",SUM(G59:H59)) | L59: =IF(OR($C$5="",SUM(I59:K59)=0),"",SUM(I59:K59)) | M59: =IF(OR(SUM(G59:H59)<700,D59<>"HÁBIL"),"NO ELEGIBLE",L59) -> NO ELEGIBLE | N59: =+A59/100000 -> 0.00045 | O59: =+IF(OR(ISTEXT(M59),M59=""),0-N59,M59-N59) -> -0.00045 | P59: =+RANK(O59,$O$15:$O$69,0) -> 45 | Q59: =+A59 -> 45 | S59: =IF(VLOOKUP(A59,'EXP DIRECTOR'!$A$6:$L$1269,12,0)="","",ROUND(VLOOKUP(A59,'EXP DIRECTOR'!$A$6:$L$1269,12,0),2)) | T59: =IFERROR(VLOOKUP("E"&A59,'EXP DIRECTOR'!$A$6:$L$1269,8,0),"") | U59: NA | V59: =IF(OR(C59="EXCLUÍDO",C59="RECHAZADO"),"NO",IF(OR(U59="SI",U59="NA"),"SI","")) -> SI | W59: =IFERROR(IF(VLOOKUP("D"&A59,'EXP DIRECTOR'!$A$6:$L$1269,8,0)="SI",200,0),0) -> 0 | Y59: =IF(VLOOKUP("F"&A59,'EXP DIRECTOR'!$A$6:$L$1269,8,0)="SI","SI","NA") -> NA | AA59: =IF(L59="","",CONCATENATE(P59,".",Q59))
... A69: =1+A68 -> 55 | C69: =IF($B69="","",IFERROR(VLOOKUP($A69,'EXP HABILITANTE'!$A:$I,9,0),"")) | F69: =IFERROR(IF(E69="","",ABS($C$9-E69)),"") | H69: =IF(D69<>"HÁBIL","",IF(IFERROR(IF(AND($T69="SI",$V69="SI"),W69+X69,0),"Verificar")=0,"",IFERROR(IF(AND($T69="SI",$V69="SI"),W69,0),"Verificar"))) | I69: =IF(SUM(G69:H69)=0,"",SUM(G69:H69)) | L69: =IF(OR($C$5="",SUM(I69:K69)=0),"",SUM(I69:K69)) | M69: =IF(OR(SUM(G69:H69)<700,D69<>"HÁBIL"),"NO ELEGIBLE",L69) -> NO ELEGIBLE | N69: =+A69/100000 -> 0.00055 | O69: =+IF(OR(ISTEXT(M69),M69=""),0-N69,M69-N69) -> -0.00055 | P69: =+RANK(O69,$O$15:$O$69,0) -> 55 | Q69: =+A69 -> 55 | S69: =IF(VLOOKUP(A69,'EXP DIRECTOR'!$A$6:$L$1269,12,0)="","",ROUND(VLOOKUP(A69,'EXP DIRECTOR'!$A$6:$L$1269,12,0),2)) | T69: =IFERROR(VLOOKUP("E"&A69,'EXP DIRECTOR'!$A$6:$L$1269,8,0),"") | U69: NA | V69: =IF(OR(C69="EXCLUÍDO",C69="RECHAZADO"),"NO",IF(OR(U69="SI",U69="NA"),"SI","")) -> SI | W69: =IFERROR(IF(VLOOKUP("D"&A69,'EXP DIRECTOR'!$A$6:$L$1269,8,0)="SI",200,0),0) -> 0 | Y69: =IF(VLOOKUP("F"&A69,'EXP DIRECTOR'!$A$6:$L$1269,8,0)="SI","SI","NA") -> NA | AA69: =IF(L69="","",CONCATENATE(P69,".",Q69))
